Workbook
Name Above_ground: Lists!$B$231
Name Acid_sulphate_soil_liming_rate: 'Assumptions - General'!$C$38
Name Active_Mining_Area__Open_Cut_Void: 'Active Mining Area'!$B$6
Name Activity__Dams: #REF!
Name Activity__Dozer_Bulk_Push_per_LCM: #REF!
Name Activity__Dozer_Rip: #REF!
Name Activity__Grader_Rip_and_Trim: #REF!
Name Activity__Mobilisation___Exploration_and_Quarries: #REF!
Name Activity_Ameliorants: #REF!
Name Activity_Bores: #REF!
Name Activity_Buildings: #REF!
Name Activity_Capping: #REF!
Name Activity_Capping_Investigations_studies_closure_planning_design_and_engineering: #REF!
Name Activity_Care_and_Maintenance: #REF!
Name Activity_Clear_Vegetation_scrub: #REF!
Name Activity_Construct_crest_cell_and_crest_bunding: #REF!
Name Activity_Construct_Landform_and_other_drainage: #REF!
Name Activity_Construct_open_pit_abandonment_bunding__excavate_and_place: #REF!
Name Activity_Contaminated_Materials_Dispose_Off_site: #REF!
Name Activity_Contamination: #REF!
Name Activity_Conveyors: #REF!
Name Activity_Crush_concrete: #REF!
Name Activity_Demolish_concrete_hardstand: #REF!
Name Activity_Disconnect_Utilities_Demolish_and_remove_equipment: #REF!
Name Activity_Drill_and_Blast: #REF!
Name Activity_Excavate_Impacted_Soil_and_Stockpile: #REF!
Name Activity_facilities_sub_rates_large_items_skids_containers: #REF!
Name Activity_Fencing: #REF!
Name Activity_HAZMAT: #REF!
Name Activity_Heliostats_and_Panels: #REF!
Name Activity_Investigations__Operation_and_Maintenance__Testing: #REF!
Name Activity_Investigations_OM_testing: #REF!
Name Activity_Lattice_Structures_and_Ancillary_Facilities: #REF!
Name Activity_Linear_Structures_pipeline_and_cable_tray: #REF!
Name Activity_Load_and_Transport_Concrete: #REF!
Name Activity_Load_and_Transport_Oil: #REF!
Name Activity_Load_and_Transport_Water: #REF!
Name Activity_Load_haul_and_dump_soil_and_amendments: #REF!
Name Activity_Load_haul_dump_bitumen_stabilised_materials_concrete_small_fleet_dispose_onsite_void: #REF!
Name Activity_Load_haul_dump_concrete_solid_waste: #REF!
Name Activity_Load_haul_dump_soil_around_site_small_fleet: #REF!
Name Activity_Load_Haul_Dump_Spread_Fill_Large_Fleet: #REF!
Name Activity_Load_Haul_Dump_Spread_Fill_Medium_Fleet: #REF!
Name Activity_Load_Haul_Dump_Spread_Fill_small_Fleet: #REF!
Name Activity_Load_haul_dump_steel_scrap: #REF!
Name Activity_Load_Haul_Long_Distance_Summary: #REF!
Name Activity_Load_Haul_Summary: #REF!
Name Activity_Load_Transport_Major_Module: #REF!
Name Activity_Loading_Plant: #REF!
Name Activity_Maintenance_Minor_and_of_Rehabilitated_Areas: #REF!
Name Activity_Mobilisation: #REF!
Name Activity_Overpasses: #REF!
Name Activity_planting_seeding: #REF!
Name Activity_Power_Poles_and_Cables: #REF!
Name Activity_Project_Closure_Plans: #REF!
Name Activity_Rail: #REF!
Name Activity_Roads_Tracks_Laydown: #REF!
Name Activity_Shape_and_doze_to_establish_drainage___spread_cover: #REF!
Name Activity_Site_Security: #REF!
Name Activity_Substations: #REF!

Sheet Introduction
B3: Rehabilitation Cost Estimate Tool - Mining New South Wales
B4: RCE Summary
B6: Introduction
B8: The Mining Act 1992 and Petroleum (Onshore) Act 1991 allow the minister (or delegate) to impose a security deposit condition on authorisations or titles granted under these Acts. The security deposit is required for the fulfilment of obligations under the authorisation or title (hereon referred to as an authority) including those related to rehabilitation, and obligations that may arise in the future. Authority holders are required to submit a Rehabilitation Cost Estimate (RCE) whenever a potential change in rehabilitation liability occurs and at other key points throughout the tenure of an authority. The RCE assists the Department in determining the amount of security deposit required for an authority.
B9: The RCE tool provides guidance to exploration, mining and petroleum operators on calculating an appropriate RCE for their operations by assisting in the assessment and qualification of rehabilitation risks and liabilities pursuant to the Mining Act 1992 and Petroleum (Onshore) Act 1991.
B10: Note: the RCE tool does not apply to the sealing of petroleum wells associated with exploration and production activities under the Petroleum (Onshore) Act 1991. Petroleum titleholders can use the RCE tool for guidance on calculating an appropriate RCE for disturbance associated with their activities. However, it is the expected that a separate estimate is submitted for the sealing of petroleum wells with RCE prepared by a suitably qualified expert in consideration of the scale, nature, risk and age associated with petroleum wells specific to the petroleum title.
B11: Prior to calculating an RCE, users need to refer to Guideline: Rehabilitation Cost Estimate, the Rehabilitation Cost Estimate User Manual and the help videos which provide guidance information about, and step by step instructions on how to use the RCE tool. These are available on the Department's website (link below).
B12: www.resources.nsw.gov.au
B14: Calculating an RCE
B15: The framework of the RCE tool has been developed in accordance with a tiered risk-based approach to calculating rehabilitation costs whereby the outcome of the estimation will be based on the nature, size, scale complexity of the operation. While the user has the opportunity to nominate unit rates* which are not the same the default rates in the RCE tool, any other rate proposed by the user must be based on independent third-party costs. This is because if the authority holder defaults on their responsibility to rehabilitate the mine or exploration operation(s), a contractor will need to be engaged by the government to carry out the required rehabilitation works.
B16: *Note: The Department may regularly make changes and updates to the RCE tool as necessary. All users must use the most recent version of the RCE tool available on the Department's website.
B17: Approved Amounts
... B22: A range of fleet sizes is included in the RCE tool to reflect the varying size of earthmoving projects. For large projects, economies of scale can be realised by using larger fleets. It is important the right size fleet is used for each activity to improve the accuracy of the calculation. The table below provides guidance on the selection of fleet sizes.
B23: Fleet Size | C23: Typical Composition | D23: Activities
B24: Small | C24: 740C (ADT) Truck, 980M Loader, 14M Grader, 19kL water truck, D9R Dozer | D24: Load, haul and spread top soil and other growth media materials.
D25: Load, haul and dump bitumen, stabilised materials, demolition rubble and concrete.
D26: Load, haul, dump spread fill (small scale) - waste rock landforms, spoil piles, roadways, contaminated soil footprints, ponds, dams, shallow voids, in-pit and other tailings storage facilities and other fill areas – volumes of materials up to 1.0M m3.
D27: Excavate, load, haul, dump and spread water storage sediment and silt.
B28: Medium | C28: 777G Truck, PC 1250 Excavator, 16M Grader, D10T Dozer | D28: Load, haul, dump, spread fill (medium scale) - Waste rock landforms, spoil piles, roadways, contaminated soil footprints, ponds, dams, shallow voids, in-pit and other tailings storage facilities and other fill areas – volumes of materials up to 5.0M m3.
B29: Large | C29: 793F Truck, EX2500 Excavator, 16M Grader, 785D Water Truck, D11T Dozer | D29: Load, haul, dump, spread bulk material including fill - waste rock landforms, spoil piles, roadways, contaminated soil footprints, ponds, dams, shallow voids, in-pit and other tailings storage facilities and other fill areas – volumes of materials up to 10M m3.
B30: Small Dozers | C30: D6R or D7R | D30: Push / rip lengths <= 100 m
D31: Clear vegetation
D32: Low height waste dumps and spoil dump, TSF embankment slope re-profiling and shaping.
B33: Medium Dozers | C33: D8R or D9R | D33: Push / rip lengths <= 200 m
D34: Clear vegetation
D35: Waste dump, spoil dump, TSF embankment slope re-profiling and shaping.
D36: Shape and doze to establish drainage, spread cover/topsoil/rock mulch layer slopes and flats.
D37: Capping of Waste Rock Dumps, Heap Leach Pads and Tailings Storage Facilities.
B38: Large Dozer | C38: D10T or D11T | D38: Bulk Push / rip lengths <= 200 m
D39: Waste dump, spoil dump, tailings storage facilities embankment slope re-profiling and shaping.
D40: Shape and doze to establish drainage, spread cover/topsoil/rock mulch layer slopes and flats.
D41: Capping of waste rock dumps, heap leach pads and tailings storage facilities.
B42: Small Grader | C42: 12M | D42: Rip / grade to match fleet activities
B43: Medium Grader | C43: 14M | D43: Rip / grade to match fleet activities
B44: Large Grader | C44: 16M | D44: Rip / grade to match fleet activities
B46: Contingency
B47: The contingency allowance is a percentage of the RCE amount for restoring the domains and includes allowances for project management, maintenance and monitoring and pure contingency (see below for further definition). The User can enter a site-specific contingency multiplier on the RCE Summary Sheet. However, this site-specific contingency value cannot be less that the default value. If the default value is not used, quotes must be attached to the RCE application and the User must provide justification in the space provided in the RCE Summary sheet. If a User enters a site-specific contingency multiplier, the tool applies this value instead of the default.
B48: Item | C48: Definition
B49: Project Management | C49: The tool includes a default multiplier for project management costs, which is included in the contingency. The project management multiplier reflects the cost to government to execute a rehabilitation program for a mine and includes: • Health and safety and overall work plans. • Identifying and obtaining permits. • Procurement of contractors and consultants and ongoing contract management. • Ongoing management of the project including scheduling, expenditure tracking and forecasting, internal communication, on-site supervision. • Stakeholder management including land-owner, community, municipal government and regulators, and media. • Consulting and legal costs associated with the above items.
B50: Maintenance and monitoring | C50: The contingency includes an allowance for environmental maintenance and monitoring costs. The environmental maintenance and monitoring multiplier reflects the costs to government to undertake the following: Post-closure maintenance activities: • Minor repair of rehabilitated features eroded by surface water run-off and high intensity rain-fall events. • Revegetation campaigns to rehabilitate areas where vegetation is damaged from drought, fire, animals and/or infertile seed. • Weed management. • Repair of minor subsidence due to poor backfill operations. • Fence and signage repairs. Post-closure monitoring activities: • Environmental, revegetation and erosion monitoring and assessment. • Ground and surface water monitoring and drainage assessment. • Erosion and surface drainage assessments and inspections across all closure areas. • Subsidence and ground movement assessments associated with underground mining. • Engineering, geotechnical and compliance inspections and assessment, surveys and reporting on the performance of the open pits, underground openings and tailings storage facilities. • Weed mapping and assessment surveys. • Feral animal assessment and control. • Independent contamination auditing and assessment. • Satellite imagery for rehabilitation analysis and reporting purposes. • Preparation of annual environmental reporting and monitoring reporting. requirements and data management and control. • Mobilisation and demobilisation of the monitoring and inspection teams.
B51: Contingency | C51: An allowance for pure contingency is included in the contingency multiplier. This amount reflects the uncertainty associated with an estimate of this nature and allows for items not contemplated in the RCE tool and increases in quantities that may occur as a project definition is resolved.
B53: Colour Code and example entry
B54: 100 | C54: User entry. The user enters quantities (e.g. hectares, tonnes).
B55: Small | C55: User selection. The user selects from a dropdown menu such as push length or fleet size.
B56: ='Cost Schedule'!D511 -> 17746.949 | C56: Default rate.
C57: Alternate rate user input cell. If a User has evidence to justify the use of a site specific rate, it is entered here.
B58: 120000 | C58: Alternate rate with user entered rate. Will also turn this colour if zero is entered.
B59: Based on study X (see attached) | C59: User notes including justification for use of alternate rates.
B60: Note to user | C60: Department notes - information for Users.
B61: 10220 | C61: Calculations or text (locked to user)
B63: Default and Alternate Rates
B64: The RCE tool has Default rates for all required quantites and most of these are constructed using bottom-up first principles methods. A User can over-ride the Default rates by entering values to the yellow cells (see above). The User must justify the entry of Alternate rates by entering notes to an appropriate note cell and/or attaching justification to the RCE submission. If the Alternate rate cell is left blank, the tool uses the Default rates. If the User needs to zero out a cost, a zero can be entered to the Alternate rate cell and the tool will assume the rate is zero. The table below shows an example of the Default rate being accepted, an alternate rate being entered, and zero rate being entered.
B66: Default and User Build Rates
B67: In some cases the User can build up their own rate in the RCE tool. These rates are termed "User Build" and are available where there may be significant variation in rehabilitation scope, e.g. capping of tailings and demolition and rehabilitation of dams. If the User elects to construct a User Build rate, they do not use the Default rates. However, the User build sections can also be used to add various activities where the Default rate is not sufficient. For example, if there is materially larger requirement for growth media than that typically assumed (150 mm). The User Build tables are below the Default rate tables and are shown by selection "Show" in the filter drop-down (pictured below) on the left hand side of each sheet and immediately below the Default tables. To re-hide the User Build rows, the User de-selects "Show" in the filter drop-down.
B69: Sheet Details
B70: Sheet Name | C70: Attributes, Purpose and Use
B71: =B6 -> Introduction | C71: Information sheet. Provides context for the Tool, the intent of the Tool, and how it works.
B72: =Checklist_for_Title_Holders -> Checklist for Lease Holders | C72: User Input sheet. Allows user to select Yes/No boxes and include notes to check that required steps are complete.
B73: ='Key Changes since last RCE'!B5 -> Key Changes since Last Rehabilitation Cost Estimate | C73: User Input sheet. Allows user to enter Previous Year Costs for each mining Domain type and contingency with comment on key changes since the previous submission.
B74: =RCE_Summary -> RCE Summary | C74: Includes Site Registration table for User entry of registration details. Includes Cost Summary table for review of total cost for each Domain, contingency, and Grand Total.
B75: =Infrastructure_Area -> Infrastructure Area | C75: User Input sheet for utilities, power lines, substations, switchyards, and communications towers; tanks and pipes not associated with Beneficiation (e.g. rainwater tanks); haul roads, tracks, rail, overpasses, and laydown yards; buildings not associated with Beneficiation; waste and contaminated land; bores not associated with Exploration (e.g. groundwater monitoring wells).
B76: =Infrastructure_Mine_Entries -> Infrastructure - Mine Entries | C76: User Input sheet for ventilation shafts, hoisting shafts, adits, drifts, and tunnels.
B77: =Beneficiation_Facility -> Beneficiation Facility | C77: User Input sheet for heap leach pads; process tanks and piping; conveyors; stackers, reclaimers, and bucket wheels; and process related buildings / structures such as Coal Handling and Preparation plants, washeries, and crushers.
B78: Tailings Storage Facilities | C78: User Input sheet for tailings storage facilities.
B79: Water Management Area | C79: User Input sheet for water storage structures (dams, ponds, basins) and water treatment including acid water and saline water.
B80: =Overburden_Emplacement_Area -> Overburden Emplacement Area | C80: User Input sheet for overburden emplacement areas.
B81: =Active_Mining_Area__Open_Cut_Void -> Active Mining Area (Open Cut Void) | C81: User Input sheet for activities associated with pits including safety bunds; blasting and reshaping high walls; making safe low walls; and backfill.
B82: =Underground_Mining_Areas -> Underground Mining Areas | C82: User Input sheet for actvities associated with rehabilitating surface impacts (e.g. subsidence) and removal of underground infrastructure associated with underground mines.
B83: =Exploration -> Exploration | C83: User Input sheet for drillholes, tracks, laydown areas, and other activities associated with exploration.
B84: =Other_and_Sundry -> Other and Sundry | C84: User Input sheet for miscellaneous items including reports and studies; contaminated land investigations and remediation plans; closure plans; rehabilitation care and maintenance; and mobilisation.
B85: Cost Schedule | C85: Lists all the Default Rates used in the tool with assumptions and use notes.
B86: Rates | C86: Lists all the underlying unit rates for labour and equipment.
B87: Productivity | C87: Details the activities and equipment used in the User Input sheets, with associated units and values for that activity (e.g how many m3/h an excavator can break concrete backfill to trench and tamp (compact), or the speed of a specific Dozer in km/h).
B88: Assumptions - General | C88: Shows the general assumptions including densities for materials; application rates for amendments; truck travel speed; default travel distances (e.g. to gypsum supplier).
B89: Assumptions - Capping | C89: Information sheet. Lists the capping thickness assumptions for Tailings Storage Facilities.
B90: Lists | C90: Functional sheet only, Users do not need to use it.
B91: Rate Mapping | C91: Compares rates in this tool to the rates in the superseded version.
B92: =USER_NOTES -> User Notes | C92: User Input sheet for general notes which could include further explanations for Alternate rates, quantities, changes since last RCE, and calculations supporting entered quantities.
B94: Quick Links
B95: RCE Summary
B96: =Infrastructure_Area -> Infrastructure Area
B97: =Infrastructure_Mine_Entries -> Infrastructure - Mine Entries
B98: =Beneficiation_Facility -> Beneficiation Facility
B99: =Tailings_Storage_Facilities -> Tailings Storage Facilities
B100: Water Management Area
B101: =Overburden_Emplacement_Area -> Overburden Emplacement Area
B102: =Active_Mining_Area__Open_Cut_Void -> Active Mining Area (Open Cut Void)
B103: =Underground_Mining_Areas -> Underground Mining Areas
B104: =Exploration -> Exploration
B105: =Other_and_Sundry -> Other and Sundry

Sheet Revision
B8: =Name_main -> Rehabilitation Cost Estimate Tool - Mining New South Wales
B10: Date | C10: Revision Number | D10: Revision Description
B11: 45961 | C11: 2025-1 | D11: N/A (This is a new RCE Tool which replaces the previous RCE Tool dated 11.06.2024 – Revision No.2024-1).
B12: 45989 | C12: 2025-2 | D12: Fixed locked cell issue in user-build tables.
B13: 46006 | C13: 2025-3 | D13: Changed spine drains rate to per unit area, moved small mines and quarriess mobilisation to other and sundry tab, added exploration mobe rates for greater travel distances, minor calculation and typo fixes.

Sheet Checklist
B2: =Name_main -> Rehabilitation Cost Estimate Tool - Mining New South Wales
B3: =CONCATENATE(CompanyName," - ",Mine_Name) -> Boral Cement - Marulan South Limestone Mine | E3: RCE Summary
B5: Checklist for Lease Holders
B7: Please confirm you have completed the following | D7: Select | E7: Notes
B9: Registration Details Complete | D9: Yes | E9: Add any note to explain.
B11: Previous RCE amounts added to RCE Summary | D11: Yes | E11: Add any note to explain.
B13: Have you attached information for any variation to Departmental rates (e.g. 3rd party quotes justification) | D13: Yes | E13: no document attached, only rate that is different is the D&B rate, using current site $/t
B15: Nominated GIS locations for all items - this is an optional field that can be used by large mines to identify the location of the relevant feature at the domain level (e.g. area of tailings dam). Large mines should populate the GIS Reference field with the Object ID number of the relevant feature from the spatial data submitted to the Mine Rehabilitation Portal. Note: this is not required for small mines. | D15: No

Sheet Key Changes since last RCE
B2: =Name_main -> Rehabilitation Cost Estimate Tool - Mining New South Wales
B3: =CONCATENATE(CompanyName," - ",Mine_Name) -> Boral Cement - Marulan South Limestone Mine | C3: RCE Summary
B5: Key Changes since Last Rehabilitation Cost Estimate
F7: Details should be provided on changes in disturbance areas, new areas of disturbances, and rehabilitated areas. Please use Alt Enter to include a space at the beginning of the text and at the end.
B9: Mining Domain Type | C9: Current Year Cost | D9: Previous Year Cost (*) | E9: Difference | F9: Key changes since previous submission (for each domain or item).
B10: ='RCE Summary'!B32 -> Infrastructure Area | C10: ='RCE Summary'!E32 -> 5086797.4 | D10: 10507614 | E10: =C10-D10 -> -5420816.6 | F10: last year combined with Beneficiation plant
B11: ='RCE Summary'!B33 -> Infrastructure - Mine Entries | C11: ='RCE Summary'!E33 -> 0 | E11: =C11-D11 -> 0
B12: ='RCE Summary'!B35 -> Tailings Storage Facilities | C12: ='RCE Summary'!E35 -> 0 | D12: 353488 | E12: =C12-D12 -> -353488 | F12: under overburden
B13: ='RCE Summary'!B36 -> Water Management Area | C13: ='RCE Summary'!E36 -> 143675.76 | E13: =C13-D13 -> 143675.76 | F13: before included in infrastructure
B14: ='RCE Summary'!B37 -> Overburden Emplacement Area | C14: ='RCE Summary'!E37 -> 3916533.8 | D14: 4913020 | E14: =C14-D14 -> -996486.23 | F14: exact ha for the dumps when before an estimation was used. NOE under Boral Peppertree Management and rehab bank guarantee
B15: ='RCE Summary'!B38 -> Active Mining Area (Open Cut Void) | C15: ='RCE Summary'!E38 -> 4466182.5 | D15: 3460260 | E15: =C15-D15 -> 1005922.5
B16: ='RCE Summary'!B39 -> Underground Mining Areas | C16: ='RCE Summary'!E39 -> 0 | E16: =C16-D16 -> 0
B17: ='RCE Summary'!B34 -> Beneficiation Facility | C17: ='RCE Summary'!E34 -> 6391934.2 | E17: =C17-D17 -> 6391934.2
B18: ='RCE Summary'!B40 -> Exploration | C18: ='RCE Summary'!E40 -> 0 | E18: =C18-D18 -> 0
B19: Sub-total | C19: ='RCE Summary'!E41 -> 20005124 | D19: =SUM(D10:D18) -> 19234382 | E19: =SUM(E10:E18) -> 770741.66
B20: Other Items | C20: Cost | D20: Cost
B21: =Other_and_Sundry -> Other and Sundry | C21: ='RCE Summary'!E43 -> 1268272.1 | D21: 1382390 | E21: =C21-D21 -> -114117.95 | F21: only 2 radiation devices vs 3 last year
B22: Sub-total | C22: ='RCE Summary'!E44 -> 1268272.1 | D22: =SUM(D21:D21) -> 1382390 | E22: =SUM(E21:E21) -> -114117.95
B23: Totals
B24: Subtotal | C24: ='RCE Summary'!E48 -> 21273396 | D24: =D19+D22 -> 20616772 | E24: =E19+E22 -> 656623.72
B25: ='RCE Summary'!B49 -> Contingency (Mining) | C25: ='RCE Summary'!E49 -> 6382018.7 | D25: =2061677*3 -> 6185031 | E25: =C25-D25 -> 196987.71
B26: ='RCE Summary'!B50 -> Contingency (Exploration only) | C26: ='RCE Summary'!E50 -> 0 | E26: =C26-D26 -> 0
B27: Sub-total | C27: ='RCE Summary'!E51 -> 6382018.7 | D27: =D25+D26 -> 6185031 | E27: =E25+E26 -> 196987.71 | F27: Contingency includes contingency, plus post closure environmental monitoring, project management and surveying.
B28: Grand Total (excluding GST) | C28: ='RCE Summary'!E53 -> 27655414 | D28: =D24+D27 -> 26801803 | E28: =E24+E27 -> 853611.43

Sheet RCE Summary
B2: =Name_main -> Rehabilitation Cost Estimate Tool - Mining New South Wales
B3: =CONCATENATE(CompanyName," - ",Mine_Name) -> Boral Cement - Marulan South Limestone Mine
B5: RCE Summary
B8: SITE REGISTRATION
B10: Complete the following fields prior to calculating the Security Deposit.
B12: Date of Estimate | E12: 46265 | G12: Mine Name | I12: Marulan South Limestone Mine
B14: Lease(s): | E14: ML1857
B16: Lease Holder(s): | E16: Boral Cement
B18: Term of RCE: | E18: 55518 | G18: This is period of time over which the RCE amount will apply.
B20: Date of last Security Deposit Review: | E20: 45413 | G20: This is the date of the most recent correspondence from the Department advising of the assessed deposit amount.
B22: Amount of the last Security Deposit Review: | E22: 26814013 | G22: This is the most recent assessed deposit amount as per the most recent correspondence from the Department (see above).
B24: Current Security Deposit held by the Department: | E24: 26814013 | G24: This is the current security deposit amount held by the Department.
B26: List key changes since previous submission: | E26: used new estimation tool updated disturbance and progress of overburden emplacement areas
B29: COST SUMMARY
B31: Mining Domain Type | E31: Cost | F31: Comments
B32: =Infrastructure_Area -> Infrastructure Area | E32: ='Infrastructure Area'!D5 -> 5086797.4
B33: =Infrastructure_Mine_Entries -> Infrastructure - Mine Entries | E33: ='Infrastructure - Mine Entries'!C5 -> 0
B34: =Beneficiation_Facility -> Beneficiation Facility | E34: ='Beneficiation Facility'!D5 -> 6391934.2
B35: =Tailings_Storage_Facilities -> Tailings Storage Facilities | E35: ='Tailings Storage Facilities'!D5 -> 0
B36: Water Management Area | E36: ='Water Management Areas'!D5 -> 143675.76
B37: =Overburden_Emplacement_Area -> Overburden Emplacement Area | E37: ='Overburden Emplacement Area'!D5 -> 3916533.8
B38: =Active_Mining_Area__Open_Cut_Void -> Active Mining Area (Open Cut Void) | E38: ='Active Mining Area'!C6 -> 4466182.5
B39: ='Underground Mining Area'!B6 -> Underground Mining Areas | E39: ='Underground Mining Area'!C6 -> 0
B40: =Exploration!C5 -> Exploration | E40: =Exploration!D5 -> 0
B41: Sub-total | E41: =SUM(E32:E40) -> 20005124
B42: Additional Items | E42: Cost
B43: =Other_and_Sundry -> Other and Sundry | E43: ='Other and Sundry'!G5 -> 1268272.1
B44: Sub-total | E44: =SUM(E43:E43) -> 1268272.1
B45: Totals
B46: Subtotal - all except Exploration | E46: =E41+E44-E40 -> 21273396
B47: Subtotal - Exploration | E47: =E40 -> 0
B48: Subtotal - all | D48: User | E48: =E46+E47 -> 21273396
B49: Contingency (Mining) | C49: 0.3 | E49: =E46*IF(AND(D49<>"",D49>C49),D49,C49) -> 6382018.7 | F49: Enter reason here if contingency greater than default is entered
B50: Contingency (Exploration only) | C50: 0.15 | E50: =E47*IF(AND(D50<>"",D50>C50),D50,C50) -> 0 | F50: Enter reason here if contingency greater than default is entered
B51: Contingency Total | E51: =E49+E50 -> 6382018.7
B53: Grand Total (excluding GST) | E53: =E48+E51 -> 27655414
B55: =IF(OR(D49="",D49>=C49),"Contingency for mining activities ok",CONCATENATE("Contingency for mining activities cannot be less than default. Delete the value or enter a value higher than ",C49*100,"%.")) -> Contingency for mining activities ok
B56: =IF(OR(D50="",D50>=C50),"Contingency for exploration activities ok",CONCATENATE("Contingency for exploration activities cannot be less than default. Delete the value or enter a value higher than ",C50*100,"%.")) -> Contingency for exploration activities ok

Sheet Infrastructure - Mine Entries
B2: =Name_main -> Rehabilitation Cost Estimate Tool - Mining New South Wales
B3: =CONCATENATE(CompanyName," - ",Mine_Name) -> Boral Cement - Marulan South Limestone Mine
B4: Total RCE | C4: =Grand_total -> 27655414
B5: Infrastructure - Mine Entries | C5: =SUM(F5:M5) -> 0 | D5: RCE Summary | E5: Total cost | F5: =F58+F104+F123+F133+F147+F166+F176+F209+F215 -> 0 | G5: =G58+G104+G123+G133+G147+G166+G176+G209+G215 -> 0 | H5: =H58+H104+H123+H133+H147+H166+H176+H209+H215 -> 0 | I5: =I58+I104+I123+I133+I147+I166+I176+I209+I215 -> 0 | J5: =J58+J104+J123+J133+J147+J166+J176+J209+J215 -> 0 | K5: =K58+K104+K123+K133+K147+K166+K176+K209+K215 -> 0 | L5: =L58+L104+L123+L133+L147+L166+L176+L209+L215 -> 0 | M5: =M58+M104+M123+M133+M147+M166+M176+M209+M215 -> 0
B7: Activity | C7: Element | D7: Quantity Name | E7: Unit Name > | F7: Enter shaft name | G7: Enter shaft name | H7: Enter shaft name | I7: Enter shaft name | J7: Enter shaft name | K7: Enter shaft name | L7: Enter shaft name | M7: Enter shaft name | N7: User Notes (including justification for alternate rates) | O7: Department Notes
B8: Notes
B9: GIS | C9: All shafts in the column | D9: GIS reference / Object ID | O9: This is an optional field that can be used by large mines to identify the location of the relevant feature. Large mines should populate the GIS Reference field with the Object ID number of the relevant feature from the spatial data submitted to the Mine Rehabilitation Portal. (Note: this is not required for small mines).
B10: Rehabilitate Ventilation Shafts | C10: Ventilation shafts | D10: Number of shafts if entering a group of shafts | E10: #
B11: Demolish and remove | C11: Vent fans, substation, winch | D11: Qty | E11: # per shaft
D12: Default Rate | E12: $/site | F12: ='Cost Schedule'!$D$104 -> 28135.016 | G12: ='Cost Schedule'!$D$104 -> 28135.016 | H12: ='Cost Schedule'!$D$104 -> 28135.016 | I12: ='Cost Schedule'!$D$104 -> 28135.016 | J12: ='Cost Schedule'!$D$104 -> 28135.016 | K12: ='Cost Schedule'!$D$104 -> 28135.016 | L12: ='Cost Schedule'!$D$104 -> 28135.016 | M12: ='Cost Schedule'!$D$104 -> 28135.016
D13: Alternate Rate | E13: $/site
D14: Cost | E14: $ | F14: =F11*IF(F13="",F12,F13) -> 0 | G14: =G11*IF(G13="",G12,G13) -> 0 | H14: =H11*IF(H13="",H12,H13) -> 0 | I14: =I11*IF(I13="",I12,I13) -> 0 | J14: =J11*IF(J13="",J12,J13) -> 0 | K14: =K11*IF(K13="",K12,K13) -> 0 | L14: =L11*IF(L13="",L12,L13) -> 0 | M14: =M11*IF(M13="",M12,M13) -> 0
B15: Dimensions | C15: Ventilation Shaft (Backfill) | D15: Depth | E15: m | O15: Enter average depth if entering a group into one column.
D16: Diameter | E16: m
D17: Area | E17: m2 | F17: =PI()*F16^2/4 -> 0 | G17: =PI()*G16^2/4 -> 0 | H17: =PI()*H16^2/4 -> 0 | I17: =PI()*I16^2/4 -> 0 | J17: =PI()*J16^2/4 -> 0 | K17: =PI()*K16^2/4 -> 0 | L17: =PI()*L16^2/4 -> 0 | M17: =PI()*M16^2/4 -> 0
D18: Compaction factor | E18: X | F18: ='Assumptions - General'!$C$99 -> 1.25 | G18: ='Assumptions - General'!$C$99 -> 1.25 | H18: ='Assumptions - General'!$C$99 -> 1.25 | I18: ='Assumptions - General'!$C$99 -> 1.25 | J18: ='Assumptions - General'!$C$99 -> 1.25 | K18: ='Assumptions - General'!$C$99 -> 1.25 | L18: ='Assumptions - General'!$C$99 -> 1.25 | M18: ='Assumptions - General'!$C$99 -> 1.25
D19: Shaft Volume | E19: m3 | F19: =F15*F17*F18 -> 0 | G19: =G15*G17*G18 -> 0 | H19: =H15*H17*H18 -> 0 | I19: =I15*I17*I18 -> 0 | J19: =J15*J17*J18 -> 0 | K19: =K15*K17*K18 -> 0 | L19: =L15*L17*L18 -> 0 | M19: =M15*M17*M18 -> 0
D20: Fill Mass | E20: t | F20: =F19*Soil_density_sand -> 0 | G20: =G19*Soil_density_sand -> 0 | H20: =H19*Soil_density_sand -> 0 | I20: =I19*Soil_density_sand -> 0 | J20: =J19*Soil_density_sand -> 0 | K20: =K19*Soil_density_sand -> 0 | L20: =L19*Soil_density_sand -> 0 | M20: =M19*Soil_density_sand -> 0
D21: Proportion of fill sourced on-site | E21: %
D22: Volume of fill sourced on-site | E22: m3 | F22: =F21*F19 -> 0 | G22: =G21*G19 -> 0 | H22: =H21*H19 -> 0 | I22: =I21*I19 -> 0 | J22: =J21*J19 -> 0 | K22: =K21*K19 -> 0 | L22: =L21*L19 -> 0 | M22: =M21*M19 -> 0
D23: Volume of fill sourced off-site | E23: m3 | F23: =F19-F22 -> 0 | G23: =G19-G22 -> 0 | H23: =H19-H22 -> 0 | I23: =I19-I22 -> 0 | J23: =J19-J22 -> 0 | K23: =K19-K22 -> 0 | L23: =L19-L22 -> 0 | M23: =M19-M22 -> 0
B24: Purchase backfill | D24: Default rate | E24: $/t | F24: =Shaft_backfill_rate_R -> 65 | G24: =Shaft_backfill_rate_R -> 65 | H24: =Shaft_backfill_rate_R -> 65 | I24: =Shaft_backfill_rate_R -> 65 | J24: =Shaft_backfill_rate_R -> 65 | K24: =Shaft_backfill_rate_R -> 65 | L24: =Shaft_backfill_rate_R -> 65 | M24: =Shaft_backfill_rate_R -> 65
D25: Alternate rate | E25: $/t
D26: Cost to purchase backfill | E26: $ | F26: =F23*Soil_density_sand*IF(F25="",F24,F25) -> 0 | G26: =G23*Soil_density_sand*IF(G25="",G24,G25) -> 0 | H26: =H23*Soil_density_sand*IF(H25="",H24,H25) -> 0 | I26: =I23*Soil_density_sand*IF(I25="",I24,I25) -> 0 | J26: =J23*Soil_density_sand*IF(J25="",J24,J25) -> 0 | K26: =K23*Soil_density_sand*IF(K25="",K24,K25) -> 0 | L26: =L23*Soil_density_sand*IF(L25="",L24,L25) -> 0 | M26: =M23*Soil_density_sand*IF(M25="",M24,M25) -> 0
B27: Load and haul backfill from off-site | D27: Distance to haul backfill | E27: Select | F27: 25 to 30 km | G27: 25 to 30 km | H27: 25 to 30 km | I27: 25 to 30 km | J27: 25 to 30 km | K27: 25 to 30 km | L27: 25 to 30 km | M27: 25 to 30 km
D28: Default rate | E28: $/t-km | F28: =_xlfn.XLOOKUP(F27,Long_haul_soil_amend_names_mass_CS,Long_haul_soil_amend_rates_mass_CS) -> 0.11650974 | G28: =_xlfn.XLOOKUP(G27,Long_haul_soil_amend_names_mass_CS,Long_haul_soil_amend_rates_mass_CS) -> 0.11650974 | H28: =_xlfn.XLOOKUP(H27,Long_haul_soil_amend_names_mass_CS,Long_haul_soil_amend_rates_mass_CS) -> 0.11650974 | I28: =_xlfn.XLOOKUP(I27,Long_haul_soil_amend_names_mass_CS,Long_haul_soil_amend_rates_mass_CS) -> 0.11650974 | J28: =_xlfn.XLOOKUP(J27,Long_haul_soil_amend_names_mass_CS,Long_haul_soil_amend_rates_mass_CS) -> 0.11650974 | K28: =_xlfn.XLOOKUP(K27,Long_haul_soil_amend_names_mass_CS,Long_haul_soil_amend_rates_mass_CS) -> 0.11650974 | L28: =_xlfn.XLOOKUP(L27,Long_haul_soil_amend_names_mass_CS,Long_haul_soil_amend_rates_mass_CS) -> 0.11650974 | M28: =_xlfn.XLOOKUP(M27,Long_haul_soil_amend_names_mass_CS,Long_haul_soil_amend_rates_mass_CS) -> 0.11650974
D29: Alternate rate | E29: $/t-km
D30: Cost to load and haul backfill | E30: $/hole | F30: =F23*Soil_density_sand*_xlfn.XLOOKUP(F27,Long_haul_distance_names_L,Long_haul_distances_average_L)*IF(F29="",F28,F29) -> 0 | G30: =G23*Soil_density_sand*_xlfn.XLOOKUP(G27,Long_haul_distance_names_L,Long_haul_distances_average_L)*IF(G29="",G28,G29) -> 0 | H30: =H23*Soil_density_sand*_xlfn.XLOOKUP(H27,Long_haul_distance_names_L,Long_haul_distances_average_L)*IF(H29="",H28,H29) -> 0 | I30: =I23*Soil_density_sand*_xlfn.XLOOKUP(I27,Long_haul_distance_names_L,Long_haul_distances_average_L)*IF(I29="",I28,I29) -> 0 | J30: =J23*Soil_density_sand*_xlfn.XLOOKUP(J27,Long_haul_distance_names_L,Long_haul_distances_average_L)*IF(J29="",J28,J29) -> 0 | K30: =K23*Soil_density_sand*_xlfn.XLOOKUP(K27,Long_haul_distance_names_L,Long_haul_distances_average_L)*IF(K29="",K28,K29) -> 0 | L30: =L23*Soil_density_sand*_xlfn.XLOOKUP(L27,Long_haul_distance_names_L,Long_haul_distances_average_L)*IF(L29="",L28,L29) -> 0 | M30: =M23*Soil_density_sand*_xlfn.XLOOKUP(M27,Long_haul_distance_names_L,Long_haul_distances_average_L)*IF(M29="",M28,M29) -> 0
B31: Load and haul backfill | D31: Fleet and distance to haul backfill on-site | E31: Select | F31: Small - Fill - >2500 m to <=3000 m | G31: Small - Fill - >2500 m to <=3000 m | H31: Small - Fill - >2500 m to <=3000 m | I31: Small - Fill - >2500 m to <=3000 m | J31: Small - Fill - >2500 m to <=3000 m | K31: Small - Fill - >2500 m to <=3000 m | L31: Small - Fill - >2500 m to <=3000 m | M31: Small - Fill - >2500 m to <=3000 m | O31: Small fleet recommended
D32: Default rate | E32: $/m3 | F32: =_xlfn.XLOOKUP(F31,Load_haul_fill_names_CS,Load_haul_fill_rates_CS) -> 7.5000816 | G32: =_xlfn.XLOOKUP(G31,Load_haul_fill_names_CS,Load_haul_fill_rates_CS) -> 7.5000816 | H32: =_xlfn.XLOOKUP(H31,Load_haul_fill_names_CS,Load_haul_fill_rates_CS) -> 7.5000816 | I32: =_xlfn.XLOOKUP(I31,Load_haul_fill_names_CS,Load_haul_fill_rates_CS) -> 7.5000816 | J32: =_xlfn.XLOOKUP(J31,Load_haul_fill_names_CS,Load_haul_fill_rates_CS) -> 7.5000816 | K32: =_xlfn.XLOOKUP(K31,Load_haul_fill_names_CS,Load_haul_fill_rates_CS) -> 7.5000816 | L32: =_xlfn.XLOOKUP(L31,Load_haul_fill_names_CS,Load_haul_fill_rates_CS) -> 7.5000816 | M32: =_xlfn.XLOOKUP(M31,Load_haul_fill_names_CS,Load_haul_fill_rates_CS) -> 7.5000816
D33: Alternate rate | E33: $/m3
D34: Cost to load and haul backfill | E34: $ | F34: =F19*IF(F33="",F32,F33) -> 0 | G34: =G19*IF(G33="",G32,G33) -> 0 | H34: =H19*IF(H33="",H32,H33) -> 0 | I34: =I19*IF(I33="",I32,I33) -> 0 | J34: =J19*IF(J33="",J32,J33) -> 0 | K34: =K19*IF(K33="",K32,K33) -> 0 | L34: =L19*IF(L33="",L32,L33) -> 0 | M34: =M19*IF(M33="",M32,M33) -> 0
B35: Plug shaft with concrete | C35: Ventilation shaft (plug) | D35: Will shaft be plugged? | E35: Select | F35: No | G35: No | H35: No | I35: No | J35: No | K35: No | L35: No | M35: No
D36: Thickness | E36: m | F36: =Concrete_plug_thickness -> 3 | G36: =Concrete_plug_thickness -> 3 | H36: =Concrete_plug_thickness -> 3 | I36: =Concrete_plug_thickness -> 3 | J36: =Concrete_plug_thickness -> 3 | K36: =Concrete_plug_thickness -> 3 | L36: =Concrete_plug_thickness -> 3 | M36: =Concrete_plug_thickness -> 3
D37: Volume of concrete | E37: m3 | F37: =IF(F35=No,0,F17*F36*(1.15)) -> 0 | G37: =IF(G35=No,0,G17*G36*(1.15)) -> 0 | H37: =IF(H35=No,0,H17*H36*(1.15)) -> 0 | I37: =IF(I35=No,0,I17*I36*(1.15)) -> 0 | J37: =IF(J35=No,0,J17*J36*(1.15)) -> 0 | K37: =IF(K35=No,0,K17*K36*(1.15)) -> 0 | L37: =IF(L35=No,0,L17*L36*(1.15)) -> 0 | M37: =IF(M35=No,0,M17*M36*(1.15)) -> 0
D38: Default rate to purchase concrete | E38: $/m3 | F38: =IF(F35=No,0,Concrete_for_holes_rate) -> 0 | G38: =IF(G35=No,0,Concrete_for_holes_rate) -> 0 | H38: =IF(H35=No,0,Concrete_for_holes_rate) -> 0 | I38: =IF(I35=No,0,Concrete_for_holes_rate) -> 0 | J38: =IF(J35=No,0,Concrete_for_holes_rate) -> 0 | K38: =IF(K35=No,0,Concrete_for_holes_rate) -> 0 | L38: =IF(L35=No,0,Concrete_for_holes_rate) -> 0 | M38: =IF(M35=No,0,Concrete_for_holes_rate) -> 0
D39: Alternate rate to purchase concrete | E39: $/m3
D40: Cost to purchase concrete | E40: $ | F40: =F37*IF(F39="",F38,F39) -> 0 | G40: =G37*IF(G39="",G38,G39) -> 0 | H40: =H37*IF(H39="",H38,H39) -> 0 | I40: =I37*IF(I39="",I38,I39) -> 0 | J40: =J37*IF(J39="",J38,J39) -> 0 | K40: =K37*IF(K39="",K38,K39) -> 0 | L40: =L37*IF(L39="",L38,L39) -> 0 | M40: =M37*IF(M39="",M38,M39) -> 0
D41: Distance to haul concrete | E41: Select | F41: 40 to 45 km | G41: 40 to 45 km | H41: 40 to 45 km | I41: 40 to 45 km | J41: 40 to 45 km | K41: 40 to 45 km | L41: 40 to 45 km | M41: 40 to 45 km
D42: Default rate to haul concrete | E42: $/m3-km | F42: =IF(F35=No,0,_xlfn.XLOOKUP(F41,Long_haul_concrete_plug_distances_CS,Long_haul_concrete_plug_rates_CS)) -> 0 | G42: =IF(G35=No,0,_xlfn.XLOOKUP(G41,Long_haul_concrete_plug_distances_CS,Long_haul_concrete_plug_rates_CS)) -> 0 | H42: =IF(H35=No,0,_xlfn.XLOOKUP(H41,Long_haul_concrete_plug_distances_CS,Long_haul_concrete_plug_rates_CS)) -> 0 | I42: =IF(I35=No,0,_xlfn.XLOOKUP(I41,Long_haul_concrete_plug_distances_CS,Long_haul_concrete_plug_rates_CS)) -> 0 | J42: =IF(J35=No,0,_xlfn.XLOOKUP(J41,Long_haul_concrete_plug_distances_CS,Long_haul_concrete_plug_rates_CS)) -> 0 | K42: =IF(K35=No,0,_xlfn.XLOOKUP(K41,Long_haul_concrete_plug_distances_CS,Long_haul_concrete_plug_rates_CS)) -> 0 | L42: =IF(L35=No,0,_xlfn.XLOOKUP(L41,Long_haul_concrete_plug_distances_CS,Long_haul_concrete_plug_rates_CS)) -> 0 | M42: =IF(M35=No,0,_xlfn.XLOOKUP(M41,Long_haul_concrete_plug_distances_CS,Long_haul_concrete_plug_rates_CS)) -> 0
D43: Alternate rate to haul concrete | E43: $/m3-km
D44: Cost to load and haul concrete | E44: $/hole | F44: =F37*_xlfn.XLOOKUP(F41,Long_haul_distance_names_L,Long_haul_distances_average_L)*IF(F43="",F42,F43) -> 0 | G44: =G37*_xlfn.XLOOKUP(G41,Long_haul_distance_names_L,Long_haul_distances_average_L)*IF(G43="",G42,G43) -> 0 | H44: =H37*_xlfn.XLOOKUP(H41,Long_haul_distance_names_L,Long_haul_distances_average_L)*IF(H43="",H42,H43) -> 0 | I44: =I37*_xlfn.XLOOKUP(I41,Long_haul_distance_names_L,Long_haul_distances_average_L)*IF(I43="",I42,I43) -> 0 | J44: =J37*_xlfn.XLOOKUP(J41,Long_haul_distance_names_L,Long_haul_distances_average_L)*IF(J43="",J42,J43) -> 0 | K44: =K37*_xlfn.XLOOKUP(K41,Long_haul_distance_names_L,Long_haul_distances_average_L)*IF(K43="",K42,K43) -> 0 | L44: =L37*_xlfn.XLOOKUP(L41,Long_haul_distance_names_L,Long_haul_distances_average_L)*IF(L43="",L42,L43) -> 0 | M44: =M37*_xlfn.XLOOKUP(M41,Long_haul_distance_names_L,Long_haul_distances_average_L)*IF(M43="",M42,M43) -> 0
D45: Default specific area rate to plug | E45: $/shaft-m2 | F45: =IF(F35=No,0,'Cost Schedule'!$D$992) -> 0 | G45: =IF(G35=No,0,'Cost Schedule'!$D$992) -> 0 | H45: =IF(H35=No,0,'Cost Schedule'!$D$992) -> 0 | I45: =IF(I35=No,0,'Cost Schedule'!$D$992) -> 0 | J45: =IF(J35=No,0,'Cost Schedule'!$D$992) -> 0 | K45: =IF(K35=No,0,'Cost Schedule'!$D$992) -> 0 | L45: =IF(L35=No,0,'Cost Schedule'!$D$992) -> 0 | M45: =IF(M35=No,0,'Cost Schedule'!$D$992) -> 0
D46: Default rate to plug | E46: $/shaft | F46: =F45*F17 -> 0 | G46: =G45*G17 -> 0 | H46: =H45*H17 -> 0 | I46: =I45*I17 -> 0 | J46: =J45*J17 -> 0 | K46: =K45*K17 -> 0 | L46: =L45*L17 -> 0 | M46: =M45*M17 -> 0
D47: Alternate rate to plug | E47: $/shaft
D48: Cost to load and haul backfill | E48: $ | F48: =IF(F47="",F46,F47) -> 0 | G48: =IF(G47="",G46,G47) -> 0 | H48: =IF(H47="",H46,H47) -> 0 | I48: =IF(I47="",I46,I47) -> 0 | J48: =IF(J47="",J46,J47) -> 0 | K48: =IF(K47="",K46,K47) -> 0 | L48: =IF(L47="",L46,L47) -> 0 | M48: =IF(M47="",M46,M47) -> 0
B49: Cover with steel plate | C49: Ventilation shaft (cover) | D49: Number of steel plates per shaft | E49: #/shaft
D50: Default rate | E50: $/plate | F50: ='Cost Schedule'!$D$1002 -> 8413.9979 | G50: ='Cost Schedule'!$D$1002 -> 8413.9979 | H50: ='Cost Schedule'!$D$1002 -> 8413.9979 | I50: ='Cost Schedule'!$D$1002 -> 8413.9979 | J50: ='Cost Schedule'!$D$1002 -> 8413.9979 | K50: ='Cost Schedule'!$D$1002 -> 8413.9979 | L50: ='Cost Schedule'!$D$1002 -> 8413.9979 | M50: ='Cost Schedule'!$D$1002 -> 8413.9979
D51: Alternate rate | E51: $/plate
D52: Cost | E52: $ | F52: =IF(F51="",F50,F51)*F49 -> 0 | G52: =IF(G51="",G50,G51)*G49 -> 0 | H52: =IF(H51="",H50,H51)*H49 -> 0 | I52: =IF(I51="",I50,I51)*I49 -> 0 | J52: =IF(J51="",J50,J51)*J49 -> 0 | K52: =IF(K51="",K50,K51)*K49 -> 0 | L52: =IF(L51="",L50,L51)*L49 -> 0 | M52: =IF(M51="",M50,M51)*M49 -> 0
B53: Seal and rehabilitate ventilation shafts on hard rock operations (no to low gas risk) or coal operations | D53: Qty | E53: # shafts
D54: Default Rate | E54: $/shaft | F54: ='Cost Schedule'!$D$998 -> 163909.05 | G54: ='Cost Schedule'!$D$998 -> 163909.05 | H54: ='Cost Schedule'!$D$998 -> 163909.05 | I54: ='Cost Schedule'!$D$998 -> 163909.05 | J54: ='Cost Schedule'!$D$998 -> 163909.05 | K54: ='Cost Schedule'!$D$998 -> 163909.05 | L54: ='Cost Schedule'!$D$998 -> 163909.05 | M54: ='Cost Schedule'!$D$998 -> 163909.05
D55: Alternate Rate | E55: $/shaft
D56: Cost | E56: $ | F56: =F53*IF(F55="",F54,F55) -> 0 | G56: =G53*IF(G55="",G54,G55) -> 0 | H56: =H53*IF(H55="",H54,H55) -> 0 | I56: =I53*IF(I55="",I54,I55) -> 0 | J56: =J53*IF(J55="",J54,J55) -> 0 | K56: =K53*IF(K55="",K54,K55) -> 0 | L56: =L53*IF(L55="",L54,L55) -> 0 | M56: =M53*IF(M55="",M54,M55) -> 0
D57: =B10 -> Rehabilitate Ventilation Shafts | E57: $/shaft | F57: =F14+F26+F30+F34+F40+F44+F48+F52+F56 -> 0 | G57: =G14+G26+G30+G34+G40+G44+G48+G52+G56 -> 0 | H57: =H14+H26+H30+H34+H40+H44+H48+H52+H56 -> 0 | I57: =I14+I26+I30+I34+I40+I44+I48+I52+I56 -> 0 | J57: =J14+J26+J30+J34+J40+J44+J48+J52+J56 -> 0 | K57: =K14+K26+K30+K34+K40+K44+K48+K52+K56 -> 0 | L57: =L14+L26+L30+L34+L40+L44+L48+L52+L56 -> 0 | M57: =M14+M26+M30+M34+M40+M44+M48+M52+M56 -> 0
D58: =B10 -> Rehabilitate Ventilation Shafts | E58: Total | F58: =F57*F10 -> 0 | G58: =G57*G10+G56 -> 0 | H58: =H57*H10+H56 -> 0 | I58: =I57*I10+I56 -> 0 | J58: =J57*J10+J56 -> 0 | K58: =K57*K10+K56 -> 0 | L58: =L57*L10+L56 -> 0 | M58: =M57*M10+M56 -> 0
D59: =B10 -> Rehabilitate Ventilation Shafts | E59: $/m depth | F59: =IF(F15=0,"No shafts",F57/F15) -> No shafts | G59: =IF(G15=0,"No shafts",G57/G15) -> No shafts | H59: =IF(H15=0,"No shafts",H57/H15) -> No shafts | I59: =IF(I15=0,"No shafts",I57/I15) -> No shafts | J59: =IF(J15=0,"No shafts",J57/J15) -> No shafts | K59: =IF(K15=0,"No shafts",K57/K15) -> No shafts | L59: =IF(L15=0,"No shafts",L57/L15) -> No shafts | M59: =IF(M15=0,"No shafts",M57/M15) -> No shafts
B60: Rehabilitate Hoisting Shafts | C60: Hoisting shafts | D60: Number of shafts if entering a group of shafts | E60: #
B61: Demolish and remove | C61: Hoisting shaft headframe, winder building, support infrastructure | D61: Qty | E61: # per shaft
D62: Default Rate | E62: $/site | F62: ='Cost Schedule'!$D$105 -> 26695.016 | G62: ='Cost Schedule'!$D$105 -> 26695.016 | H62: ='Cost Schedule'!$D$105 -> 26695.016 | I62: ='Cost Schedule'!$D$105 -> 26695.016 | J62: ='Cost Schedule'!$D$105 -> 26695.016 | K62: ='Cost Schedule'!$D$105 -> 26695.016 | L62: ='Cost Schedule'!$D$105 -> 26695.016 | M62: ='Cost Schedule'!$D$105 -> 26695.016
D63: Alternate Rate | E63: $/site
D64: Cost | E64: $ | F64: =F61*IF(F63="",F62,F63) -> 0 | G64: =G61*IF(G63="",G62,G63) -> 0 | H64: =H61*IF(H63="",H62,H63) -> 0 | I64: =I61*IF(I63="",I62,I63) -> 0 | J64: =J61*IF(J63="",J62,J63) -> 0 | K64: =K61*IF(K63="",K62,K63) -> 0 | L64: =L61*IF(L63="",L62,L63) -> 0 | M64: =M61*IF(M63="",M62,M63) -> 0
B65: Backfill shaft | C65: Hoisting shaft (backfill) | D65: Depth | E65: m | O65: Enter average depth if entering a group into one column.
D66: Diameter | E66: m
D67: Area | E67: m2 | F67: =PI()*F66^2/4 -> 0 | G67: =PI()*G66^2/4 -> 0 | H67: =PI()*H66^2/4 -> 0 | I67: =PI()*I66^2/4 -> 0 | J67: =PI()*J66^2/4 -> 0 | K67: =PI()*K66^2/4 -> 0 | L67: =PI()*L66^2/4 -> 0 | M67: =PI()*M66^2/4 -> 0
D68: Compaction factor | E68: X | F68: ='Assumptions - General'!$C$99 -> 1.25 | G68: ='Assumptions - General'!$C$99 -> 1.25 | H68: ='Assumptions - General'!$C$99 -> 1.25 | I68: ='Assumptions - General'!$C$99 -> 1.25 | J68: ='Assumptions - General'!$C$99 -> 1.25 | K68: ='Assumptions - General'!$C$99 -> 1.25 | L68: ='Assumptions - General'!$C$99 -> 1.25 | M68: ='Assumptions - General'!$C$99 -> 1.25
D69: Shaft Volume | E69: m3 | F69: =F65*F67*F68 -> 0 | G69: =G65*G67*G68 -> 0 | H69: =H65*H67*H68 -> 0 | I69: =I65*I67*I68 -> 0 | J69: =J65*J67*J68 -> 0 | K69: =K65*K67*K68 -> 0 | L69: =L65*L67*L68 -> 0 | M69: =M65*M67*M68 -> 0
D70: Fill Mass | E70: t | F70: =F69*Soil_density_sand -> 0 | G70: =G69*Soil_density_sand -> 0 | H70: =H69*Soil_density_sand -> 0 | I70: =I69*Soil_density_sand -> 0 | J70: =J69*Soil_density_sand -> 0 | K70: =K69*Soil_density_sand -> 0 | L70: =L69*Soil_density_sand -> 0 | M70: =M69*Soil_density_sand -> 0
D71: Proportion of fill sourced on-site | E71: % | F71: 0.5 | G71: 0.5 | H71: 0.5 | I71: 0.5 | J71: 0.5 | K71: 0.5 | L71: 0.5 | M71: 0.5
D72: Volume of fill sourced on-site | E72: m3 | F72: =F69*F71 -> 0 | G72: =G69*G71 -> 0 | H72: =H69*H71 -> 0 | I72: =I69*I71 -> 0 | J72: =J69*J71 -> 0 | K72: =K69*K71 -> 0 | L72: =L69*L71 -> 0 | M72: =M69*M71 -> 0
D73: Volume of fill sourced off-site | E73: m3 | F73: =F69-F72 -> 0 | G73: =G69-G72 -> 0 | H73: =H69-H72 -> 0 | I73: =I69-I72 -> 0 | J73: =J69-J72 -> 0 | K73: =K69-K72 -> 0 | L73: =L69-L72 -> 0 | M73: =M69-M72 -> 0
B74: Purchase backfill | D74: Default rate | E74: $/t | F74: =Shaft_backfill_rate_R -> 65 | G74: =Shaft_backfill_rate_R -> 65 | H74: =Shaft_backfill_rate_R -> 65 | I74: =Shaft_backfill_rate_R -> 65 | J74: =Shaft_backfill_rate_R -> 65 | K74: =Shaft_backfill_rate_R -> 65 | L74: =Shaft_backfill_rate_R -> 65 | M74: =Shaft_backfill_rate_R -> 65
D75: Alternate rate | E75: $/t
D76: Cost to purchase backfill | E76: $ | F76: =F73*Soil_density_sand*IF(F75="",F74,F75) -> 0 | G76: =G73*Soil_density_sand*IF(G75="",G74,G75) -> 0 | H76: =H73*Soil_density_sand*IF(H75="",H74,H75) -> 0 | I76: =I73*Soil_density_sand*IF(I75="",I74,I75) -> 0 | J76: =J73*Soil_density_sand*IF(J75="",J74,J75) -> 0 | K76: =K73*Soil_density_sand*IF(K75="",K74,K75) -> 0 | L76: =L73*Soil_density_sand*IF(L75="",L74,L75) -> 0 | M76: =M73*Soil_density_sand*IF(M75="",M74,M75) -> 0
B77: Load and haul backfill from off-site | D77: Distance to haul backfill | E77: Select | F77: 40 to 45 km | G77: 40 to 45 km | H77: 40 to 45 km | I77: 40 to 45 km | J77: 40 to 45 km | K77: 40 to 45 km | L77: 40 to 45 km | M77: 40 to 45 km
D78: Default rate | E78: $/t-km | F78: =_xlfn.XLOOKUP(F77,Long_haul_soil_amend_names_mass_CS,Long_haul_soil_amend_rates_mass_CS) -> 0.11943528 | G78: =_xlfn.XLOOKUP(G77,Long_haul_soil_amend_names_mass_CS,Long_haul_soil_amend_rates_mass_CS) -> 0.11943528 | H78: =_xlfn.XLOOKUP(H77,Long_haul_soil_amend_names_mass_CS,Long_haul_soil_amend_rates_mass_CS) -> 0.11943528 | I78: =_xlfn.XLOOKUP(I77,Long_haul_soil_amend_names_mass_CS,Long_haul_soil_amend_rates_mass_CS) -> 0.11943528 | J78: =_xlfn.XLOOKUP(J77,Long_haul_soil_amend_names_mass_CS,Long_haul_soil_amend_rates_mass_CS) -> 0.11943528 | K78: =_xlfn.XLOOKUP(K77,Long_haul_soil_amend_names_mass_CS,Long_haul_soil_amend_rates_mass_CS) -> 0.11943528 | L78: =_xlfn.XLOOKUP(L77,Long_haul_soil_amend_names_mass_CS,Long_haul_soil_amend_rates_mass_CS) -> 0.11943528 | M78: =_xlfn.XLOOKUP(M77,Long_haul_soil_amend_names_mass_CS,Long_haul_soil_amend_rates_mass_CS) -> 0.11943528
D79: Alternate rate | E79: $/t-km
D80: Cost to load and haul backfill | E80: $/hole | F80: =F73*Soil_density_sand*_xlfn.XLOOKUP(F77,Long_haul_distance_names_L,Long_haul_distances_average_L)*IF(F79="",F78,F79) -> 0 | G80: =G73*Soil_density_sand*_xlfn.XLOOKUP(G77,Long_haul_distance_names_L,Long_haul_distances_average_L)*IF(G79="",G78,G79) -> 0 | H80: =H73*Soil_density_sand*_xlfn.XLOOKUP(H77,Long_haul_distance_names_L,Long_haul_distances_average_L)*IF(H79="",H78,H79) -> 0 | I80: =I73*Soil_density_sand*_xlfn.XLOOKUP(I77,Long_haul_distance_names_L,Long_haul_distances_average_L)*IF(I79="",I78,I79) -> 0 | J80: =J73*Soil_density_sand*_xlfn.XLOOKUP(J77,Long_haul_distance_names_L,Long_haul_distances_average_L)*IF(J79="",J78,J79) -> 0 | K80: =K73*Soil_density_sand*_xlfn.XLOOKUP(K77,Long_haul_distance_names_L,Long_haul_distances_average_L)*IF(K79="",K78,K79) -> 0 | L80: =L73*Soil_density_sand*_xlfn.XLOOKUP(L77,Long_haul_distance_names_L,Long_haul_distances_average_L)*IF(L79="",L78,L79) -> 0 | M80: =M73*Soil_density_sand*_xlfn.XLOOKUP(M77,Long_haul_distance_names_L,Long_haul_distances_average_L)*IF(M79="",M78,M79) -> 0
B81: Load and haul backfill | D81: Fleet and distance to haul backfill on-site | E81: Select | F81: Small - Fill - >2500 m to <=3000 m | G81: Small - Fill - >2500 m to <=3000 m | H81: Small - Fill - >2500 m to <=3000 m | I81: Small - Fill - >2500 m to <=3000 m | J81: Small - Fill - >2500 m to <=3000 m | K81: Small - Fill - >2500 m to <=3000 m | L81: Small - Fill - >2500 m to <=3000 m | M81: Small - Fill - >2500 m to <=3000 m | O81: Small fleet recommended
D82: Default rate | E82: $/m3 | F82: =_xlfn.XLOOKUP(F81,Load_haul_fill_names_CS,Load_haul_fill_rates_CS) -> 7.5000816 | G82: =_xlfn.XLOOKUP(G81,Load_haul_fill_names_CS,Load_haul_fill_rates_CS) -> 7.5000816 | H82: =_xlfn.XLOOKUP(H81,Load_haul_fill_names_CS,Load_haul_fill_rates_CS) -> 7.5000816 | I82: =_xlfn.XLOOKUP(I81,Load_haul_fill_names_CS,Load_haul_fill_rates_CS) -> 7.5000816 | J82: =_xlfn.XLOOKUP(J81,Load_haul_fill_names_CS,Load_haul_fill_rates_CS) -> 7.5000816 | K82: =_xlfn.XLOOKUP(K81,Load_haul_fill_names_CS,Load_haul_fill_rates_CS) -> 7.5000816 | L82: =_xlfn.XLOOKUP(L81,Load_haul_fill_names_CS,Load_haul_fill_rates_CS) -> 7.5000816 | M82: =_xlfn.XLOOKUP(M81,Load_haul_fill_names_CS,Load_haul_fill_rates_CS) -> 7.5000816
D83: Alternate rate | E83: $/m3
D84: Cost to load and haul backfill | E84: $ | F84: =F69*IF(F83="",F82,F83) -> 0 | G84: =G69*IF(G83="",G82,G83) -> 0 | H84: =H69*IF(H83="",H82,H83) -> 0 | I84: =I69*IF(I83="",I82,I83) -> 0 | J84: =J69*IF(J83="",J82,J83) -> 0 | K84: =K69*IF(K83="",K82,K83) -> 0 | L84: =L69*IF(L83="",L82,L83) -> 0 | M84: =M69*IF(M83="",M82,M83) -> 0
B85: Plug shaft with concrete | C85: Hoisting shaft (plug) | D85: Will shaft be plugged? | E85: Select | F85: No | G85: No | H85: No | I85: No | J85: No | K85: No | L85: No | M85: No
D86: Thickness | E86: m | F86: =Concrete_plug_thickness -> 3 | G86: =Concrete_plug_thickness -> 3 | H86: =Concrete_plug_thickness -> 3 | I86: =Concrete_plug_thickness -> 3 | J86: =Concrete_plug_thickness -> 3 | K86: =Concrete_plug_thickness -> 3 | L86: =Concrete_plug_thickness -> 3 | M86: =Concrete_plug_thickness -> 3
D87: Volume of concrete | E87: m3 | F87: =IF(F85=No,0,F67*F86*(1+Grout_wastage_factor)) -> 0 | G87: =IF(G85=No,0,G67*G86*(1+Grout_wastage_factor)) -> 0 | H87: =IF(H85=No,0,H67*H86*(1+Grout_wastage_factor)) -> 0 | I87: =IF(I85=No,0,I67*I86*(1+Grout_wastage_factor)) -> 0 | J87: =IF(J85=No,0,J67*J86*(1+Grout_wastage_factor)) -> 0 | K87: =IF(K85=No,0,K67*K86*(1+Grout_wastage_factor)) -> 0 | L87: =IF(L85=No,0,L67*L86*(1+Grout_wastage_factor)) -> 0 | M87: =IF(M85=No,0,M67*M86*(1+Grout_wastage_factor)) -> 0
D88: Default rate | E88: $/m3 | F88: =IF(F85=No,0,Concrete_for_holes_rate) -> 0 | G88: =IF(G85=No,0,Concrete_for_holes_rate) -> 0 | H88: =IF(H85=No,0,Concrete_for_holes_rate) -> 0 | I88: =IF(I85=No,0,Concrete_for_holes_rate) -> 0 | J88: =IF(J85=No,0,Concrete_for_holes_rate) -> 0 | K88: =IF(K85=No,0,Concrete_for_holes_rate) -> 0 | L88: =IF(L85=No,0,Concrete_for_holes_rate) -> 0 | M88: =IF(M85=No,0,Concrete_for_holes_rate) -> 0
D89: Alternate rate | E89: $/m3
D90: Cost to purchase concrete | E90: $ | F90: =F87*IF(F89="",F88,F89) -> 0 | G90: =G87*IF(G89="",G88,G89) -> 0 | H90: =H87*IF(H89="",H88,H89) -> 0 | I90: =I87*IF(I89="",I88,I89) -> 0 | J90: =J87*IF(J89="",J88,J89) -> 0 | K90: =K87*IF(K89="",K88,K89) -> 0 | L90: =L87*IF(L89="",L88,L89) -> 0 | M90: =M87*IF(M89="",M88,M89) -> 0
D91: Distance to haul concrete | E91: Select | F91: 40 to 45 km | G91: 40 to 45 km | H91: 40 to 45 km | I91: 40 to 45 km | J91: 40 to 45 km | K91: 40 to 45 km | L91: 40 to 45 km | M91: 40 to 45 km
D92: Default rate | E92: $/m3-km | F92: =IF(F85=No,0,_xlfn.XLOOKUP(F91,Long_haul_concrete_plug_distances_CS,Long_haul_concrete_plug_rates_CS)) -> 0 | G92: =IF(G85=No,0,_xlfn.XLOOKUP(G91,Long_haul_concrete_plug_distances_CS,Long_haul_concrete_plug_rates_CS)) -> 0 | H92: =IF(H85=No,0,_xlfn.XLOOKUP(H91,Long_haul_concrete_plug_distances_CS,Long_haul_concrete_plug_rates_CS)) -> 0 | I92: =IF(I85=No,0,_xlfn.XLOOKUP(I91,Long_haul_concrete_plug_distances_CS,Long_haul_concrete_plug_rates_CS)) -> 0 | J92: =IF(J85=No,0,_xlfn.XLOOKUP(J91,Long_haul_concrete_plug_distances_CS,Long_haul_concrete_plug_rates_CS)) -> 0 | K92: =IF(K85=No,0,_xlfn.XLOOKUP(K91,Long_haul_concrete_plug_distances_CS,Long_haul_concrete_plug_rates_CS)) -> 0 | L92: =IF(L85=No,0,_xlfn.XLOOKUP(L91,Long_haul_concrete_plug_distances_CS,Long_haul_concrete_plug_rates_CS)) -> 0 | M92: =IF(M85=No,0,_xlfn.XLOOKUP(M91,Long_haul_concrete_plug_distances_CS,Long_haul_concrete_plug_rates_CS)) -> 0
D93: Alternate rate | E93: $/m3-km
D94: Cost to load and haul concrete | E94: $/hole | F94: =F87*_xlfn.XLOOKUP(F91,Long_haul_distance_names_L,Long_haul_distances_average_L)*IF(F93="",F92,F93) -> 0 | G94: =G87*_xlfn.XLOOKUP(G91,Long_haul_distance_names_L,Long_haul_distances_average_L)*IF(G93="",G92,G93) -> 0 | H94: =H87*_xlfn.XLOOKUP(H91,Long_haul_distance_names_L,Long_haul_distances_average_L)*IF(H93="",H92,H93) -> 0 | I94: =I87*_xlfn.XLOOKUP(I91,Long_haul_distance_names_L,Long_haul_distances_average_L)*IF(I93="",I92,I93) -> 0 | J94: =J87*_xlfn.XLOOKUP(J91,Long_haul_distance_names_L,Long_haul_distances_average_L)*IF(J93="",J92,J93) -> 0 | K94: =K87*_xlfn.XLOOKUP(K91,Long_haul_distance_names_L,Long_haul_distances_average_L)*IF(K93="",K92,K93) -> 0 | L94: =L87*_xlfn.XLOOKUP(L91,Long_haul_distance_names_L,Long_haul_distances_average_L)*IF(L93="",L92,L93) -> 0 | M94: =M87*_xlfn.XLOOKUP(M91,Long_haul_distance_names_L,Long_haul_distances_average_L)*IF(M93="",M92,M93) -> 0
D95: Default rate | E95: $/shaft-m2 | F95: ='Cost Schedule'!$D$992 -> 2636.8439 | G95: ='Cost Schedule'!$D$992 -> 2636.8439 | H95: ='Cost Schedule'!$D$992 -> 2636.8439 | I95: ='Cost Schedule'!$D$992 -> 2636.8439 | J95: ='Cost Schedule'!$D$992 -> 2636.8439 | K95: ='Cost Schedule'!$D$992 -> 2636.8439 | L95: ='Cost Schedule'!$D$992 -> 2636.8439 | M95: ='Cost Schedule'!$D$992 -> 2636.8439
D96: Default rate | E96: $/shaft | F96: =F95*F67 -> 0 | G96: =G95*G67 -> 0 | H96: =H95*H67 -> 0 | I96: =I95*I67 -> 0 | J96: =J95*J67 -> 0 | K96: =K95*K67 -> 0 | L96: =L95*L67 -> 0 | M96: =M95*M67 -> 0
D97: Alternate rate | E97: $/shaft
D98: Cost to load and haul backfill | E98: $ | F98: =IF(F97="",F96,F97) -> 0 | G98: =IF(G97="",G96,G97) -> 0 | H98: =IF(H97="",H96,H97) -> 0 | I98: =IF(I97="",I96,I97) -> 0 | J98: =IF(J97="",J96,J97) -> 0 | K98: =IF(K97="",K96,K97) -> 0 | L98: =IF(L97="",L96,L97) -> 0 | M98: =IF(M97="",M96,M97) -> 0
B99: Cover with steel plate | C99: Hoisting shaft (cover) | D99: Will shaft be covered with steel plate? | E99: Select | F99: No | G99: No | H99: No | I99: No | J99: No | K99: No | L99: No | M99: No
D100: Default rate | E100: $/item | F100: =IF(F99=No,0,'Cost Schedule'!$D$1001) -> 0 | G100: =IF(G99=No,0,'Cost Schedule'!$D$1001) -> 0 | H100: =IF(H99=No,0,'Cost Schedule'!$D$1001) -> 0 | I100: =IF(I99=No,0,'Cost Schedule'!$D$1001) -> 0 | J100: =IF(J99=No,0,'Cost Schedule'!$D$1001) -> 0 | K100: =IF(K99=No,0,'Cost Schedule'!$D$1001) -> 0 | L100: =IF(L99=No,0,'Cost Schedule'!$D$1001) -> 0 | M100: =IF(M99=No,0,'Cost Schedule'!$D$1001) -> 0
D101: Alternate rate | E101: $/item
D102: Cost | E102: $ | F102: =IF(F101="",F100,F101) -> 0 | G102: =IF(G101="",G100,G101) -> 0 | H102: =IF(H101="",H100,H101) -> 0 | I102: =IF(I101="",I100,I101) -> 0 | J102: =IF(J101="",J100,J101) -> 0 | K102: =IF(K101="",K100,K101) -> 0 | L102: =IF(L101="",L100,L101) -> 0 | M102: =IF(M101="",M100,M101) -> 0
...

Sheet Infrastructure Area
C2: =Name_main -> Rehabilitation Cost Estimate Tool - Mining New South Wales
C3: =CONCATENATE(CompanyName," - ",Mine_Name) -> Boral Cement - Marulan South Limestone Mine
C4: Total RCE | D4: =Grand_total -> 27655414
C5: Infrastructure Area | D5: =SUM(G5:P5) -> 5086797.4 | E5: RCE Summary | F5: Total cost | G5: =G15+G21+G53+G72+G78+G88+G103+G109+G116+G122+G132+G138+G143+G149+G169+G184+G190+G211+G228+G234+G270+G300+G331+G348+G372+G410+G427 -> 4028474.5 | H5: =H15+H21+H53+H72+H78+H88+H103+H109+H116+H122+H132+H138+H143+H149+H169+H184+H190+H211+H228+H234+H270+H300+H331+H348+H372+H410+H427 -> 978696.26 | I5: =I15+I21+I53+I72+I78+I88+I103+I109+I116+I122+I132+I138+I143+I149+I169+I184+I190+I211+I228+I234+I270+I300+I331+I348+I372+I410+I427 -> 56297.6 | J5: =J15+J21+J53+J72+J78+J88+J103+J109+J116+J122+J132+J138+J143+J149+J169+J184+J190+J211+J228+J234+J270+J300+J331+J348+J372+J410+J427 -> 8464.566 | K5: =K15+K21+K53+K72+K78+K88+K103+K109+K116+K122+K132+K138+K143+K149+K169+K184+K190+K211+K228+K234+K270+K300+K331+K348+K372+K410+K427 -> 14864.482 | L5: =L15+L21+L53+L72+L78+L88+L103+L109+L116+L122+L132+L138+L143+L149+L169+L184+L190+L211+L228+L234+L270+L300+L331+L348+L372+L410+L427 -> 0 | M5: =M15+M21+M53+M72+M78+M88+M103+M109+M116+M122+M132+M138+M143+M149+M169+M184+M190+M211+M228+M234+M270+M300+M331+M348+M372+M410+M427 -> 0 | N5: =N15+N21+N53+N72+N78+N88+N103+N109+N116+N122+N132+N138+N143+N149+N169+N184+N190+N211+N228+N234+N270+N300+N331+N348+N372+N410+N427 -> 0 | ... P5: =P15+P21+P53+P72+P78+P88+P103+P109+P116+P122+P132+P138+P143+P149+P169+P184+P190+P211+P228+P234+P270+P300+P331+P348+P372+P410+P427 -> 0
C7: Activity | D7: Element | E7: Quantity Name | F7: Unit Name> | G7: all Infrastructure | H7: all Infrastructure | I7: all Infrastructure | J7: all Infrastructure | K7: all Infrastructure | L7: Enter name of Single Item or Group of Items | M7: Enter name of Single Item or Group of Items | N7: Enter name of Single Item or Group of Items | O7: Enter name of Single Item or Group of Items | P7: Enter name of Single Item or Group of Items | Q7: User Notes (including justification for alternate rates) | R7: Department Notes
C8: Notes
C9: GIS | D9: Areas in each column. | E9: GIS reference / Object ID | G9: Infrastructure | H9: Infrastructure | I9: Infrastructure | J9: Infrastructure | K9: Infrastructure | R9: This is an optional field that can be used by large mines to identify the location of the relevant feature. Large mines should populate the GIS Reference field with the Object ID number of the relevant feature from the spatial data submitted to the Mine Rehabilitation Portal. (Note: this is not required for small mines).
C10: Disconnect services (all) | D10: Mine | E10: Type | F10: Select | G10: Disconnect utilities - major site | H10: Disconnect utilities - remote site | I10: Disconnect utilities - remote site | J10: Remove underground utilities | K10: Remove underground utilities | L10: Remove underground utilities | M10: Remove underground utilities | N10: Remove underground utilities | O10: Remove underground utilities | P10: Remove underground utilities
E11: Qty | G11: 1
E12: Default Rate | F12: $/site | G12: =_xlfn.XLOOKUP(G10,Utilities_names_CS,Utilities_rates_CS) -> 35223.859 | H12: =_xlfn.XLOOKUP(H10,Utilities_names_CS,Utilities_rates_CS) -> 6300.8165 | I12: =_xlfn.XLOOKUP(I10,Utilities_names_CS,Utilities_rates_CS) -> 6300.8165 | J12: =_xlfn.XLOOKUP(J10,Utilities_names_CS,Utilities_rates_CS) -> 51703.624 | K12: =_xlfn.XLOOKUP(K10,Utilities_names_CS,Utilities_rates_CS) -> 51703.624 | L12: =_xlfn.XLOOKUP(L10,Utilities_names_CS,Utilities_rates_CS) -> 51703.624 | M12: =_xlfn.XLOOKUP(M10,Utilities_names_CS,Utilities_rates_CS) -> 51703.624 | N12: =_xlfn.XLOOKUP(N10,Utilities_names_CS,Utilities_rates_CS) -> 51703.624 | ... P12: =_xlfn.XLOOKUP(P10,Utilities_names_CS,Utilities_rates_CS) -> 51703.624
E13: Alternate Rate | F13: $/site
E14: Cost | F14: $ | G14: =G11*IF(G13="",G12,G13) -> 35223.859 | H14: =H11*IF(H13="",H12,H13) -> 0 | I14: =I11*IF(I13="",I12,I13) -> 0 | J14: =J11*IF(J13="",J12,J13) -> 0 | K14: =K11*IF(K13="",K12,K13) -> 0 | L14: =L11*IF(L13="",L12,L13) -> 0 | M14: =M11*IF(M13="",M12,M13) -> 0 | N14: =N11*IF(N13="",N12,N13) -> 0 | ... P14: =P11*IF(P13="",P12,P13) -> 0
E15: =C10 -> Disconnect services (all) | F15: total | G15: =G14 -> 35223.859 | H15: =H14 -> 0 | I15: =I14 -> 0 | J15: =J14 -> 0 | K15: =K14 -> 0 | L15: =L14 -> 0 | M15: =M14 -> 0 | N15: =N14 -> 0 | ... P15: =P14 -> 0
C16: Remove and dispose / re-use fencing | D16: Mine | E16: Type | F16: Select | G16: Remove fence (cyclone/wire fence) | H16: Barbed 5 strand cattle fence | I16: Barbed 5 strand cattle fence | J16: Barbed 5 strand cattle fence | K16: Barbed 5 strand cattle fence | L16: Barbed 5 strand cattle fence | M16: Barbed 5 strand cattle fence | N16: Barbed 5 strand cattle fence | O16: Barbed 5 strand cattle fence | P16: Barbed 5 strand cattle fence
E17: Qty | F17: km
E18: Default Rate | F18: $/km | G18: =_xlfn.XLOOKUP(G16,Fencing_names_CS,Fencing_rates_CS) -> 22000 | H18: =_xlfn.XLOOKUP(H16,Fencing_names_CS,Fencing_rates_CS) -> 16995 | I18: =_xlfn.XLOOKUP(I16,Fencing_names_CS,Fencing_rates_CS) -> 16995 | J18: =_xlfn.XLOOKUP(J16,Fencing_names_CS,Fencing_rates_CS) -> 16995 | K18: =_xlfn.XLOOKUP(K16,Fencing_names_CS,Fencing_rates_CS) -> 16995 | L18: =_xlfn.XLOOKUP(L16,Fencing_names_CS,Fencing_rates_CS) -> 16995 | M18: =_xlfn.XLOOKUP(M16,Fencing_names_CS,Fencing_rates_CS) -> 16995 | N18: =_xlfn.XLOOKUP(N16,Fencing_names_CS,Fencing_rates_CS) -> 16995 | ... P18: =_xlfn.XLOOKUP(P16,Fencing_names_CS,Fencing_rates_CS) -> 16995
E19: Alternate Rate | F19: $/km
E20: Cost | F20: $ | G20: =G17*IF(G19="",G18,G19) -> 0 | H20: =H17*IF(H19="",H18,H19) -> 0 | I20: =I17*IF(I19="",I18,I19) -> 0 | J20: =J17*IF(J19="",J18,J19) -> 0 | K20: =K17*IF(K19="",K18,K19) -> 0 | L20: =L17*IF(L19="",L18,L19) -> 0 | M20: =M17*IF(M19="",M18,M19) -> 0 | N20: =N17*IF(N19="",N18,N19) -> 0 | ... P20: =P17*IF(P19="",P18,P19) -> 0
E21: =C16 -> Remove and dispose / re-use fencing | F21: total | G21: =G20 -> 0 | H21: =H20 -> 0 | I21: =I20 -> 0 | J21: =J20 -> 0 | K21: =K20 -> 0 | L21: =L20 -> 0 | M21: =M20 -> 0 | N21: =N20 -> 0 | ... P21: =P20 -> 0
C22: Haul roads restoration | E22: Tupe | F22: Select | G22: Haul Road with Rock Cover | H22: Haul Road with No Cover (Compacted Earth) | I22: Haul Road with No Cover (Compacted Earth) | J22: Haul Road with Rock Cover | K22: Haul Road with Rock Cover | L22: Haul Road with Rock Cover | M22: Haul Road with Rock Cover | N22: Haul Road with Rock Cover | O22: Haul Road with Rock Cover | P22: Haul Road with Rock Cover
E23: Vegetation | F23: Select | G23: Native | H23: Native | I23: Native | J23: Pasture | K23: Pasture | L23: Pasture | M23: Pasture | N23: Pasture | O23: Pasture | P23: Pasture
E24: Select measurement | F24: Select | G24: Area | H24: Area | I24: Area | J24: Area | K24: Area | L24: Area | M24: Area | N24: Area | O24: Area | P24: Area
E25: Quantity - total (km or ha) | F25: Unit below | G25: 16.2
E26: Unit of measure | F26: Unit | G26: =IF(G24=Length,km,ha) -> ha | H26: =IF(H24=Length,km,ha) -> ha | I26: =IF(I24=Length,km,ha) -> ha | J26: =IF(J24=Length,km,ha) -> ha | K26: =IF(K24=Length,km,ha) -> ha | L26: =IF(L24=Length,km,ha) -> ha | M26: =IF(M24=Length,km,ha) -> ha | N26: =IF(N24=Length,km,ha) -> ha | ... P26: =IF(P24=Length,km,ha) -> ha
E27: Default Rate | F27: =CONCATENATE("$/shown unit") -> $/shown unit | G27: =IF(AND(G24=Length,G23=Pasture),_xlfn.XLOOKUP(G22,Haul_roads_length_pasture_names_CS,Haul_roads_length_pasture_rates_CS),IF(AND(G24=Length,G23=Native),_xlfn.XLOOKUP(G22,Haul_roads_length_native_names_CS,Haul_roads_length_native_rates_CS),IF(AND(G24=Length,G23=Arid),_xlfn.XLOOKUP(G22,Haul_roads_length_arid_names_CS,Haul_roads_length_arid_rates_CS),IF(AND(G24=Area,G23=Pasture),_xlfn.XLOOKUP(G22,Haul_roads_area_pasture_names_CS,Haul_roads_area_pasture_rates_CS),IF(AND(G24=Area,G23=Native),_xlfn.XLOOKUP(G22,Haul_roads_area_native_names_CS,Haul_roads_area_native_rates_CS),IF(AND(G24=Area,G23=Arid),_xlfn.XLOOKUP(G22,Haul_roads_area_arid_names_CS,Haul_roads_area_arid_rates_CS))))))) -> 23378.118 | H27: =IF(AND(H24=Length,H23=Pasture),_xlfn.XLOOKUP(H22,Haul_roads_length_pasture_names_CS,Haul_roads_length_pasture_rates_CS),IF(AND(H24=Length,H23=Native),_xlfn.XLOOKUP(H22,Haul_roads_length_native_names_CS,Haul_roads_length_native_rates_CS),IF(AND(H24=Length,H23=Arid),_xlfn.XLOOKUP(H22,Haul_roads_length_arid_names_CS,Haul_roads_length_arid_rates_CS),IF(AND(H24=Area,H23=Pasture),_xlfn.XLOOKUP(H22,Haul_roads_area_pasture_names_CS,Haul_roads_area_pasture_rates_CS),IF(AND(H24=Area,H23=Native),_xlfn.XLOOKUP(H22,Haul_roads_area_native_names_CS,Haul_roads_area_native_rates_CS),IF(AND(H24=Area,H23=Arid),_xlfn.XLOOKUP(H22,Haul_roads_area_arid_names_CS,Haul_roads_area_arid_rates_CS))))))) -> 7244.4487 | I27: =IF(AND(I24=Length,I23=Pasture),_xlfn.XLOOKUP(I22,Haul_roads_length_pasture_names_CS,Haul_roads_length_pasture_rates_CS),IF(AND(I24=Length,I23=Native),_xlfn.XLOOKUP(I22,Haul_roads_length_native_names_CS,Haul_roads_length_native_rates_CS),IF(AND(I24=Length,I23=Arid),_xlfn.XLOOKUP(I22,Haul_roads_length_arid_names_CS,Haul_roads_length_arid_rates_CS),IF(AND(I24=Area,I23=Pasture),_xlfn.XLOOKUP(I22,Haul_roads_area_pasture_names_CS,Haul_roads_area_pasture_rates_CS),IF(AND(I24=Area,I23=Native),_xlfn.XLOOKUP(I22,Haul_roads_area_native_names_CS,Haul_roads_area_native_rates_CS),IF(AND(I24=Area,I23=Arid),_xlfn.XLOOKUP(I22,Haul_roads_area_arid_names_CS,Haul_roads_area_arid_rates_CS))))))) -> 7244.4487 | J27: =IF(AND(J24=Length,J23=Pasture),_xlfn.XLOOKUP(J22,Haul_roads_length_pasture_names_CS,Haul_roads_length_pasture_rates_CS),IF(AND(J24=Length,J23=Native),_xlfn.XLOOKUP(J22,Haul_roads_length_native_names_CS,Haul_roads_length_native_rates_CS),IF(AND(J24=Length,J23=Arid),_xlfn.XLOOKUP(J22,Haul_roads_length_arid_names_CS,Haul_roads_length_arid_rates_CS),IF(AND(J24=Area,J23=Pasture),_xlfn.XLOOKUP(J22,Haul_roads_area_pasture_names_CS,Haul_roads_area_pasture_rates_CS),IF(AND(J24=Area,J23=Native),_xlfn.XLOOKUP(J22,Haul_roads_area_native_names_CS,Haul_roads_area_native_rates_CS),IF(AND(J24=Area,J23=Arid),_xlfn.XLOOKUP(J22,Haul_roads_area_arid_names_CS,Haul_roads_area_arid_rates_CS))))))) -> 21965.771 | K27: =IF(AND(K24=Length,K23=Pasture),_xlfn.XLOOKUP(K22,Haul_roads_length_pasture_names_CS,Haul_roads_length_pasture_rates_CS),IF(AND(K24=Length,K23=Native),_xlfn.XLOOKUP(K22,Haul_roads_length_native_names_CS,Haul_roads_length_native_rates_CS),IF(AND(K24=Length,K23=Arid),_xlfn.XLOOKUP(K22,Haul_roads_length_arid_names_CS,Haul_roads_length_arid_rates_CS),IF(AND(K24=Area,K23=Pasture),_xlfn.XLOOKUP(K22,Haul_roads_area_pasture_names_CS,Haul_roads_area_pasture_rates_CS),IF(AND(K24=Area,K23=Native),_xlfn.XLOOKUP(K22,Haul_roads_area_native_names_CS,Haul_roads_area_native_rates_CS),IF(AND(K24=Area,K23=Arid),_xlfn.XLOOKUP(K22,Haul_roads_area_arid_names_CS,Haul_roads_area_arid_rates_CS))))))) -> 21965.771 | L27: =IF(AND(L24=Length,L23=Pasture),_xlfn.XLOOKUP(L22,Haul_roads_length_pasture_names_CS,Haul_roads_length_pasture_rates_CS),IF(AND(L24=Length,L23=Native),_xlfn.XLOOKUP(L22,Haul_roads_length_native_names_CS,Haul_roads_length_native_rates_CS),IF(AND(L24=Length,L23=Arid),_xlfn.XLOOKUP(L22,Haul_roads_length_arid_names_CS,Haul_roads_length_arid_rates_CS),IF(AND(L24=Area,L23=Pasture),_xlfn.XLOOKUP(L22,Haul_roads_area_pasture_names_CS,Haul_roads_area_pasture_rates_CS),IF(AND(L24=Area,L23=Native),_xlfn.XLOOKUP(L22,Haul_roads_area_native_names_CS,Haul_roads_area_native_rates_CS),IF(AND(L24=Area,L23=Arid),_xlfn.XLOOKUP(L22,Haul_roads_area_arid_names_CS,Haul_roads_area_arid_rates_CS))))))) -> 21965.771 | M27: =IF(AND(M24=Length,M23=Pasture),_xlfn.XLOOKUP(M22,Haul_roads_length_pasture_names_CS,Haul_roads_length_pasture_rates_CS),IF(AND(M24=Length,M23=Native),_xlfn.XLOOKUP(M22,Haul_roads_length_native_names_CS,Haul_roads_length_native_rates_CS),IF(AND(M24=Length,M23=Arid),_xlfn.XLOOKUP(M22,Haul_roads_length_arid_names_CS,Haul_roads_length_arid_rates_CS),IF(AND(M24=Area,M23=Pasture),_xlfn.XLOOKUP(M22,Haul_roads_area_pasture_names_CS,Haul_roads_area_pasture_rates_CS),IF(AND(M24=Area,M23=Native),_xlfn.XLOOKUP(M22,Haul_roads_area_native_names_CS,Haul_roads_area_native_rates_CS),IF(AND(M24=Area,M23=Arid),_xlfn.XLOOKUP(M22,Haul_roads_area_arid_names_CS,Haul_roads_area_arid_rates_CS))))))) -> 21965.771 | N27: =IF(AND(N24=Length,N23=Pasture),_xlfn.XLOOKUP(N22,Haul_roads_length_pasture_names_CS,Haul_roads_length_pasture_rates_CS),IF(AND(N24=Length,N23=Native),_xlfn.XLOOKUP(N22,Haul_roads_length_native_names_CS,Haul_roads_length_native_rates_CS),IF(AND(N24=Length,N23=Arid),_xlfn.XLOOKUP(N22,Haul_roads_length_arid_names_CS,Haul_roads_length_arid_rates_CS),IF(AND(N24=Area,N23=Pasture),_xlfn.XLOOKUP(N22,Haul_roads_area_pasture_names_CS,Haul_roads_area_pasture_rates_CS),IF(AND(N24=Area,N23=Native),_xlfn.XLOOKUP(N22,Haul_roads_area_native_names_CS,Haul_roads_area_native_rates_CS),IF(AND(N24=Area,N23=Arid),_xlfn.XLOOKUP(N22,Haul_roads_area_arid_names_CS,Haul_roads_area_arid_rates_CS))))))) -> 21965.771 | ... P27: =IF(AND(P24=Length,P23=Pasture),_xlfn.XLOOKUP(P22,Haul_roads_length_pasture_names_CS,Haul_roads_length_pasture_rates_CS),IF(AND(P24=Length,P23=Native),_xlfn.XLOOKUP(P22,Haul_roads_length_native_names_CS,Haul_roads_length_native_rates_CS),IF(AND(P24=Length,P23=Arid),_xlfn.XLOOKUP(P22,Haul_roads_length_arid_names_CS,Haul_roads_length_arid_rates_CS),IF(AND(P24=Area,P23=Pasture),_xlfn.XLOOKUP(P22,Haul_roads_area_pasture_names_CS,Haul_roads_area_pasture_rates_CS),IF(AND(P24=Area,P23=Native),_xlfn.XLOOKUP(P22,Haul_roads_area_native_names_CS,Haul_roads_area_native_rates_CS),IF(AND(P24=Area,P23=Arid),_xlfn.XLOOKUP(P22,Haul_roads_area_arid_names_CS,Haul_roads_area_arid_rates_CS))))))) -> 21965.771
E28: Alternate Rate | F28: =CONCATENATE("$/shown unit") -> $/shown unit
E29: Cost | F29: $ | G29: =G25*IF(G28="",G27,G28) -> 378725.51 | H29: =H25*IF(H28="",H27,H28) -> 0 | I29: =I25*IF(I28="",I27,I28) -> 0 | J29: =J25*IF(J28="",J27,J28) -> 0 | K29: =K25*IF(K28="",K27,K28) -> 0 | L29: =L25*IF(L28="",L27,L28) -> 0 | M29: =M25*IF(M28="",M27,M28) -> 0 | N29: =N25*IF(N28="",N27,N28) -> 0 | ... P29: =P25*IF(P28="",P27,P28) -> 0
C30: Tracks restoration | E30: Select type | F30: Select | G30: Track / Park-up with Rock / Gravel / Bitumen Cover | H30: Track / Park-up with Rock / Gravel / Bitumen Cover | I30: Track / Park-up with No Cover (Compacted Earth) | J30: Track / Park-up with Minimal Work,windrows, No vegetation | K30: Track / Park-up with Minimal Work,windrows, No vegetation | L30: Track / Park-up with Minimal Work,windrows, No vegetation | M30: Track / Park-up with Minimal Work,windrows, No vegetation | N30: Track / Park-up with Minimal Work,windrows, No vegetation | O30: Track / Park-up with Minimal Work,windrows, No vegetation | P30: Track / Park-up with Minimal Work,windrows, No vegetation
E31: Select land type | F31: Select | G31: Arid | H31: Native | I31: Pasture | J31: Pasture | K31: Pasture | L31: Pasture | M31: Pasture | N31: Pasture | O31: Pasture | P31: Pasture
E32: Select measurement | F32: Select | G32: Length | H32: Length | I32: Length | J32: Area | K32: Area | L32: Area | M32: Area | N32: Area | O32: Area | P32: Area
E33: Quantity - total (of km or ha) | F33: Unit below
E34: Unit of measure | F34: Unit | G34: =IF(G32=Length,km,ha) -> km | H34: =IF(H32=Length,km,ha) -> km | I34: =IF(I32=Length,km,ha) -> km | J34: =IF(J32=Length,km,ha) -> ha | K34: =IF(K32=Length,km,ha) -> ha | L34: =IF(L32=Length,km,ha) -> ha | M34: =IF(M32=Length,km,ha) -> ha | N34: =IF(N32=Length,km,ha) -> ha | ... P34: =IF(P32=Length,km,ha) -> ha
E35: Default Rate by length | F35: =CONCATENATE("$/shown unit") -> $/shown unit | G35: =IF(AND(G32=Length,G31=Pasture),_xlfn.XLOOKUP(G30,Track_length_pasture_names_CS,Track_length_pasture_rates_CS),IF(AND(G32=Length,G31=Native),_xlfn.XLOOKUP(G30,Track_length_native_names_CS,Track_length_native_rates_CS),IF(AND(G32=Length,G31=Arid),_xlfn.XLOOKUP(G30,Track_length_arid_names_CS,Track_length_arid_rates_CS),IF(AND(G32=Area,G31=Pasture),_xlfn.XLOOKUP(G30,Track_area_pasture_names_CS,Track_area_pasture_rates_CS),IF(AND(G32=Area,G31=Native),_xlfn.XLOOKUP(G30,Track_area_native_names_CS,Track_area_native_rates_CS),IF(AND(G32=Area,G31=Arid),_xlfn.XLOOKUP(G30,Track_area_arid_names_CS,Track_area_arid_rates_CS))))))) -> 7597.6114 | H35: =IF(AND(H32=Length,H31=Pasture),_xlfn.XLOOKUP(H30,Track_length_pasture_names_CS,Track_length_pasture_rates_CS),IF(AND(H32=Length,H31=Native),_xlfn.XLOOKUP(H30,Track_length_native_names_CS,Track_length_native_rates_CS),IF(AND(H32=Length,H31=Arid),_xlfn.XLOOKUP(H30,Track_length_arid_names_CS,Track_length_arid_rates_CS),IF(AND(H32=Area,H31=Pasture),_xlfn.XLOOKUP(H30,Track_area_pasture_names_CS,Track_area_pasture_rates_CS),IF(AND(H32=Area,H31=Native),_xlfn.XLOOKUP(H30,Track_area_native_names_CS,Track_area_native_rates_CS),IF(AND(H32=Area,H31=Arid),_xlfn.XLOOKUP(H30,Track_area_arid_names_CS,Track_area_arid_rates_CS))))))) -> 10101.299 | I35: =IF(AND(I32=Length,I31=Pasture),_xlfn.XLOOKUP(I30,Track_length_pasture_names_CS,Track_length_pasture_rates_CS),IF(AND(I32=Length,I31=Native),_xlfn.XLOOKUP(I30,Track_length_native_names_CS,Track_length_native_rates_CS),IF(AND(I32=Length,I31=Arid),_xlfn.XLOOKUP(I30,Track_length_arid_names_CS,Track_length_arid_rates_CS),IF(AND(I32=Area,I31=Pasture),_xlfn.XLOOKUP(I30,Track_area_pasture_names_CS,Track_area_pasture_rates_CS),IF(AND(I32=Area,I31=Native),_xlfn.XLOOKUP(I30,Track_area_native_names_CS,Track_area_native_rates_CS),IF(AND(I32=Area,I31=Arid),_xlfn.XLOOKUP(I30,Track_area_arid_names_CS,Track_area_arid_rates_CS))))))) -> 3700.508 | J35: =IF(AND(J32=Length,J31=Pasture),_xlfn.XLOOKUP(J30,Track_length_pasture_names_CS,Track_length_pasture_rates_CS),IF(AND(J32=Length,J31=Native),_xlfn.XLOOKUP(J30,Track_length_native_names_CS,Track_length_native_rates_CS),IF(AND(J32=Length,J31=Arid),_xlfn.XLOOKUP(J30,Track_length_arid_names_CS,Track_length_arid_rates_CS),IF(AND(J32=Area,J31=Pasture),_xlfn.XLOOKUP(J30,Track_area_pasture_names_CS,Track_area_pasture_rates_CS),IF(AND(J32=Area,J31=Native),_xlfn.XLOOKUP(J30,Track_area_native_names_CS,Track_area_native_rates_CS),IF(AND(J32=Area,J31=Arid),_xlfn.XLOOKUP(J30,Track_area_arid_names_CS,Track_area_arid_rates_CS))))))) -> 1805.4927 | K35: =IF(AND(K32=Length,K31=Pasture),_xlfn.XLOOKUP(K30,Track_length_pasture_names_CS,Track_length_pasture_rates_CS),IF(AND(K32=Length,K31=Native),_xlfn.XLOOKUP(K30,Track_length_native_names_CS,Track_length_native_rates_CS),IF(AND(K32=Length,K31=Arid),_xlfn.XLOOKUP(K30,Track_length_arid_names_CS,Track_length_arid_rates_CS),IF(AND(K32=Area,K31=Pasture),_xlfn.XLOOKUP(K30,Track_area_pasture_names_CS,Track_area_pasture_rates_CS),IF(AND(K32=Area,K31=Native),_xlfn.XLOOKUP(K30,Track_area_native_names_CS,Track_area_native_rates_CS),IF(AND(K32=Area,K31=Arid),_xlfn.XLOOKUP(K30,Track_area_arid_names_CS,Track_area_arid_rates_CS))))))) -> 1805.4927 | L35: =IF(AND(L32=Length,L31=Pasture),_xlfn.XLOOKUP(L30,Track_length_pasture_names_CS,Track_length_pasture_rates_CS),IF(AND(L32=Length,L31=Native),_xlfn.XLOOKUP(L30,Track_length_native_names_CS,Track_length_native_rates_CS),IF(AND(L32=Length,L31=Arid),_xlfn.XLOOKUP(L30,Track_length_arid_names_CS,Track_length_arid_rates_CS),IF(AND(L32=Area,L31=Pasture),_xlfn.XLOOKUP(L30,Track_area_pasture_names_CS,Track_area_pasture_rates_CS),IF(AND(L32=Area,L31=Native),_xlfn.XLOOKUP(L30,Track_area_native_names_CS,Track_area_native_rates_CS),IF(AND(L32=Area,L31=Arid),_xlfn.XLOOKUP(L30,Track_area_arid_names_CS,Track_area_arid_rates_CS))))))) -> 1805.4927 | M35: =IF(AND(M32=Length,M31=Pasture),_xlfn.XLOOKUP(M30,Track_length_pasture_names_CS,Track_length_pasture_rates_CS),IF(AND(M32=Length,M31=Native),_xlfn.XLOOKUP(M30,Track_length_native_names_CS,Track_length_native_rates_CS),IF(AND(M32=Length,M31=Arid),_xlfn.XLOOKUP(M30,Track_length_arid_names_CS,Track_length_arid_rates_CS),IF(AND(M32=Area,M31=Pasture),_xlfn.XLOOKUP(M30,Track_area_pasture_names_CS,Track_area_pasture_rates_CS),IF(AND(M32=Area,M31=Native),_xlfn.XLOOKUP(M30,Track_area_native_names_CS,Track_area_native_rates_CS),IF(AND(M32=Area,M31=Arid),_xlfn.XLOOKUP(M30,Track_area_arid_names_CS,Track_area_arid_rates_CS))))))) -> 1805.4927 | N35: =IF(AND(N32=Length,N31=Pasture),_xlfn.XLOOKUP(N30,Track_length_pasture_names_CS,Track_length_pasture_rates_CS),IF(AND(N32=Length,N31=Native),_xlfn.XLOOKUP(N30,Track_length_native_names_CS,Track_length_native_rates_CS),IF(AND(N32=Length,N31=Arid),_xlfn.XLOOKUP(N30,Track_length_arid_names_CS,Track_length_arid_rates_CS),IF(AND(N32=Area,N31=Pasture),_xlfn.XLOOKUP(N30,Track_area_pasture_names_CS,Track_area_pasture_rates_CS),IF(AND(N32=Area,N31=Native),_xlfn.XLOOKUP(N30,Track_area_native_names_CS,Track_area_native_rates_CS),IF(AND(N32=Area,N31=Arid),_xlfn.XLOOKUP(N30,Track_area_arid_names_CS,Track_area_arid_rates_CS))))))) -> 1805.4927 | ... P35: =IF(AND(P32=Length,P31=Pasture),_xlfn.XLOOKUP(P30,Track_length_pasture_names_CS,Track_length_pasture_rates_CS),IF(AND(P32=Length,P31=Native),_xlfn.XLOOKUP(P30,Track_length_native_names_CS,Track_length_native_rates_CS),IF(AND(P32=Length,P31=Arid),_xlfn.XLOOKUP(P30,Track_length_arid_names_CS,Track_length_arid_rates_CS),IF(AND(P32=Area,P31=Pasture),_xlfn.XLOOKUP(P30,Track_area_pasture_names_CS,Track_area_pasture_rates_CS),IF(AND(P32=Area,P31=Native),_xlfn.XLOOKUP(P30,Track_area_native_names_CS,Track_area_native_rates_CS),IF(AND(P32=Area,P31=Arid),_xlfn.XLOOKUP(P30,Track_area_arid_names_CS,Track_area_arid_rates_CS))))))) -> 1805.4927
E36: Alternate Rate by length | F36: =CONCATENATE("$/shown unit") -> $/shown unit
E37: Cost | F37: $ | G37: =G33*IF(G36="",G35,G36) -> 0 | H37: =H33*IF(H36="",H35,H36) -> 0 | I37: =I33*IF(I36="",I35,I36) -> 0 | J37: =J33*IF(J36="",J35,J36) -> 0 | K37: =K33*IF(K36="",K35,K36) -> 0 | L37: =L33*IF(L36="",L35,L36) -> 0 | M37: =M33*IF(M36="",M35,M36) -> 0 | N37: =N33*IF(N36="",N35,N36) -> 0 | ... P37: =P33*IF(P36="",P35,P36) -> 0
C38: Laydown restoration | E38: Select type | F38: Select | G38: Laydown with No Cover (Compacted Earth) in Native | H38: Laydown with No Cover (Compacted Earth) in Native | I38: Laydown with No Cover (Compacted Earth) in Native | J38: Laydown with Minimal Work, No vegetation in Pasture | K38: Laydown with Minimal Work, No vegetation in Pasture | L38: Laydown with Minimal Work, No vegetation in Pasture | M38: Laydown with Minimal Work, No vegetation in Pasture | N38: Laydown with Minimal Work, No vegetation in Pasture | O38: Laydown with Minimal Work, No vegetation in Pasture | P38: Laydown with Minimal Work, No vegetation in Pasture
E39: Area | F39: ha | G39: 6.4
E40: Default rate | F40: $/ha | G40: =_xlfn.XLOOKUP(G38,Laydown_names_CS,Laydown_rates_CS) -> 18830.728 | H40: =_xlfn.XLOOKUP(H38,Laydown_names_CS,Laydown_rates_CS) -> 18830.728 | I40: =_xlfn.XLOOKUP(I38,Laydown_names_CS,Laydown_rates_CS) -> 18830.728 | J40: =_xlfn.XLOOKUP(J38,Laydown_names_CS,Laydown_rates_CS) -> 1230.1934 | K40: =_xlfn.XLOOKUP(K38,Laydown_names_CS,Laydown_rates_CS) -> 1230.1934 | L40: =_xlfn.XLOOKUP(L38,Laydown_names_CS,Laydown_rates_CS) -> 1230.1934 | M40: =_xlfn.XLOOKUP(M38,Laydown_names_CS,Laydown_rates_CS) -> 1230.1934 | N40: =_xlfn.XLOOKUP(N38,Laydown_names_CS,Laydown_rates_CS) -> 1230.1934 | ... P40: =_xlfn.XLOOKUP(P38,Laydown_names_CS,Laydown_rates_CS) -> 1230.1934
E41: Alternate rate | F41: $/ha
E42: Cost | F42: $ | G42: =G39*IF(G41="",G40,G41) -> 120516.66 | H42: =H39*IF(H41="",H40,H41) -> 0 | I42: =I39*IF(I41="",I40,I41) -> 0 | J42: =J39*IF(J41="",J40,J41) -> 0 | K42: =K39*IF(K41="",K40,K41) -> 0 | L42: =L39*IF(L41="",L40,L41) -> 0 | M42: =M39*IF(M41="",M40,M41) -> 0 | N42: =N39*IF(N41="",N40,N41) -> 0 | ... P42: =P39*IF(P41="",P40,P41) -> 0
C43: Airstrip restoration | E43: Select type | F43: Select | G43: Airstrip with no cover | H43: Airstrip with no cover | I43: Airstrip with no cover | J43: Airstrip with no cover | K43: Airstrip with no cover | L43: Airstrip with no cover | M43: Airstrip with no cover | N43: Airstrip with no cover | O43: Airstrip with no cover | P43: Airstrip with no cover
E44: Area | F44: ha
E45: Default rate | F45: $/ha | G45: =_xlfn.XLOOKUP(G43,Airstrip_names_CS,Airstrip_rates_CS) -> 8371.1507 | H45: =_xlfn.XLOOKUP(H43,Airstrip_names_CS,Airstrip_rates_CS) -> 8371.1507 | I45: =_xlfn.XLOOKUP(I43,Airstrip_names_CS,Airstrip_rates_CS) -> 8371.1507 | J45: =_xlfn.XLOOKUP(J43,Airstrip_names_CS,Airstrip_rates_CS) -> 8371.1507 | K45: =_xlfn.XLOOKUP(K43,Airstrip_names_CS,Airstrip_rates_CS) -> 8371.1507 | L45: =_xlfn.XLOOKUP(L43,Airstrip_names_CS,Airstrip_rates_CS) -> 8371.1507 | M45: =_xlfn.XLOOKUP(M43,Airstrip_names_CS,Airstrip_rates_CS) -> 8371.1507 | N45: =_xlfn.XLOOKUP(N43,Airstrip_names_CS,Airstrip_rates_CS) -> 8371.1507 | ... P45: =_xlfn.XLOOKUP(P43,Airstrip_names_CS,Airstrip_rates_CS) -> 8371.1507
E46: Alternate rate | F46: $/ha
E47: Cost | F47: $ | G47: =G44*IF(G46="",G45,G46) -> 0 | H47: =H44*IF(H46="",H45,H46) -> 0 | I47: =I44*IF(I46="",I45,I46) -> 0 | J47: =J44*IF(J46="",J45,J46) -> 0 | K47: =K44*IF(K46="",K45,K46) -> 0 | L47: =L44*IF(L46="",L45,L46) -> 0 | M47: =M44*IF(M46="",M45,M46) -> 0 | N47: =N44*IF(N46="",N45,N46) -> 0 | ... P47: =P44*IF(P46="",P45,P46) -> 0
C48: Concrete pads and footings (not associated with buildings, tanks, etc) | E48: Thickness category | F48: Select | G48: Concrete Pads and Footings (<= 0.3 m thick) | H48: Concrete Pads and Footings (>0.3 m thick) | I48: Concrete Pads and Footings (<= 0.3 m thick) | J48: Concrete Pads and Footings (<= 0.3 m thick) | K48: Concrete Pads and Footings (<= 0.3 m thick) | L48: Concrete Pads and Footings (<= 0.3 m thick) | M48: Concrete Pads and Footings (<= 0.3 m thick) | N48: Concrete Pads and Footings (<= 0.3 m thick) | O48: Concrete Pads and Footings (<= 0.3 m thick) | P48: Concrete Pads and Footings (<= 0.3 m thick)
E49: Area | F49: m2 | G49: =37000-H49 -> 22500 | H49: 14500
E50: Default rate | F50: $/m2 | G50: =_xlfn.XLOOKUP(G48,'Cost Schedule'!$C$1102:$C$1103,'Cost Schedule'!$D$1102:$D$1103) -> 30.641988 | H50: =_xlfn.XLOOKUP(H48,'Cost Schedule'!$C$1102:$C$1103,'Cost Schedule'!$D$1102:$D$1103) -> 61.283977 | I50: =_xlfn.XLOOKUP(I48,'Cost Schedule'!$C$1102:$C$1103,'Cost Schedule'!$D$1102:$D$1103) -> 30.641988 | J50: =_xlfn.XLOOKUP(J48,'Cost Schedule'!$C$1102:$C$1103,'Cost Schedule'!$D$1102:$D$1103) -> 30.641988 | K50: =_xlfn.XLOOKUP(K48,'Cost Schedule'!$C$1102:$C$1103,'Cost Schedule'!$D$1102:$D$1103) -> 30.641988 | L50: =_xlfn.XLOOKUP(L48,'Cost Schedule'!$C$1102:$C$1103,'Cost Schedule'!$D$1102:$D$1103) -> 30.641988 | M50: =_xlfn.XLOOKUP(M48,'Cost Schedule'!$C$1102:$C$1103,'Cost Schedule'!$D$1102:$D$1103) -> 30.641988 | N50: =_xlfn.XLOOKUP(N48,'Cost Schedule'!$C$1102:$C$1103,'Cost Schedule'!$D$1102:$D$1103) -> 30.641988 | ... P50: =_xlfn.XLOOKUP(P48,'Cost Schedule'!$C$1102:$C$1103,'Cost Schedule'!$D$1102:$D$1103) -> 30.641988
E51: Alternate rate | F51: $/m2
E52: Cost | F52: $ | G52: =G49*IF(G51="",G50,G51) -> 689444.74 | H52: =H49*IF(H51="",H50,H51) -> 888617.67 | I52: =I49*IF(I51="",I50,I51) -> 0 | J52: =J49*IF(J51="",J50,J51) -> 0 | K52: =K49*IF(K51="",K50,K51) -> 0 | L52: =L49*IF(L51="",L50,L51) -> 0 | M52: =M49*IF(M51="",M50,M51) -> 0 | N52: =N49*IF(N51="",N50,N51) -> 0 | ... P52: =P49*IF(P51="",P50,P51) -> 0
E53: Tracks, Roads, Laydown, Airstrip, Concrete pads | F53: total | G53: =G29+G37+G42+G47+G52 -> 1188686.9 | H53: =H29+H37+H42+H47+H52 -> 888617.67 | I53: =I29+I37+I42+I47+I52 -> 0 | J53: =J29+J37+J42+J47+J52 -> 0 | K53: =K29+K37+K42+K47+K52 -> 0 | L53: =L29+L37+L42+L47+L52 -> 0 | M53: =M29+M37+M42+M47+M52 -> 0 | N53: =N29+N37+N42+N47+N52 -> 0 | ... P53: =P29+P37+P42+P47+P52 -> 0
C54: Demolish and remove buildings | E54: Select type | F54: Select | G54: Small, Brick wall, Steel roof, Concrete floor, footprint 50m2 | H54: Portable, Skid mounted - by area | I54: Large, Steel wall, Steel roof, Concrete floor, footprint 900m2 | J54: Control room (small), None wall, None roof, None floor, floors | K54: Amenities room (small) | L54: Portable, Skid mounted | M54: Switchroom, None wall, None roof, Concrete floor, 1 floors | N54: Control room (small), None wall, None roof, None floor, floors | O54: Portable, Skid mounted - by area | P54: Portable, Skid mounted - by area
E55: Quantity of shown unit | F55: Unit below | G55: =287.28+17.013+85.036+386.498+316.646+287.288 -> 1379.761
E56: Unit of measure | F56: Unit | G56: =_xlfn.XLOOKUP(G54,Buildings_names_CS,Buildings_units_CS) -> m2 | H56: =_xlfn.XLOOKUP(H54,Buildings_names_CS,Buildings_units_CS) -> m2 | I56: =_xlfn.XLOOKUP(I54,Buildings_names_CS,Buildings_units_CS) -> m2 | J56: =_xlfn.XLOOKUP(J54,Buildings_names_CS,Buildings_units_CS) -> building | K56: =_xlfn.XLOOKUP(K54,Buildings_names_CS,Buildings_units_CS) -> building | L56: =_xlfn.XLOOKUP(L54,Buildings_names_CS,Buildings_units_CS) -> building | M56: =_xlfn.XLOOKUP(M54,Buildings_names_CS,Buildings_units_CS) -> building | N56: =_xlfn.XLOOKUP(N54,Buildings_names_CS,Buildings_units_CS) -> building | ... P56: =_xlfn.XLOOKUP(P54,Buildings_names_CS,Buildings_units_CS) -> m2
E57: Default rate | F57: $/shown unit | G57: =_xlfn.XLOOKUP(G54,Buildings_names_CS,Buildings_rates_CS) -> 118.41662 | H57: =_xlfn.XLOOKUP(H54,Buildings_names_CS,Buildings_rates_CS) -> 57.6335 | I57: =_xlfn.XLOOKUP(I54,Buildings_names_CS,Buildings_rates_CS) -> 60.989624 | J57: =_xlfn.XLOOKUP(J54,Buildings_names_CS,Buildings_rates_CS) -> 3074.4183 | K57: =_xlfn.XLOOKUP(K54,Buildings_names_CS,Buildings_rates_CS) -> 1532.5653 | L57: =_xlfn.XLOOKUP(L54,Buildings_names_CS,Buildings_rates_CS) -> 829.9224 | M57: =_xlfn.XLOOKUP(M54,Buildings_names_CS,Buildings_rates_CS) -> 6156.3971 | N57: =_xlfn.XLOOKUP(N54,Buildings_names_CS,Buildings_rates_CS) -> 3074.4183 | ... P57: =_xlfn.XLOOKUP(P54,Buildings_names_CS,Buildings_rates_CS) -> 57.6335
E58: Alternate rate | F58: $/shown unit
E59: Cost | F59: $ | G59: =G55*IF(G58="",G57,G58) -> 163386.63 | H59: =H55*IF(H58="",H57,H58) -> 0 | I59: =I55*IF(I58="",I57,I58) -> 0 | J59: =J55*IF(J58="",J57,J58) -> 0 | K59: =K55*IF(K58="",K57,K58) -> 0 | L59: =L55*IF(L58="",L57,L58) -> 0 | M59: =M55*IF(M58="",M57,M58) -> 0 | N59: =N55*IF(N58="",N57,N58) -> 0 | ... P59: =P55*IF(P58="",P57,P58) -> 0
C60: Demolish and remove buildings | E60: Select type | F60: Select | G60: Portable, Skid mounted | H60: Large, Brick wall, Steel roof, Concrete floor, footprint 2000m2 | I60: Small, Brick wall, Steel roof, Concrete floor, footprint 50m2 | J60: Control room (small), None wall, None roof, None floor, floors | K60: Amenities room (small) | L60: Portable, Skid mounted | M60: Switchroom, None wall, None roof, Concrete floor, 1 floors | N60: Control room (small), None wall, None roof, None floor, floors | O60: Portable, Skid mounted - by area | P60: Portable, Skid mounted - by area
E61: Quantity of shown unit | F61: Unit below | G61: 743
E62: Unit of measure | F62: Unit | G62: =_xlfn.XLOOKUP(G60,Buildings_names_CS,Buildings_units_CS) -> building | H62: =_xlfn.XLOOKUP(H60,Buildings_names_CS,Buildings_units_CS) -> m2 | I62: =_xlfn.XLOOKUP(I60,Buildings_names_CS,Buildings_units_CS) -> m2 | J62: =_xlfn.XLOOKUP(J60,Buildings_names_CS,Buildings_units_CS) -> building | K62: =_xlfn.XLOOKUP(K60,Buildings_names_CS,Buildings_units_CS) -> building | L62: =_xlfn.XLOOKUP(L60,Buildings_names_CS,Buildings_units_CS) -> building | M62: =_xlfn.XLOOKUP(M60,Buildings_names_CS,Buildings_units_CS) -> building | N62: =_xlfn.XLOOKUP(N60,Buildings_names_CS,Buildings_units_CS) -> building | ... P62: =_xlfn.XLOOKUP(P60,Buildings_names_CS,Buildings_units_CS) -> m2
E63: Default rate | F63: $/shown unit | G63: =_xlfn.XLOOKUP(G60,Buildings_names_CS,Buildings_rates_CS) -> 829.9224 | H63: =_xlfn.XLOOKUP(H60,Buildings_names_CS,Buildings_rates_CS) -> 59.264328 | I63: =_xlfn.XLOOKUP(I60,Buildings_names_CS,Buildings_rates_CS) -> 118.41662 | J63: =_xlfn.XLOOKUP(J60,Buildings_names_CS,Buildings_rates_CS) -> 3074.4183 | K63: =_xlfn.XLOOKUP(K60,Buildings_names_CS,Buildings_rates_CS) -> 1532.5653 | L63: =_xlfn.XLOOKUP(L60,Buildings_names_CS,Buildings_rates_CS) -> 829.9224 | M63: =_xlfn.XLOOKUP(M60,Buildings_names_CS,Buildings_rates_CS) -> 6156.3971 | N63: =_xlfn.XLOOKUP(N60,Buildings_names_CS,Buildings_rates_CS) -> 3074.4183 | ... P63: =_xlfn.XLOOKUP(P60,Buildings_names_CS,Buildings_rates_CS) -> 57.6335
E64: Alternate rate | F64: $/shown unit
E65: Cost | F65: $ | G65: =G61*IF(G64="",G63,G64) -> 616632.34 | H65: =H61*IF(H64="",H63,H64) -> 0 | I65: =I61*IF(I64="",I63,I64) -> 0 | J65: =J61*IF(J64="",J63,J64) -> 0 | K65: =K61*IF(K64="",K63,K64) -> 0 | L65: =L61*IF(L64="",L63,L64) -> 0 | M65: =M61*IF(M64="",M63,M64) -> 0 | N65: =N61*IF(N64="",N63,N64) -> 0 | ... P65: =P61*IF(P64="",P63,P64) -> 0
C66: Demolish and remove buildings | E66: Select type | F66: Select | G66: Large, Steel wall, Steel roof, Concrete floor, footprint 900m2 | H66: Large, Brick wall, Steel roof, Concrete floor, footprint 2000m2 | I66: Small, Brick wall, Steel roof, Concrete floor, footprint 50m2 | J66: Control room (small), None wall, None roof, None floor, floors | K66: Amenities room (small) | L66: Portable, Skid mounted | M66: Switchroom, None wall, None roof, Concrete floor, 1 floors | N66: Control room (small), None wall, None roof, None floor, floors | O66: Portable, Skid mounted - by area | P66: Portable, Skid mounted - by area
E67: Quantity of shown unit | F67: Unit below | G67: 6150
E68: Unit of measure | F68: Unit | G68: =_xlfn.XLOOKUP(G66,Buildings_names_CS,Buildings_units_CS) -> m2 | H68: =_xlfn.XLOOKUP(H66,Buildings_names_CS,Buildings_units_CS) -> m2 | I68: =_xlfn.XLOOKUP(I66,Buildings_names_CS,Buildings_units_CS) -> m2 | J68: =_xlfn.XLOOKUP(J66,Buildings_names_CS,Buildings_units_CS) -> building | K68: =_xlfn.XLOOKUP(K66,Buildings_names_CS,Buildings_units_CS) -> building | L68: =_xlfn.XLOOKUP(L66,Buildings_names_CS,Buildings_units_CS) -> building | M68: =_xlfn.XLOOKUP(M66,Buildings_names_CS,Buildings_units_CS) -> building | N68: =_xlfn.XLOOKUP(N66,Buildings_names_CS,Buildings_units_CS) -> building | ... P68: =_xlfn.XLOOKUP(P66,Buildings_names_CS,Buildings_units_CS) -> m2
E69: Default rate | F69: $/shown unit | G69: =_xlfn.XLOOKUP(G66,Buildings_names_CS,Buildings_rates_CS) -> 60.989624 | H69: =_xlfn.XLOOKUP(H66,Buildings_names_CS,Buildings_rates_CS) -> 59.264328 | I69: =_xlfn.XLOOKUP(I66,Buildings_names_CS,Buildings_rates_CS) -> 118.41662 | J69: =_xlfn.XLOOKUP(J66,Buildings_names_CS,Buildings_rates_CS) -> 3074.4183 | K69: =_xlfn.XLOOKUP(K66,Buildings_names_CS,Buildings_rates_CS) -> 1532.5653 | L69: =_xlfn.XLOOKUP(L66,Buildings_names_CS,Buildings_rates_CS) -> 829.9224 | M69: =_xlfn.XLOOKUP(M66,Buildings_names_CS,Buildings_rates_CS) -> 6156.3971 | N69: =_xlfn.XLOOKUP(N66,Buildings_names_CS,Buildings_rates_CS) -> 3074.4183 | ... P69: =_xlfn.XLOOKUP(P66,Buildings_names_CS,Buildings_rates_CS) -> 57.6335
E70: Alternate rate | F70: $/shown unit
E71: Cost | F71: $ | G71: =G67*IF(G70="",G69,G70) -> 375086.19 | H71: =H67*IF(H70="",H69,H70) -> 0 | I71: =I67*IF(I70="",I69,I70) -> 0 | J71: =J67*IF(J70="",J69,J70) -> 0 | K71: =K67*IF(K70="",K69,K70) -> 0 | L71: =L67*IF(L70="",L69,L70) -> 0 | M71: =M67*IF(M70="",M69,M70) -> 0 | N71: =N67*IF(N70="",N69,N70) -> 0 | ... P71: =P67*IF(P70="",P69,P70) -> 0
E72: =C54 -> Demolish and remove buildings | F72: total | G72: =G59+G65+G71 -> 1155105.2 | H72: =H59+H65+H71 -> 0 | I72: =I59+I65+I71 -> 0 | J72: =J59+J65+J71 -> 0 | K72: =K59+K65+K71 -> 0 | L72: =L59+L65+L71 -> 0 | M72: =M59+M65+M71 -> 0 | N72: =N59+N65+N71 -> 0 | ... P72: =P59+P65+P71 -> 0
C73: Decommission, demolish, remove tanks and vessels | E73: Type of tank or vessel | F73: Select | G73: Rainwater, Plastic | H73: Vertical tank, Steel wall, Steel roof, Steel floor, Unlined, Single skin, 500, kL | I73: Vertical tank, Steel wall, Steel roof, Steel floor, Unlined, Single skin, 500, kL | J73: Galvanised - small, Steel wall | K73: Galvanised - small, Steel wall | L73: Galvanised - small, Steel wall | M73: Galvanised - small, Steel wall | N73: Galvanised - small, Steel wall | O73: Galvanised - small, Steel wall | P73: Rainwater, Plastic
E74: Quantity | F74: # tanks | G74: 14
E75: Default rate | F75: $/tank | G75: =_xlfn.XLOOKUP(G73,Tanks_infra_names_CS,Tanks_infra_rates_CS) -> 1513.18 | H75: =_xlfn.XLOOKUP(H73,Tanks_infra_names_CS,Tanks_infra_rates_CS) -> 26442.167 | I75: =_xlfn.XLOOKUP(I73,Tanks_infra_names_CS,Tanks_infra_rates_CS) -> 26442.167 | J75: =_xlfn.XLOOKUP(J73,Tanks_infra_names_CS,Tanks_infra_rates_CS) -> 665.01398 | K75: =_xlfn.XLOOKUP(K73,Tanks_infra_names_CS,Tanks_infra_rates_CS) -> 665.01398 | L75: =_xlfn.XLOOKUP(L73,Tanks_infra_names_CS,Tanks_infra_rates_CS) -> 665.01398 | M75: =_xlfn.XLOOKUP(M73,Tanks_infra_names_CS,Tanks_infra_rates_CS) -> 665.01398 | N75: =_xlfn.XLOOKUP(N73,Tanks_infra_names_CS,Tanks_infra_rates_CS) -> 665.01398 | ... P75: =_xlfn.XLOOKUP(P73,Tanks_infra_names_CS,Tanks_infra_rates_CS) -> 1513.18
E76: Alternate rate | F76: $/tank
E77: Cost | F77: $ | G77: =IF(G76="",G75,G76)*G74 -> 21184.52 | H77: =IF(H76="",H75,H76)*H74 -> 0 | I77: =IF(I76="",I75,I76)*I74 -> 0 | J77: =IF(J76="",J75,J76)*J74 -> 0 | K77: =IF(K76="",K75,K76)*K74 -> 0 | L77: =IF(L76="",L75,L76)*L74 -> 0 | M77: =IF(M76="",M75,M76)*M74 -> 0 | N77: =IF(N76="",N75,N76)*N74 -> 0 | ... P77: =IF(P76="",P75,P76)*P74 -> 0
E78: =C73 -> Decommission, demolish, remove tanks and vessels | G78: =G77 -> 21184.52 | H78: =H77 -> 0 | I78: =I77 -> 0 | J78: =J77 -> 0 | K78: =K77 -> 0 | L78: =L77 -> 0 | M78: =M77 -> 0 | N78: =N77 -> 0 | ... P78: =P77 -> 0
C79: Pipe decommissioning and removal | E79: Type of pipe | F79: Select | G79: Remove Buried Plastic Pipeline <=0.3m | H79: Remove Above ground Plastic Pipeline <=0.3m. Unsupported | I79: Remove Above ground Plastic Pipeline <=0.3m. Unsupported | J79: Leave in place Buried Plastic Pipeline <=0.3m | K79: Leave in place Buried Plastic Pipeline >0.3 <=0.5m | L79: Leave in place Buried Plastic Pipeline >0.5 <=1m | M79: Remove Above ground Plastic Pipeline <=0.3m. Supported | N79: Remove Above ground Plastic Pipeline >0.3 <=0.5m. Supported | O79: Remove Above ground Plastic Pipeline <=0.3m. Unsupported | P79: Remove Buried Plastic Pipeline <=0.3m
E80: Length total | F80: m
E81: Default Rate | F81: $/m | G81: =_xlfn.XLOOKUP(G79,Pipelines_names_CS,Pipelines_rates_CS) -> 11.261636 | H81: =_xlfn.XLOOKUP(H79,Pipelines_names_CS,Pipelines_rates_CS) -> 6.3216364 | I81: =_xlfn.XLOOKUP(I79,Pipelines_names_CS,Pipelines_rates_CS) -> 6.3216364 | J81: =_xlfn.XLOOKUP(J79,Pipelines_names_CS,Pipelines_rates_CS) -> 2.2499697 | K81: =_xlfn.XLOOKUP(K79,Pipelines_names_CS,Pipelines_rates_CS) -> 6.0791229 | L81: =_xlfn.XLOOKUP(L79,Pipelines_names_CS,Pipelines_rates_CS) -> 31.262664 | M81: =_xlfn.XLOOKUP(M79,Pipelines_names_CS,Pipelines_rates_CS) -> 33.891578 | N81: =_xlfn.XLOOKUP(N79,Pipelines_names_CS,Pipelines_rates_CS) -> 37.747606 | ... P81: =_xlfn.XLOOKUP(P79,Pipelines_names_CS,Pipelines_rates_CS) -> 11.261636
E82: Alternate Rate | F82: $/m
E83: Cost | F83: $ | G83: =G80*IF(G82="",G81,G82) -> 0 | H83: =H80*IF(H82="",H81,H82) -> 0 | I83: =I80*IF(I82="",I81,I82) -> 0 | J83: =J80*IF(J82="",J81,J82) -> 0 | K83: =K80*IF(K82="",K81,K82) -> 0 | L83: =L80*IF(L82="",L81,L82) -> 0 | M83: =M80*IF(M82="",M81,M82) -> 0 | N83: =N80*IF(N82="",N81,N82) -> 0 | ... P83: =P80*IF(P82="",P81,P82) -> 0
C84: Remove cable tray | E84: Length total | F84: m
C85: not associated with buildings, tanks, and other items | E85: Default Rate | F85: $/m | G85: ='Cost Schedule'!$D$44 -> 11.545721 | H85: ='Cost Schedule'!$D$44 -> 11.545721 | I85: ='Cost Schedule'!$D$44 -> 11.545721 | J85: ='Cost Schedule'!$D$44 -> 11.545721 | K85: ='Cost Schedule'!$D$44 -> 11.545721 | L85: ='Cost Schedule'!$D$44 -> 11.545721 | M85: ='Cost Schedule'!$D$44 -> 11.545721 | N85: ='Cost Schedule'!$D$44 -> 11.545721 | ... P85: ='Cost Schedule'!$D$44 -> 11.545721
E86: Alternate Rate | F86: $/m
E87: Cost | F87: $ | G87: =G84*IF(G86="",G85,G86) -> 0 | H87: =H84*IF(H86="",H85,H86) -> 0 | I87: =I84*IF(I86="",I85,I86) -> 0 | J87: =J84*IF(J86="",J85,J86) -> 0 | K87: =K84*IF(K86="",K85,K86) -> 0 | L87: =L84*IF(L86="",L85,L86) -> 0 | M87: =M84*IF(M86="",M85,M86) -> 0 | N87: =N84*IF(N86="",N85,N86) -> 0 | ... P87: =P84*IF(P86="",P85,P86) -> 0
E88: Pipelines and cable tray (not associated with processing) | F88: total | G88: =G83+G87 -> 0 | H88: =H83+H87 -> 0 | I88: =I83+I87 -> 0 | J88: =J83+J87 -> 0 | K88: =K83+K87 -> 0 | L88: =L83+L87 -> 0 | M88: =M83+M87 -> 0 | N88: =N83+N87 -> 0 | ... P88: =P83+P87 -> 0
C89: Power Poles | E89: Select type | F89: Select | G89: Medium voltage overhead power - 11 kV | H89: High voltage overhead power - 132 kV | I89: High voltage overhead power - 132 kV | J89: High voltage overhead power - 132 kV | K89: High voltage overhead power - 132 kV | L89: High voltage overhead power - 132 kV | M89: High voltage overhead power - 132 kV | N89: High voltage overhead power - 132 kV | O89: High voltage overhead power - 132 kV | P89: High voltage overhead power - 132 kV
E90: Length | F90: km | G90: 2.4
E91: Default rate | F91: $/km | G91: =_xlfn.XLOOKUP(G89,Power_poles_names_CS,Power_poles_rates_CS) -> 26870.829 | H91: =_xlfn.XLOOKUP(H89,Power_poles_names_CS,Power_poles_rates_CS) -> 68936.594 | I91: =_xlfn.XLOOKUP(I89,Power_poles_names_CS,Power_poles_rates_CS) -> 68936.594 | J91: =_xlfn.XLOOKUP(J89,Power_poles_names_CS,Power_poles_rates_CS) -> 68936.594 | K91: =_xlfn.XLOOKUP(K89,Power_poles_names_CS,Power_poles_rates_CS) -> 68936.594 | L91: =_xlfn.XLOOKUP(L89,Power_poles_names_CS,Power_poles_rates_CS) -> 68936.594 | M91: =_xlfn.XLOOKUP(M89,Power_poles_names_CS,Power_poles_rates_CS) -> 68936.594 | N91: =_xlfn.XLOOKUP(N89,Power_poles_names_CS,Power_poles_rates_CS) -> 68936.594 | ... P91: =_xlfn.XLOOKUP(P89,Power_poles_names_CS,Power_poles_rates_CS) -> 68936.594
E92: Alternate rate | F92: $
E93: Cost | F93: $ | G93: =G90*IF(G92="",G91,G92) -> 64489.989 | H93: =H90*IF(H92="",H91,H92) -> 0 | I93: =I90*IF(I92="",I91,I92) -> 0 | J93: =J90*IF(J92="",J91,J92) -> 0 | K93: =K90*IF(K92="",K91,K92) -> 0 | L93: =L90*IF(L92="",L91,L92) -> 0 | M93: =M90*IF(M92="",M91,M92) -> 0 | N93: =N90*IF(N92="",N91,N92) -> 0 | ... P93: =P90*IF(P92="",P91,P92) -> 0
C94: Substations | E94: Select type | F94: Select | G94: Small substation of footprint 1000m2 | H94: Medium substation of footprint 2500m2 | I94: Medium substation of footprint 2500m2 | J94: Small substation of footprint 1000m2 | K94: Small substation of footprint 1000m2 | L94: Small substation of footprint 1000m2 | M94: Small substation of footprint 1000m2 | N94: Small substation of footprint 1000m2 | O94: Small substation of footprint 1000m2 | P94: Small substation of footprint 1000m2
E95: Area | F95: m2 | G95: 673.55
E96: Default rate | F96: $/m2 | G96: =_xlfn.XLOOKUP(G94,Substation_names_CS,Substations_rates_CS) -> 133.73552 | H96: =_xlfn.XLOOKUP(H94,Substation_names_CS,Substations_rates_CS) -> 111.47309 | I96: =_xlfn.XLOOKUP(I94,Substation_names_CS,Substations_rates_CS) -> 111.47309 | J96: =_xlfn.XLOOKUP(J94,Substation_names_CS,Substations_rates_CS) -> 133.73552 | K96: =_xlfn.XLOOKUP(K94,Substation_names_CS,Substations_rates_CS) -> 133.73552 | L96: =_xlfn.XLOOKUP(L94,Substation_names_CS,Substations_rates_CS) -> 133.73552 | M96: =_xlfn.XLOOKUP(M94,Substation_names_CS,Substations_rates_CS) -> 133.73552 | N96: =_xlfn.XLOOKUP(N94,Substation_names_CS,Substations_rates_CS) -> 133.73552 | ... P96: =_xlfn.XLOOKUP(P94,Substation_names_CS,Substations_rates_CS) -> 133.73552
E97: Alternate rate | F97: $
E98: Cost | F98: $ | G98: =G95*IF(G97="",G96,G97) -> 90077.56 | H98: =H95*IF(H97="",H96,H97) -> 0 | I98: =I95*IF(I97="",I96,I97) -> 0 | J98: =J95*IF(J97="",J96,J97) -> 0 | K98: =K95*IF(K97="",K96,K97) -> 0 | L98: =L95*IF(L97="",L96,L97) -> 0 | M98: =M95*IF(M97="",M96,M97) -> 0 | N98: =N95*IF(N97="",N96,N97) -> 0 | ... P98: =P95*IF(P97="",P96,P97) -> 0
C99: Communications towers | E99: Quantity | F99: towers
E100: Default rate | F100: $/tower | G100: ='Cost Schedule'!$D$80 -> 17818.917 | H100: ='Cost Schedule'!$D$80 -> 17818.917 | I100: ='Cost Schedule'!$D$80 -> 17818.917 | J100: ='Cost Schedule'!$D$80 -> 17818.917 | K100: ='Cost Schedule'!$D$80 -> 17818.917 | L100: ='Cost Schedule'!$D$80 -> 17818.917 | M100: ='Cost Schedule'!$D$80 -> 17818.917 | N100: ='Cost Schedule'!$D$80 -> 17818.917 | ... P100: ='Cost Schedule'!$D$80 -> 17818.917
E101: Alternate rate | F101: $/tower
E102: Cost | F102: $ | G102: =G99*IF(G101="",G100,G101) -> 0 | H102: =H99*IF(H101="",H100,H101) -> 0 | I102: =I99*IF(I101="",I100,I101) -> 0 | J102: =J99*IF(J101="",J100,J101) -> 0 | K102: =K99*IF(K101="",K100,K101) -> 0 | L102: =L99*IF(L101="",L100,L101) -> 0 | M102: =M99*IF(M101="",M100,M101) -> 0 | N102: =N99*IF(N101="",N100,N101) -> 0 | ... P102: =P99*IF(P101="",P100,P101) -> 0
...

Sheet Beneficiation Facility
C2: =Name_main -> Rehabilitation Cost Estimate Tool - Mining New South Wales
C3: =CONCATENATE(CompanyName," - ",Mine_Name) -> Boral Cement - Marulan South Limestone Mine
C4: Total RCE | D4: =Grand_total -> 27655414
C5: Beneficiation Facility | D5: =SUM(G5:P5) -> 6391934.2 | E5: RCE Summary | F5: Total cost | G5: =G16+G78+G98+G105+G159+G169+G193+G208+G218+G224+G245+G262+G268+G295+G314+G335+G372+G388+G407+G419+G441+G457+G488+G500 -> 2984308.7 | H5: =H16+H78+H98+H105+H159+H169+H193+H208+H218+H224+H245+H262+H268+H295+H314+H335+H372+H388+H407+H419+H441+H457+H488+H500 -> 1328445.3 | I5: =I16+I78+I98+I105+I159+I169+I193+I208+I218+I224+I245+I262+I268+I295+I314+I335+I372+I388+I407+I419+I441+I457+I488+I500 -> 1868295.4 | J5: =J16+J78+J98+J105+J159+J169+J193+J208+J218+J224+J245+J262+J268+J295+J314+J335+J372+J388+J407+J419+J441+J457+J488+J500 -> 210884.75 | K5: =K16+K78+K98+K105+K159+K169+K193+K208+K218+K224+K245+K262+K268+K295+K314+K335+K372+K388+K407+K419+K441+K457+K488+K500 -> 0 | L5: =L16+L78+L98+L105+L159+L169+L193+L208+L218+L224+L245+L262+L268+L295+L314+L335+L372+L388+L407+L419+L441+L457+L488+L500 -> 0 | M5: =M16+M78+M98+M105+M159+M169+M193+M208+M218+M224+M245+M262+M268+M295+M314+M335+M372+M388+M407+M419+M441+M457+M488+M500 -> 0 | N5: =N16+N78+N98+N105+N159+N169+N193+N208+N218+N224+N245+N262+N268+N295+N314+N335+N372+N388+N407+N419+N441+N457+N488+N500 -> 0 | ... P5: =P16+P78+P98+P105+P159+P169+P193+P208+P218+P224+P245+P262+P268+P295+P314+P335+P372+P388+P407+P419+P441+P457+P488+P500 -> 0
C7: For each column, the user enters quantities to either this table or the user build table below. Quantities should not be entered to both. The table directly below is default rates.
C8: Activity | D8: Element | E8: Quantity Name | F8: Unit Name> | G8: plant | H8: plant 1 | I8: Plant 2 | J8: Enter Name | K8: Enter Name | L8: Enter Name | M8: Enter Name | N8: Enter Name | O8: Enter Name | P8: Enter Name | Q8: User Notes (including justification for alternate rates) | R8: Department Notes
C9: Notes
C10: GIS | D10: All items in column | E10: GIS reference / Object ID | G10: PLant | R10: This is an optional field that can be used by large mines to identify the location of the relevant feature. Large mines should populate the GIS Reference field with the Object ID number of the relevant feature from the spatial data submitted to the Mine Rehabilitation Portal. (Note: this is not required for small mines).
C11: Heap leach Pads (Default rates) | D11: Risk category | E11: Risk Level | G11: HLP Default - High risk | H11: HLP Default - Medium risk | I11: HLP Default - Medium risk | J11: HLP Default - Very Low risk | K11: HLP Default - High risk | L11: HLP Default - High risk | M11: HLP Default - High risk | N11: HLP Default - High risk | O11: HLP Default - High risk | P11: HLP Default - High risk
D12: Footprint | E12: Area | F12: ha
E13: Default Rate | F13: $/ha | G13: =_xlfn.XLOOKUP(G11,HLP_names_CS,HLP_rates_CS) -> 273785.66 | H13: =_xlfn.XLOOKUP(H11,HLP_names_CS,HLP_rates_CS) -> 160958.01 | I13: =_xlfn.XLOOKUP(I11,HLP_names_CS,HLP_rates_CS) -> 160958.01 | J13: =_xlfn.XLOOKUP(J11,HLP_names_CS,HLP_rates_CS) -> 66137.27 | K13: =_xlfn.XLOOKUP(K11,HLP_names_CS,HLP_rates_CS) -> 273785.66 | L13: =_xlfn.XLOOKUP(L11,HLP_names_CS,HLP_rates_CS) -> 273785.66 | M13: =_xlfn.XLOOKUP(M11,HLP_names_CS,HLP_rates_CS) -> 273785.66 | N13: =_xlfn.XLOOKUP(N11,HLP_names_CS,HLP_rates_CS) -> 273785.66 | ... P13: =_xlfn.XLOOKUP(P11,HLP_names_CS,HLP_rates_CS) -> 273785.66
E14: Alternate Rate | F14: $/ha
E15: Cost | F15: $ | G15: =G12*IF(G14="",G13,G14) -> 0 | H15: =H12*IF(H14="",H13,H14) -> 0 | I15: =I12*IF(I14="",I13,I14) -> 0 | J15: =J12*IF(J14="",J13,J14) -> 0 | K15: =K12*IF(K14="",K13,K14) -> 0 | L15: =L12*IF(L14="",L13,L14) -> 0 | M15: =M12*IF(M14="",M13,M14) -> 0 | N15: =N12*IF(N14="",N13,N14) -> 0 | ... P15: =P12*IF(P14="",P13,P14) -> 0
E16: =C11 -> Heap leach Pads (Default rates) | F16: $ | G16: =G15 -> 0 | H16: =H15 -> 0 | I16: =I15 -> 0 | J16: =J15 -> 0 | K16: =K15 -> 0 | L16: =L15 -> 0 | M16: =M15 -> 0 | N16: =N15 -> 0 | ... P16: =P15 -> 0
C17: Decommission, demolish, remove tanks and vessels | D17: Tanks and vessels | E17: Type of tank or vessel | F17: Select | G17: Silo, Steel wall, Steel roof, Steel floor, Not lined, Single skin, 1250t | H17: Thickening, Steel, Open top, Steel floor, Not lined, Single skin, 500kL | I17: Silo, Steel wall, Steel roof, Steel floor, Not lined, Single skin, 5000t | J17: Horizontal, Steel, Buried, Single skin, >5kL and <= 20kL | K17: Rail loading bin, Steel wall, Steel roof, Steel floor, Not lined, Single skin, 3000t | L17: Rail loading bin, Steel wall, Steel roof, Steel floor, Not lined, Single skin, 3000t | M17: Rail loading bin, Steel wall, Steel roof, Steel floor, Not lined, Single skin, 3000t | N17: Thickening, Steel, Open top, Steel floor, Not lined, Single skin, 100kL | O17: Thickening, Steel, Open top, Steel floor, Not lined, Single skin, 500kL | P17: Thickening, Steel, Open top, Steel floor, Not lined, Single skin, 1000kL
E18: Number | F18: #
E19: Default rate | F19: $/tank | G19: =_xlfn.XLOOKUP(G17,Tanks_vessels_names_CS,Tanks_vessels_rates_CS) -> 47699.644 | H19: =_xlfn.XLOOKUP(H17,Tanks_vessels_names_CS,Tanks_vessels_rates_CS) -> 30008.224 | I19: =_xlfn.XLOOKUP(I17,Tanks_vessels_names_CS,Tanks_vessels_rates_CS) -> 103843.49 | J19: =_xlfn.XLOOKUP(J17,Tanks_vessels_names_CS,Tanks_vessels_rates_CS) -> 15313.804 | K19: =_xlfn.XLOOKUP(K17,Tanks_vessels_names_CS,Tanks_vessels_rates_CS) -> 70531.412 | L19: =_xlfn.XLOOKUP(L17,Tanks_vessels_names_CS,Tanks_vessels_rates_CS) -> 70531.412 | M19: =_xlfn.XLOOKUP(M17,Tanks_vessels_names_CS,Tanks_vessels_rates_CS) -> 70531.412 | N19: =_xlfn.XLOOKUP(N17,Tanks_vessels_names_CS,Tanks_vessels_rates_CS) -> 11386.968 | ... P19: =_xlfn.XLOOKUP(P17,Tanks_vessels_names_CS,Tanks_vessels_rates_CS) -> 47770.387
E20: Alternate rate | F20: $/tank
E21: Cost | F21: $ | G21: =IF(G20="",G19,G20)*G18 -> 0 | H21: =IF(H20="",H19,H20)*H18 -> 0 | I21: =IF(I20="",I19,I20)*I18 -> 0 | J21: =IF(J20="",J19,J20)*J18 -> 0 | K21: =IF(K20="",K19,K20)*K18 -> 0 | L21: =IF(L20="",L19,L20)*L18 -> 0 | M21: =IF(M20="",M19,M20)*M18 -> 0 | N21: =IF(N20="",N19,N20)*N18 -> 0 | ... P21: =IF(P20="",P19,P20)*P18 -> 0
D22: ='Cost Schedule'!C$1016 -> Silo, Steel wall, Steel roof, Steel floor, Not lined, Single skin, 5000t | E22: Number | F22: #
E23: Default rate | F23: $/tank | G23: =_xlfn.XLOOKUP($D22,Tanks_vessels_names_CS,Tanks_vessels_rates_CS) -> 103843.49 | H23: =_xlfn.XLOOKUP($D22,Tanks_vessels_names_CS,Tanks_vessels_rates_CS) -> 103843.49 | I23: =_xlfn.XLOOKUP($D22,Tanks_vessels_names_CS,Tanks_vessels_rates_CS) -> 103843.49 | J23: =_xlfn.XLOOKUP($D22,Tanks_vessels_names_CS,Tanks_vessels_rates_CS) -> 103843.49 | K23: =_xlfn.XLOOKUP($D22,Tanks_vessels_names_CS,Tanks_vessels_rates_CS) -> 103843.49 | L23: =_xlfn.XLOOKUP($D22,Tanks_vessels_names_CS,Tanks_vessels_rates_CS) -> 103843.49 | M23: =_xlfn.XLOOKUP($D22,Tanks_vessels_names_CS,Tanks_vessels_rates_CS) -> 103843.49 | N23: =_xlfn.XLOOKUP($D22,Tanks_vessels_names_CS,Tanks_vessels_rates_CS) -> 103843.49 | ... P23: =_xlfn.XLOOKUP($D22,Tanks_vessels_names_CS,Tanks_vessels_rates_CS) -> 103843.49
E24: Alternate rate | F24: $/tank
E25: Cost | F25: $ | G25: =IF(G24="",G23,G24)*G22 -> 0 | H25: =IF(H24="",H23,H24)*H22 -> 0 | I25: =IF(I24="",I23,I24)*I22 -> 0 | J25: =IF(J24="",J23,J24)*J22 -> 0 | K25: =IF(K24="",K23,K24)*K22 -> 0 | L25: =IF(L24="",L23,L24)*L22 -> 0 | M25: =IF(M24="",M23,M24)*M22 -> 0 | N25: =IF(N24="",N23,N24)*N22 -> 0 | ... P25: =IF(P24="",P23,P24)*P22 -> 0
D26: ='Cost Schedule'!C$1017 -> Silo, Steel wall, Steel roof, Steel floor, Not lined, Single skin, 3000t | E26: Number | F26: #
E27: Default rate | F27: $/tank | G27: =_xlfn.XLOOKUP($D26,Tanks_vessels_names_CS,Tanks_vessels_rates_CS) -> 69863.239 | H27: =_xlfn.XLOOKUP($D26,Tanks_vessels_names_CS,Tanks_vessels_rates_CS) -> 69863.239 | I27: =_xlfn.XLOOKUP($D26,Tanks_vessels_names_CS,Tanks_vessels_rates_CS) -> 69863.239 | J27: =_xlfn.XLOOKUP($D26,Tanks_vessels_names_CS,Tanks_vessels_rates_CS) -> 69863.239 | K27: =_xlfn.XLOOKUP($D26,Tanks_vessels_names_CS,Tanks_vessels_rates_CS) -> 69863.239 | L27: =_xlfn.XLOOKUP($D26,Tanks_vessels_names_CS,Tanks_vessels_rates_CS) -> 69863.239 | M27: =_xlfn.XLOOKUP($D26,Tanks_vessels_names_CS,Tanks_vessels_rates_CS) -> 69863.239 | N27: =_xlfn.XLOOKUP($D26,Tanks_vessels_names_CS,Tanks_vessels_rates_CS) -> 69863.239 | ... P27: =_xlfn.XLOOKUP($D26,Tanks_vessels_names_CS,Tanks_vessels_rates_CS) -> 69863.239
E28: Alternate rate | F28: $/tank
E29: Cost | F29: $ | G29: =IF(G28="",G27,G28)*G26 -> 0 | H29: =IF(H28="",H27,H28)*H26 -> 0 | I29: =IF(I28="",I27,I28)*I26 -> 0 | J29: =IF(J28="",J27,J28)*J26 -> 0 | K29: =IF(K28="",K27,K28)*K26 -> 0 | L29: =IF(L28="",L27,L28)*L26 -> 0 | M29: =IF(M28="",M27,M28)*M26 -> 0 | N29: =IF(N28="",N27,N28)*N26 -> 0 | ... P29: =IF(P28="",P27,P28)*P26 -> 0
D30: ='Cost Schedule'!C$1018 -> Silo, Steel wall, Steel roof, Steel floor, Not lined, Single skin, 1250t | E30: Number | F30: #
E31: Default rate | F31: $/tank | G31: =_xlfn.XLOOKUP($D30,Tanks_vessels_names_CS,Tanks_vessels_rates_CS) -> 47699.644 | H31: =_xlfn.XLOOKUP($D30,Tanks_vessels_names_CS,Tanks_vessels_rates_CS) -> 47699.644 | I31: =_xlfn.XLOOKUP($D30,Tanks_vessels_names_CS,Tanks_vessels_rates_CS) -> 47699.644 | J31: =_xlfn.XLOOKUP($D30,Tanks_vessels_names_CS,Tanks_vessels_rates_CS) -> 47699.644 | K31: =_xlfn.XLOOKUP($D30,Tanks_vessels_names_CS,Tanks_vessels_rates_CS) -> 47699.644 | L31: =_xlfn.XLOOKUP($D30,Tanks_vessels_names_CS,Tanks_vessels_rates_CS) -> 47699.644 | M31: =_xlfn.XLOOKUP($D30,Tanks_vessels_names_CS,Tanks_vessels_rates_CS) -> 47699.644 | N31: =_xlfn.XLOOKUP($D30,Tanks_vessels_names_CS,Tanks_vessels_rates_CS) -> 47699.644 | ... P31: =_xlfn.XLOOKUP($D30,Tanks_vessels_names_CS,Tanks_vessels_rates_CS) -> 47699.644
E32: Alternate rate | F32: $/tank
E33: Cost | F33: $ | G33: =IF(G32="",G31,G32)*G30 -> 0 | H33: =IF(H32="",H31,H32)*H30 -> 0 | I33: =IF(I32="",I31,I32)*I30 -> 0 | J33: =IF(J32="",J31,J32)*J30 -> 0 | K33: =IF(K32="",K31,K32)*K30 -> 0 | L33: =IF(L32="",L31,L32)*L30 -> 0 | M33: =IF(M32="",M31,M32)*M30 -> 0 | N33: =IF(N32="",N31,N32)*N30 -> 0 | ... P33: =IF(P32="",P31,P32)*P30 -> 0
D34: ='Cost Schedule'!C$1019 -> Rail loading bin, Steel wall, Steel roof, Steel floor, Not lined, Single skin, 3000t | E34: Number | F34: #
E35: Default rate | F35: $/tank | G35: =_xlfn.XLOOKUP($D34,Tanks_vessels_names_CS,Tanks_vessels_rates_CS) -> 70531.412 | H35: =_xlfn.XLOOKUP($D34,Tanks_vessels_names_CS,Tanks_vessels_rates_CS) -> 70531.412 | I35: =_xlfn.XLOOKUP($D34,Tanks_vessels_names_CS,Tanks_vessels_rates_CS) -> 70531.412 | J35: =_xlfn.XLOOKUP($D34,Tanks_vessels_names_CS,Tanks_vessels_rates_CS) -> 70531.412 | K35: =_xlfn.XLOOKUP($D34,Tanks_vessels_names_CS,Tanks_vessels_rates_CS) -> 70531.412 | L35: =_xlfn.XLOOKUP($D34,Tanks_vessels_names_CS,Tanks_vessels_rates_CS) -> 70531.412 | M35: =_xlfn.XLOOKUP($D34,Tanks_vessels_names_CS,Tanks_vessels_rates_CS) -> 70531.412 | N35: =_xlfn.XLOOKUP($D34,Tanks_vessels_names_CS,Tanks_vessels_rates_CS) -> 70531.412 | ... P35: =_xlfn.XLOOKUP($D34,Tanks_vessels_names_CS,Tanks_vessels_rates_CS) -> 70531.412
E36: Alternate rate | F36: $/tank
E37: Cost | F37: $ | G37: =IF(G36="",G35,G36)*G34 -> 0 | H37: =IF(H36="",H35,H36)*H34 -> 0 | I37: =IF(I36="",I35,I36)*I34 -> 0 | J37: =IF(J36="",J35,J36)*J34 -> 0 | K37: =IF(K36="",K35,K36)*K34 -> 0 | L37: =IF(L36="",L35,L36)*L34 -> 0 | M37: =IF(M36="",M35,M36)*M34 -> 0 | N37: =IF(N36="",N35,N36)*N34 -> 0 | ... P37: =IF(P36="",P35,P36)*P34 -> 0
D38: ='Cost Schedule'!C$1020 -> Thickening, Steel, Open top, Steel floor, Not lined, Single skin, 100kL | E38: Number | F38: #
E39: Default rate | F39: $/tank | G39: =_xlfn.XLOOKUP($D38,Tanks_vessels_names_CS,Tanks_vessels_rates_CS) -> 11386.968 | H39: =_xlfn.XLOOKUP($D38,Tanks_vessels_names_CS,Tanks_vessels_rates_CS) -> 11386.968 | I39: =_xlfn.XLOOKUP($D38,Tanks_vessels_names_CS,Tanks_vessels_rates_CS) -> 11386.968 | J39: =_xlfn.XLOOKUP($D38,Tanks_vessels_names_CS,Tanks_vessels_rates_CS) -> 11386.968 | K39: =_xlfn.XLOOKUP($D38,Tanks_vessels_names_CS,Tanks_vessels_rates_CS) -> 11386.968 | L39: =_xlfn.XLOOKUP($D38,Tanks_vessels_names_CS,Tanks_vessels_rates_CS) -> 11386.968 | M39: =_xlfn.XLOOKUP($D38,Tanks_vessels_names_CS,Tanks_vessels_rates_CS) -> 11386.968 | N39: =_xlfn.XLOOKUP($D38,Tanks_vessels_names_CS,Tanks_vessels_rates_CS) -> 11386.968 | ... P39: =_xlfn.XLOOKUP($D38,Tanks_vessels_names_CS,Tanks_vessels_rates_CS) -> 11386.968
E40: Alternate rate | F40: $/tank
E41: Cost | F41: $ | G41: =IF(G40="",G39,G40)*G38 -> 0 | H41: =IF(H40="",H39,H40)*H38 -> 0 | I41: =IF(I40="",I39,I40)*I38 -> 0 | J41: =IF(J40="",J39,J40)*J38 -> 0 | K41: =IF(K40="",K39,K40)*K38 -> 0 | L41: =IF(L40="",L39,L40)*L38 -> 0 | M41: =IF(M40="",M39,M40)*M38 -> 0 | N41: =IF(N40="",N39,N40)*N38 -> 0 | ... P41: =IF(P40="",P39,P40)*P38 -> 0
D42: ='Cost Schedule'!C$1021 -> Thickening, Steel, Open top, Steel floor, Not lined, Single skin, 500kL | E42: Number | F42: #
E43: Default rate | F43: $/tank | G43: =_xlfn.XLOOKUP($D42,Tanks_vessels_names_CS,Tanks_vessels_rates_CS) -> 30008.224 | H43: =_xlfn.XLOOKUP($D42,Tanks_vessels_names_CS,Tanks_vessels_rates_CS) -> 30008.224 | I43: =_xlfn.XLOOKUP($D42,Tanks_vessels_names_CS,Tanks_vessels_rates_CS) -> 30008.224 | J43: =_xlfn.XLOOKUP($D42,Tanks_vessels_names_CS,Tanks_vessels_rates_CS) -> 30008.224 | K43: =_xlfn.XLOOKUP($D42,Tanks_vessels_names_CS,Tanks_vessels_rates_CS) -> 30008.224 | L43: =_xlfn.XLOOKUP($D42,Tanks_vessels_names_CS,Tanks_vessels_rates_CS) -> 30008.224 | M43: =_xlfn.XLOOKUP($D42,Tanks_vessels_names_CS,Tanks_vessels_rates_CS) -> 30008.224 | N43: =_xlfn.XLOOKUP($D42,Tanks_vessels_names_CS,Tanks_vessels_rates_CS) -> 30008.224 | ... P43: =_xlfn.XLOOKUP($D42,Tanks_vessels_names_CS,Tanks_vessels_rates_CS) -> 30008.224
E44: Alternate rate | F44: $/tank
E45: Cost | F45: $ | G45: =IF(G44="",G43,G44)*G42 -> 0 | H45: =IF(H44="",H43,H44)*H42 -> 0 | I45: =IF(I44="",I43,I44)*I42 -> 0 | J45: =IF(J44="",J43,J44)*J42 -> 0 | K45: =IF(K44="",K43,K44)*K42 -> 0 | L45: =IF(L44="",L43,L44)*L42 -> 0 | M45: =IF(M44="",M43,M44)*M42 -> 0 | N45: =IF(N44="",N43,N44)*N42 -> 0 | ... P45: =IF(P44="",P43,P44)*P42 -> 0
D46: ='Cost Schedule'!C$1022 -> Thickening, Steel, Open top, Steel floor, Not lined, Single skin, 1000kL | E46: Number | F46: #
E47: Default rate | F47: $/tank | G47: =_xlfn.XLOOKUP($D46,Tanks_vessels_names_CS,Tanks_vessels_rates_CS) -> 47770.387 | H47: =_xlfn.XLOOKUP($D46,Tanks_vessels_names_CS,Tanks_vessels_rates_CS) -> 47770.387 | I47: =_xlfn.XLOOKUP($D46,Tanks_vessels_names_CS,Tanks_vessels_rates_CS) -> 47770.387 | J47: =_xlfn.XLOOKUP($D46,Tanks_vessels_names_CS,Tanks_vessels_rates_CS) -> 47770.387 | K47: =_xlfn.XLOOKUP($D46,Tanks_vessels_names_CS,Tanks_vessels_rates_CS) -> 47770.387 | L47: =_xlfn.XLOOKUP($D46,Tanks_vessels_names_CS,Tanks_vessels_rates_CS) -> 47770.387 | M47: =_xlfn.XLOOKUP($D46,Tanks_vessels_names_CS,Tanks_vessels_rates_CS) -> 47770.387 | N47: =_xlfn.XLOOKUP($D46,Tanks_vessels_names_CS,Tanks_vessels_rates_CS) -> 47770.387 | ... P47: =_xlfn.XLOOKUP($D46,Tanks_vessels_names_CS,Tanks_vessels_rates_CS) -> 47770.387
E48: Alternate rate | F48: $/tank
E49: Cost | F49: $ | G49: =IF(G48="",G47,G48)*G46 -> 0 | H49: =IF(H48="",H47,H48)*H46 -> 0 | I49: =IF(I48="",I47,I48)*I46 -> 0 | J49: =IF(J48="",J47,J48)*J46 -> 0 | K49: =IF(K48="",K47,K48)*K46 -> 0 | L49: =IF(L48="",L47,L48)*L46 -> 0 | M49: =IF(M48="",M47,M48)*M46 -> 0 | N49: =IF(N48="",N47,N48)*N46 -> 0 | ... P49: =IF(P48="",P47,P48)*P46 -> 0
D50: ='Cost Schedule'!C$1023 -> Thickening, Steel, Open top, Steel floor, Not lined, Single skin, 2500kL | E50: Number | F50: #
E51: Default rate | F51: $/tank | G51: =_xlfn.XLOOKUP($D50,Tanks_vessels_names_CS,Tanks_vessels_rates_CS) -> 82425.174 | H51: =_xlfn.XLOOKUP($D50,Tanks_vessels_names_CS,Tanks_vessels_rates_CS) -> 82425.174 | I51: =_xlfn.XLOOKUP($D50,Tanks_vessels_names_CS,Tanks_vessels_rates_CS) -> 82425.174 | J51: =_xlfn.XLOOKUP($D50,Tanks_vessels_names_CS,Tanks_vessels_rates_CS) -> 82425.174 | K51: =_xlfn.XLOOKUP($D50,Tanks_vessels_names_CS,Tanks_vessels_rates_CS) -> 82425.174 | L51: =_xlfn.XLOOKUP($D50,Tanks_vessels_names_CS,Tanks_vessels_rates_CS) -> 82425.174 | M51: =_xlfn.XLOOKUP($D50,Tanks_vessels_names_CS,Tanks_vessels_rates_CS) -> 82425.174 | N51: =_xlfn.XLOOKUP($D50,Tanks_vessels_names_CS,Tanks_vessels_rates_CS) -> 82425.174 | ... P51: =_xlfn.XLOOKUP($D50,Tanks_vessels_names_CS,Tanks_vessels_rates_CS) -> 82425.174
E52: Alternate rate | F52: $/tank
E53: Cost | F53: $ | G53: =IF(G52="",G51,G52)*G50 -> 0 | H53: =IF(H52="",H51,H52)*H50 -> 0 | I53: =IF(I52="",I51,I52)*I50 -> 0 | J53: =IF(J52="",J51,J52)*J50 -> 0 | K53: =IF(K52="",K51,K52)*K50 -> 0 | L53: =IF(L52="",L51,L52)*L50 -> 0 | M53: =IF(M52="",M51,M52)*M50 -> 0 | N53: =IF(N52="",N51,N52)*N50 -> 0 | ... P53: =IF(P52="",P51,P52)*P50 -> 0
D54: ='Cost Schedule'!C$1024 -> Thickening, Steel, Open top, Steel floor, Not lined, Single skin, 5000kL | E54: Number | F54: #
E55: Default rate | F55: $/tank | G55: =_xlfn.XLOOKUP($D54,Tanks_vessels_names_CS,Tanks_vessels_rates_CS) -> 136798.39 | H55: =_xlfn.XLOOKUP($D54,Tanks_vessels_names_CS,Tanks_vessels_rates_CS) -> 136798.39 | I55: =_xlfn.XLOOKUP($D54,Tanks_vessels_names_CS,Tanks_vessels_rates_CS) -> 136798.39 | J55: =_xlfn.XLOOKUP($D54,Tanks_vessels_names_CS,Tanks_vessels_rates_CS) -> 136798.39 | K55: =_xlfn.XLOOKUP($D54,Tanks_vessels_names_CS,Tanks_vessels_rates_CS) -> 136798.39 | L55: =_xlfn.XLOOKUP($D54,Tanks_vessels_names_CS,Tanks_vessels_rates_CS) -> 136798.39 | M55: =_xlfn.XLOOKUP($D54,Tanks_vessels_names_CS,Tanks_vessels_rates_CS) -> 136798.39 | N55: =_xlfn.XLOOKUP($D54,Tanks_vessels_names_CS,Tanks_vessels_rates_CS) -> 136798.39 | ... P55: =_xlfn.XLOOKUP($D54,Tanks_vessels_names_CS,Tanks_vessels_rates_CS) -> 136798.39
E56: Alternate rate | F56: $/tank
E57: Cost | F57: $ | G57: =IF(G56="",G55,G56)*G54 -> 0 | H57: =IF(H56="",H55,H56)*H54 -> 0 | I57: =IF(I56="",I55,I56)*I54 -> 0 | J57: =IF(J56="",J55,J56)*J54 -> 0 | K57: =IF(K56="",K55,K56)*K54 -> 0 | L57: =IF(L56="",L55,L56)*L54 -> 0 | M57: =IF(M56="",M55,M56)*M54 -> 0 | N57: =IF(N56="",N55,N56)*N54 -> 0 | ... P57: =IF(P56="",P55,P56)*P54 -> 0
D58: ='Cost Schedule'!C$1025 -> Thickening, Steel, Open top, Steel floor, Not lined, Single skin, 10000kL | E58: Number | F58: #
E59: Default rate | F59: $/tank | G59: =_xlfn.XLOOKUP($D58,Tanks_vessels_names_CS,Tanks_vessels_rates_CS) -> 236511.89 | H59: =_xlfn.XLOOKUP($D58,Tanks_vessels_names_CS,Tanks_vessels_rates_CS) -> 236511.89 | I59: =_xlfn.XLOOKUP($D58,Tanks_vessels_names_CS,Tanks_vessels_rates_CS) -> 236511.89 | J59: =_xlfn.XLOOKUP($D58,Tanks_vessels_names_CS,Tanks_vessels_rates_CS) -> 236511.89 | K59: =_xlfn.XLOOKUP($D58,Tanks_vessels_names_CS,Tanks_vessels_rates_CS) -> 236511.89 | L59: =_xlfn.XLOOKUP($D58,Tanks_vessels_names_CS,Tanks_vessels_rates_CS) -> 236511.89 | M59: =_xlfn.XLOOKUP($D58,Tanks_vessels_names_CS,Tanks_vessels_rates_CS) -> 236511.89 | N59: =_xlfn.XLOOKUP($D58,Tanks_vessels_names_CS,Tanks_vessels_rates_CS) -> 236511.89 | ... P59: =_xlfn.XLOOKUP($D58,Tanks_vessels_names_CS,Tanks_vessels_rates_CS) -> 236511.89
E60: Alternate rate | F60: $/tank
E61: Cost | F61: $ | G61: =IF(G60="",G59,G60)*G58 -> 0 | H61: =IF(H60="",H59,H60)*H58 -> 0 | I61: =IF(I60="",I59,I60)*I58 -> 0 | J61: =IF(J60="",J59,J60)*J58 -> 0 | K61: =IF(K60="",K59,K60)*K58 -> 0 | L61: =IF(L60="",L59,L60)*L58 -> 0 | M61: =IF(M60="",M59,M60)*M58 -> 0 | N61: =IF(N60="",N59,N60)*N58 -> 0 | ... P61: =IF(P60="",P59,P60)*P58 -> 0
D62: ='Cost Schedule'!C$1026 -> Rail loading bin, Concrete wall, Concrete roof, Concrete base, Not lined, Single skin, 5000t | E62: Number | F62: #
E63: Default rate | F63: $/tank | G63: =_xlfn.XLOOKUP($D62,Tanks_vessels_names_CS,Tanks_vessels_rates_CS) -> 80790.494 | H63: =_xlfn.XLOOKUP($D62,Tanks_vessels_names_CS,Tanks_vessels_rates_CS) -> 80790.494 | I63: =_xlfn.XLOOKUP($D62,Tanks_vessels_names_CS,Tanks_vessels_rates_CS) -> 80790.494 | J63: =_xlfn.XLOOKUP($D62,Tanks_vessels_names_CS,Tanks_vessels_rates_CS) -> 80790.494 | K63: =_xlfn.XLOOKUP($D62,Tanks_vessels_names_CS,Tanks_vessels_rates_CS) -> 80790.494 | L63: =_xlfn.XLOOKUP($D62,Tanks_vessels_names_CS,Tanks_vessels_rates_CS) -> 80790.494 | M63: =_xlfn.XLOOKUP($D62,Tanks_vessels_names_CS,Tanks_vessels_rates_CS) -> 80790.494 | N63: =_xlfn.XLOOKUP($D62,Tanks_vessels_names_CS,Tanks_vessels_rates_CS) -> 80790.494 | ... P63: =_xlfn.XLOOKUP($D62,Tanks_vessels_names_CS,Tanks_vessels_rates_CS) -> 80790.494
E64: Alternate rate | F64: $/tank
E65: Cost | F65: $ | G65: =IF(G64="",G63,G64)*G62 -> 0 | H65: =IF(H64="",H63,H64)*H62 -> 0 | I65: =IF(I64="",I63,I64)*I62 -> 0 | J65: =IF(J64="",J63,J64)*J62 -> 0 | K65: =IF(K64="",K63,K64)*K62 -> 0 | L65: =IF(L64="",L63,L64)*L62 -> 0 | M65: =IF(M64="",M63,M64)*M62 -> 0 | N65: =IF(N64="",N63,N64)*N62 -> 0 | ... P65: =IF(P64="",P63,P64)*P62 -> 0
D66: ='Cost Schedule'!$C$1027 -> Horizontal, Steel, Buried, Single skin, <=5kL | E66: Number | F66: #
E67: Default rate | F67: $/tank | G67: =_xlfn.XLOOKUP($D66,Tanks_vessels_names_CS,Tanks_vessels_rates_CS) -> 10973.847 | H67: =_xlfn.XLOOKUP($D66,Tanks_vessels_names_CS,Tanks_vessels_rates_CS) -> 10973.847 | I67: =_xlfn.XLOOKUP($D66,Tanks_vessels_names_CS,Tanks_vessels_rates_CS) -> 10973.847 | J67: =_xlfn.XLOOKUP($D66,Tanks_vessels_names_CS,Tanks_vessels_rates_CS) -> 10973.847 | K67: =_xlfn.XLOOKUP($D66,Tanks_vessels_names_CS,Tanks_vessels_rates_CS) -> 10973.847 | L67: =_xlfn.XLOOKUP($D66,Tanks_vessels_names_CS,Tanks_vessels_rates_CS) -> 10973.847 | M67: =_xlfn.XLOOKUP($D66,Tanks_vessels_names_CS,Tanks_vessels_rates_CS) -> 10973.847 | N67: =_xlfn.XLOOKUP($D66,Tanks_vessels_names_CS,Tanks_vessels_rates_CS) -> 10973.847 | ... P67: =_xlfn.XLOOKUP($D66,Tanks_vessels_names_CS,Tanks_vessels_rates_CS) -> 10973.847
E68: Alternate rate | F68: $/tank
E69: Cost | F69: $ | G69: =IF(G68="",G67,G68)*G66 -> 0 | H69: =IF(H68="",H67,H68)*H66 -> 0 | I69: =IF(I68="",I67,I68)*I66 -> 0 | J69: =IF(J68="",J67,J68)*J66 -> 0 | K69: =IF(K68="",K67,K68)*K66 -> 0 | L69: =IF(L68="",L67,L68)*L66 -> 0 | M69: =IF(M68="",M67,M68)*M66 -> 0 | N69: =IF(N68="",N67,N68)*N66 -> 0 | ... P69: =IF(P68="",P67,P68)*P66 -> 0
D70: ='Cost Schedule'!$C$1028 -> Horizontal, Steel, Buried, Single skin, >5kL and <= 20kL | E70: Number | F70: #
E71: Default rate | F71: $/tank | G71: =_xlfn.XLOOKUP($D70,Tanks_vessels_names_CS,Tanks_vessels_rates_CS) -> 15313.804 | H71: =_xlfn.XLOOKUP($D70,Tanks_vessels_names_CS,Tanks_vessels_rates_CS) -> 15313.804 | I71: =_xlfn.XLOOKUP($D70,Tanks_vessels_names_CS,Tanks_vessels_rates_CS) -> 15313.804 | J71: =_xlfn.XLOOKUP($D70,Tanks_vessels_names_CS,Tanks_vessels_rates_CS) -> 15313.804 | K71: =_xlfn.XLOOKUP($D70,Tanks_vessels_names_CS,Tanks_vessels_rates_CS) -> 15313.804 | L71: =_xlfn.XLOOKUP($D70,Tanks_vessels_names_CS,Tanks_vessels_rates_CS) -> 15313.804 | M71: =_xlfn.XLOOKUP($D70,Tanks_vessels_names_CS,Tanks_vessels_rates_CS) -> 15313.804 | N71: =_xlfn.XLOOKUP($D70,Tanks_vessels_names_CS,Tanks_vessels_rates_CS) -> 15313.804 | ... P71: =_xlfn.XLOOKUP($D70,Tanks_vessels_names_CS,Tanks_vessels_rates_CS) -> 15313.804
E72: Alternate rate | F72: $/tank
E73: Cost | F73: $ | G73: =IF(G72="",G71,G72)*G70 -> 0 | H73: =IF(H72="",H71,H72)*H70 -> 0 | I73: =IF(I72="",I71,I72)*I70 -> 0 | J73: =IF(J72="",J71,J72)*J70 -> 0 | K73: =IF(K72="",K71,K72)*K70 -> 0 | L73: =IF(L72="",L71,L72)*L70 -> 0 | M73: =IF(M72="",M71,M72)*M70 -> 0 | N73: =IF(N72="",N71,N72)*N70 -> 0 | ... P73: =IF(P72="",P71,P72)*P70 -> 0
D74: ='Cost Schedule'!$C$1029 -> Horizontal, Steel, Buried, Single skin, >20kL and <= 50kL | E74: Number | F74: #
E75: Default rate | F75: $/tank | G75: =_xlfn.XLOOKUP($D74,Tanks_vessels_names_CS,Tanks_vessels_rates_CS) -> 19643.335 | H75: =_xlfn.XLOOKUP($D74,Tanks_vessels_names_CS,Tanks_vessels_rates_CS) -> 19643.335 | I75: =_xlfn.XLOOKUP($D74,Tanks_vessels_names_CS,Tanks_vessels_rates_CS) -> 19643.335 | J75: =_xlfn.XLOOKUP($D74,Tanks_vessels_names_CS,Tanks_vessels_rates_CS) -> 19643.335 | K75: =_xlfn.XLOOKUP($D74,Tanks_vessels_names_CS,Tanks_vessels_rates_CS) -> 19643.335 | L75: =_xlfn.XLOOKUP($D74,Tanks_vessels_names_CS,Tanks_vessels_rates_CS) -> 19643.335 | M75: =_xlfn.XLOOKUP($D74,Tanks_vessels_names_CS,Tanks_vessels_rates_CS) -> 19643.335 | N75: =_xlfn.XLOOKUP($D74,Tanks_vessels_names_CS,Tanks_vessels_rates_CS) -> 19643.335 | ... P75: =_xlfn.XLOOKUP($D74,Tanks_vessels_names_CS,Tanks_vessels_rates_CS) -> 19643.335
E76: Alternate rate | F76: $/tank
E77: Cost | F77: $ | G77: =IF(G76="",G75,G76)*G74 -> 0 | H77: =IF(H76="",H75,H76)*H74 -> 0 | I77: =IF(I76="",I75,I76)*I74 -> 0 | J77: =IF(J76="",J75,J76)*J74 -> 0 | K77: =IF(K76="",K75,K76)*K74 -> 0 | L77: =IF(L76="",L75,L76)*L74 -> 0 | M77: =IF(M76="",M75,M76)*M74 -> 0 | N77: =IF(N76="",N75,N76)*N74 -> 0 | ... P77: =IF(P76="",P75,P76)*P74 -> 0
E78: =C17 -> Decommission, demolish, remove tanks and vessels | G78: =G21+G25+G29+G33+G37+G41+G45+G49+G53+G57+G61+G65+G69+G73+G77 -> 0 | H78: =H21+H25+H29+H33+H37+H41+H45+H49+H53+H57+H61+H65+H69+H73+H77 -> 0 | I78: =I21+I25+I29+I33+I37+I41+I45+I49+I53+I57+I61+I65+I69+I73+I77 -> 0 | J78: =J21+J25+J29+J33+J37+J41+J45+J49+J53+J57+J61+J65+J69+J73+J77 -> 0 | K78: =K21+K25+K29+K33+K37+K41+K45+K49+K53+K57+K61+K65+K69+K73+K77 -> 0 | L78: =L21+L25+L29+L33+L37+L41+L45+L49+L53+L57+L61+L65+L69+L73+L77 -> 0 | M78: =M21+M25+M29+M33+M37+M41+M45+M49+M53+M57+M61+M65+M69+M73+M77 -> 0 | N78: =N21+N25+N29+N33+N37+N41+N45+N49+N53+N57+N61+N65+N69+N73+N77 -> 0 | ... P78: =P21+P25+P29+P33+P37+P41+P45+P49+P53+P57+P61+P65+P69+P73+P77 -> 0
C79: Decommission, demolish, remove transfer and loading equipment | D79: Stacker / Reclaimer / Bucket Wheel | E79: Type | F79: Select | G79: Stacker / Reclaimer | H79: Bucket Wheel | I79: Stacker / Reclaimer | J79: Stacker / Reclaimer | K79: Stacker / Reclaimer | L79: Stacker / Reclaimer | M79: Stacker / Reclaimer | N79: Stacker / Reclaimer | O79: Stacker / Reclaimer | P79: Stacker / Reclaimer
E80: Number | F80: #
E81: Default rate | F81: $/item | G81: =_xlfn.XLOOKUP(G79,Loading_names_CS,Loading_rates_CS) -> 834772.62 | H81: =_xlfn.XLOOKUP(H79,Loading_names_CS,Loading_rates_CS) -> 2185454 | I81: =_xlfn.XLOOKUP(I79,Loading_names_CS,Loading_rates_CS) -> 834772.62 | J81: =_xlfn.XLOOKUP(J79,Loading_names_CS,Loading_rates_CS) -> 834772.62 | K81: =_xlfn.XLOOKUP(K79,Loading_names_CS,Loading_rates_CS) -> 834772.62 | L81: =_xlfn.XLOOKUP(L79,Loading_names_CS,Loading_rates_CS) -> 834772.62 | M81: =_xlfn.XLOOKUP(M79,Loading_names_CS,Loading_rates_CS) -> 834772.62 | N81: =_xlfn.XLOOKUP(N79,Loading_names_CS,Loading_rates_CS) -> 834772.62 | ... P81: =_xlfn.XLOOKUP(P79,Loading_names_CS,Loading_rates_CS) -> 834772.62
E82: Alternate rate | F82: $
E83: Cost | F83: $ | G83: =G80*IF(G82="",G81,G82) -> 0 | H83: =H80*IF(H82="",H81,H82) -> 0 | I83: =I80*IF(I82="",I81,I82) -> 0 | J83: =J80*IF(J82="",J81,J82) -> 0 | K83: =K80*IF(K82="",K81,K82) -> 0 | L83: =L80*IF(L82="",L81,L82) -> 0 | M83: =M80*IF(M82="",M81,M82) -> 0 | N83: =N80*IF(N82="",N81,N82) -> 0 | ... P83: =P80*IF(P82="",P81,P82) -> 0
D84: Rail for stacker / reclaimer | E84: Length | F84: m
E85: Default rate | F85: $/item | G85: ='Cost Schedule'!$D$978 -> 72.619315 | H85: ='Cost Schedule'!$D$978 -> 72.619315 | I85: ='Cost Schedule'!$D$978 -> 72.619315 | J85: ='Cost Schedule'!$D$978 -> 72.619315 | K85: ='Cost Schedule'!$D$978 -> 72.619315 | L85: ='Cost Schedule'!$D$978 -> 72.619315 | M85: ='Cost Schedule'!$D$978 -> 72.619315 | N85: ='Cost Schedule'!$D$978 -> 72.619315 | ... P85: ='Cost Schedule'!$D$978 -> 72.619315
E86: Alternate rate | F86: $
E87: Cost | F87: $ | G87: =G84*IF(G86="",G85,G86) -> 0 | H87: =H84*IF(H86="",H85,H86) -> 0 | I87: =I84*IF(I86="",I85,I86) -> 0 | J87: =J84*IF(J86="",J85,J86) -> 0 | K87: =K84*IF(K86="",K85,K86) -> 0 | L87: =L84*IF(L86="",L85,L86) -> 0 | M87: =M84*IF(M86="",M85,M86) -> 0 | N87: =N84*IF(N86="",N85,N86) -> 0 | ... P87: =P84*IF(P86="",P85,P86) -> 0
D88: Conveyors | E88: Type | G88: Conveyor on-ground | H88: Conveyor elevated | I88: Demolish Reclaim Tunnel | J88: Conveyor reclaim | K88: Demolish Reclaim Tunnel | L88: Conveyor on-ground | M88: Conveyor on-ground | N88: Conveyor on-ground | O88: Conveyor on-ground | P88: Conveyor on-ground
E89: Length | F89: m | G89: 720 | H89: 2200 | I89: 140
E90: Default rate | F90: $/m | G90: =_xlfn.XLOOKUP(G88,Conveyors_tunnels_names_CS,Conveyors_tunnels_rates_CS) -> 291.88002 | H90: =_xlfn.XLOOKUP(H88,Conveyors_tunnels_names_CS,Conveyors_tunnels_rates_CS) -> 449.39671 | I90: =_xlfn.XLOOKUP(I88,Conveyors_tunnels_names_CS,Conveyors_tunnels_rates_CS) -> 1097.1538 | J90: =_xlfn.XLOOKUP(J88,Conveyors_tunnels_names_CS,Conveyors_tunnels_rates_CS) -> 322.58935 | K90: =_xlfn.XLOOKUP(K88,Conveyors_tunnels_names_CS,Conveyors_tunnels_rates_CS) -> 1097.1538 | L90: =_xlfn.XLOOKUP(L88,Conveyors_tunnels_names_CS,Conveyors_tunnels_rates_CS) -> 291.88002 | M90: =_xlfn.XLOOKUP(M88,Conveyors_tunnels_names_CS,Conveyors_tunnels_rates_CS) -> 291.88002 | N90: =_xlfn.XLOOKUP(N88,Conveyors_tunnels_names_CS,Conveyors_tunnels_rates_CS) -> 291.88002 | ... P90: =_xlfn.XLOOKUP(P88,Conveyors_tunnels_names_CS,Conveyors_tunnels_rates_CS) -> 291.88002
E91: Alternate rate | F91: $
E92: Cost | F92: $ | G92: =G89*IF(G91="",G90,G91) -> 210153.62 | H92: =H89*IF(H91="",H90,H91) -> 988672.76 | I92: =I89*IF(I91="",I90,I91) -> 153601.53 | J92: =J89*IF(J91="",J90,J91) -> 0 | K92: =K89*IF(K91="",K90,K91) -> 0 | L92: =L89*IF(L91="",L90,L91) -> 0 | M92: =M89*IF(M91="",M90,M91) -> 0 | N92: =N89*IF(N91="",N90,N91) -> 0 | ... P92: =P89*IF(P91="",P90,P91) -> 0
D93: Vent fans | E93: Type | F93: Select | G93: ='Cost Schedule'!$C$104 -> Vent raise fans, electrical substation and winch (undergound mines) | H93: ='Cost Schedule'!$C$104 -> Vent raise fans, electrical substation and winch (undergound mines) | I93: ='Cost Schedule'!$C$104 -> Vent raise fans, electrical substation and winch (undergound mines) | J93: ='Cost Schedule'!$C$104 -> Vent raise fans, electrical substation and winch (undergound mines) | K93: ='Cost Schedule'!$C$104 -> Vent raise fans, electrical substation and winch (undergound mines) | L93: ='Cost Schedule'!$C$104 -> Vent raise fans, electrical substation and winch (undergound mines) | M93: ='Cost Schedule'!$C$104 -> Vent raise fans, electrical substation and winch (undergound mines) | N93: ='Cost Schedule'!$C$104 -> Vent raise fans, electrical substation and winch (undergound mines) | ... P93: ='Cost Schedule'!$C$104 -> Vent raise fans, electrical substation and winch (undergound mines)
E94: Length | F94: #
E95: Default rate | F95: $/item | G95: ='Cost Schedule'!$D$104 -> 28135.016 | H95: ='Cost Schedule'!$D$104 -> 28135.016 | I95: ='Cost Schedule'!$D$104 -> 28135.016 | J95: ='Cost Schedule'!$D$104 -> 28135.016 | K95: ='Cost Schedule'!$D$104 -> 28135.016 | L95: ='Cost Schedule'!$D$104 -> 28135.016 | M95: ='Cost Schedule'!$D$104 -> 28135.016 | N95: ='Cost Schedule'!$D$104 -> 28135.016 | ... P95: ='Cost Schedule'!$D$104 -> 28135.016
E96: Alternate rate | F96: $
E97: Cost | F97: $ | G97: =G94*IF(G96="",G95,G96) -> 0 | H97: =H94*IF(H96="",H95,H96) -> 0 | I97: =I94*IF(I96="",I95,I96) -> 0 | J97: =J94*IF(J96="",J95,J96) -> 0 | K97: =K94*IF(K96="",K95,K96) -> 0 | L97: =L94*IF(L96="",L95,L96) -> 0 | M97: =M94*IF(M96="",M95,M96) -> 0 | N97: =N94*IF(N96="",N95,N96) -> 0 | ... P97: =P94*IF(P96="",P95,P96) -> 0
E98: =C79 -> Decommission, demolish, remove transfer and loading equipment | F98: total | G98: =G83+G87+G92+G97 -> 210153.62 | H98: =H83+H87+H92+H97 -> 988672.76 | I98: =I83+I87+I92+I97 -> 153601.53 | J98: =J83+J87+J92+J97 -> 0 | K98: =K83+K87+K92+K97 -> 0 | L98: =L83+L87+L92+L97 -> 0 | M98: =M83+M87+M92+M97 -> 0 | N98: =N83+N87+N92+N97 -> 0 | ... P98: =P83+P87+P92+P97 -> 0
C99: Demolish and remove buildings | E99: Type | F99: Select | G99: Light Industrial footprint 100m2 | H99: Industrial footprint 250m2 | I99: CHPP / process building footprint 2000m2 | J99: Washery, crusher, mills footprint 2000m2 | K99: Washery, crusher, mills footprint 2000m2 | L99: Washery, crusher, mills footprint 2000m2 | M99: Washery, crusher, mills footprint 2000m2 | N99: Washery, crusher, mills footprint 2000m2 | O99: Washery, crusher, mills footprint 2000m2 | P99: Washery, crusher, mills footprint 2000m2
E100: Unit of measure | G100: =_xlfn.XLOOKUP(G99,Buildings_beneficiation_names_CS,Buildings_beneficiation_units_CS) -> m2-floor | H100: =_xlfn.XLOOKUP(H99,Buildings_beneficiation_names_CS,Buildings_beneficiation_units_CS) -> m2-floor | I100: =_xlfn.XLOOKUP(I99,Buildings_beneficiation_names_CS,Buildings_beneficiation_units_CS) -> m2-floor | J100: =_xlfn.XLOOKUP(J99,Buildings_beneficiation_names_CS,Buildings_beneficiation_units_CS) -> m2-floor | K100: =_xlfn.XLOOKUP(K99,Buildings_beneficiation_names_CS,Buildings_beneficiation_units_CS) -> m2-floor | L100: =_xlfn.XLOOKUP(L99,Buildings_beneficiation_names_CS,Buildings_beneficiation_units_CS) -> m2-floor | M100: =_xlfn.XLOOKUP(M99,Buildings_beneficiation_names_CS,Buildings_beneficiation_units_CS) -> m2-floor | N100: =_xlfn.XLOOKUP(N99,Buildings_beneficiation_names_CS,Buildings_beneficiation_units_CS) -> m2-floor | ... P100: =_xlfn.XLOOKUP(P99,Buildings_beneficiation_names_CS,Buildings_beneficiation_units_CS) -> m2-floor
E101: Quantity of shown unit (total) | G101: 1190 | H101: 2250 | I101: 6830 | J101: 840
E102: Alternate Rate by length | F102: $/shown unit | G102: =_xlfn.XLOOKUP(G99,Buildings_beneficiation_names_CS,Buildings_beneficiation_rates_CS) -> 94.767706 | H102: =_xlfn.XLOOKUP(H99,Buildings_beneficiation_names_CS,Buildings_beneficiation_rates_CS) -> 151.01004 | I102: =_xlfn.XLOOKUP(I99,Buildings_beneficiation_names_CS,Buildings_beneficiation_rates_CS) -> 251.05327 | J102: =_xlfn.XLOOKUP(J99,Buildings_beneficiation_names_CS,Buildings_beneficiation_rates_CS) -> 251.05327 | K102: =_xlfn.XLOOKUP(K99,Buildings_beneficiation_names_CS,Buildings_beneficiation_rates_CS) -> 251.05327 | L102: =_xlfn.XLOOKUP(L99,Buildings_beneficiation_names_CS,Buildings_beneficiation_rates_CS) -> 251.05327 | M102: =_xlfn.XLOOKUP(M99,Buildings_beneficiation_names_CS,Buildings_beneficiation_rates_CS) -> 251.05327 | N102: =_xlfn.XLOOKUP(N99,Buildings_beneficiation_names_CS,Buildings_beneficiation_rates_CS) -> 251.05327 | ... P102: =_xlfn.XLOOKUP(P99,Buildings_beneficiation_names_CS,Buildings_beneficiation_rates_CS) -> 251.05327
...

Sheet Tailings Storage Facilities
C2: =Name_main -> Rehabilitation Cost Estimate Tool - Mining New South Wales
C3: =CONCATENATE(CompanyName," - ",Mine_Name) -> Boral Cement - Marulan South Limestone Mine
C4: Total RCE | D4: =Grand_total -> 27655414 | F4: per hectare (user) | G4: =IF(G39=0,0,SUM(G75,G94,G115,G152,G168,G198,G210,G232,G249,G280,G292,G298,G310,G316)/G39) -> 0 | H4: =IF(H39=0,0,SUM(H75,H94,H115,H152,H168,H198,H210,H232,H249,H280,H292,H298,H310,H316)/H39) -> 0 | I4: =IF(I39=0,0,SUM(I75,I94,I115,I152,I168,I198,I210,I232,I249,I280,I292,I298,I310,I316)/I39) -> 0 | J4: =IF(J39=0,0,SUM(J75,J94,J115,J152,J168,J198,J210,J232,J249,J280,J292,J298,J310,J316)/J39) -> 0 | K4: =IF(K39=0,0,SUM(K75,K94,K115,K152,K168,K198,K210,K232,K249,K280,K292,K298,K310,K316)/K39) -> 0 | L4: =IF(L39=0,0,SUM(L75,L94,L115,L152,L168,L198,L210,L232,L249,L280,L292,L298,L310,L316)/L39) -> 0 | M4: =IF(M39=0,0,SUM(M75,M94,M115,M152,M168,M198,M210,M232,M249,M280,M292,M298,M310,M316)/M39) -> 0 | N4: =IF(N39=0,0,SUM(N75,N94,N115,N152,N168,N198,N210,N232,N249,N280,N292,N298,N310,N316)/N39) -> 0 | ... P4: =IF(P39=0,0,SUM(P75,P94,P115,P152,P168,P198,P210,P232,P249,P280,P292,P298,P310,P316)/P39) -> 0
C5: Tailings Storage Facilities | D5: =SUM(G6:P6) -> 0 | E5: RCE Summary | F5: per hectare (default) | G5: =IF(G12=0,0,G30/(G12)) -> 0 | H5: =IF(H12=0,0,H30/(H12)) -> 0 | I5: =IF(I12=0,0,I30/(I12)) -> 0 | J5: =IF(J12=0,0,J30/(J12)) -> 0 | K5: =IF(K12=0,0,K30/(K12)) -> 0 | L5: =IF(L12=0,0,L30/(L12)) -> 0 | M5: =IF(M12=0,0,M30/(M12)) -> 0 | N5: =IF(N12=0,0,N30/(N12)) -> 0 | ... P5: =IF(P12=0,0,P30/(P12)) -> 0
F6: Total cost | G6: =G30+G75+G94+G115+G152+G168+G198+G210+G232+G249+G280+G292+G298+G310+G316 -> 0 | H6: =H30+H75+H94+H115+H152+H168+H198+H210+H232+H249+H280+H292+H298+H310+H316 -> 0 | I6: =I30+I75+I94+I115+I152+I168+I198+I210+I232+I249+I280+I292+I298+I310+I316 -> 0 | J6: =J30+J75+J94+J115+J152+J168+J198+J210+J232+J249+J280+J292+J298+J310+J316 -> 0 | K6: =K30+K75+K94+K115+K152+K168+K198+K210+K232+K249+K280+K292+K298+K310+K316 -> 0 | L6: =L30+L75+L94+L115+L152+L168+L198+L210+L232+L249+L280+L292+L298+L310+L316 -> 0 | M6: =M30+M75+M94+M115+M152+M168+M198+M210+M232+M249+M280+M292+M298+M310+M316 -> 0 | N6: =N30+N75+N94+N115+N152+N168+N198+N210+N232+N249+N280+N292+N298+N310+N316 -> 0 | ... P6: =P30+P75+P94+P115+P152+P168+P198+P210+P232+P249+P280+P292+P298+P310+P316 -> 0
C7: For each column, the user enters quantities to either this table or the user build table below. Quantities should not be entered to both. The table directly below is default rates.
C8: Activity | D8: Element | E8: Quantity Name | F8: Unit | G8: Enter Name | H8: Enter Name | I8: Enter Name | J8: Enter Name | K8: Enter Name | L8: Enter Name | M8: Enter Name | N8: Enter Name | O8: Enter Name | P8: Enter Name | Q8: User Notes (including justification for alternate rates) | R8: Department Notes
C9: Notes
C10: GIS | D10: All items in column | E10: GIS reference / Object ID | R10: This is an optional field that can be used by large mines to identify the location of the relevant feature. Large mines should populate the GIS Reference field with the Object ID number of the relevant feature from the spatial data submitted to the Mine Rehabilitation Portal. (Note: this is not required for small mines).
C11: Tailings Storage Facilities (default rates) | D11: Risk category | E11: Risk Level | F11: Select | G11: Tailings Default - Difficult (e.g. inpit) risk | H11: Tailings Default - High risk | I11: Tailings Default - Medium risk | J11: Tailings Default - Low risk | K11: Tailings Default - Very Low risk | L11: Tailings Default - High risk | M11: Tailings Default - High risk | N11: Tailings Default - High risk | O11: Tailings Default - High risk | P11: Tailings Default - High risk
D12: Footprint | E12: Area | F12: ha
E13: Default Rate | F13: $/ha | G13: =_xlfn.XLOOKUP(G11,TSF_names_CS,TSF_rates_CS) -> 1078813.8 | H13: =_xlfn.XLOOKUP(H11,TSF_names_CS,TSF_rates_CS) -> 415238.61 | I13: =_xlfn.XLOOKUP(I11,TSF_names_CS,TSF_rates_CS) -> 225586.62 | J13: =_xlfn.XLOOKUP(J11,TSF_names_CS,TSF_rates_CS) -> 140865.57 | K13: =_xlfn.XLOOKUP(K11,TSF_names_CS,TSF_rates_CS) -> 32862.472 | L13: =_xlfn.XLOOKUP(L11,TSF_names_CS,TSF_rates_CS) -> 415238.61 | M13: =_xlfn.XLOOKUP(M11,TSF_names_CS,TSF_rates_CS) -> 415238.61 | N13: =_xlfn.XLOOKUP(N11,TSF_names_CS,TSF_rates_CS) -> 415238.61 | ... P13: =_xlfn.XLOOKUP(P11,TSF_names_CS,TSF_rates_CS) -> 415238.61
D14: Embankment | E14: Alternate Rate | F14: $/ha
D15: Ramps | E15: Cost | F15: $ | G15: =G12*IF(G14="",G13,G14) -> 0 | H15: =H12*IF(H14="",H13,H14) -> 0 | I15: =I12*IF(I14="",I13,I14) -> 0 | J15: =J12*IF(J14="",J13,J14) -> 0 | K15: =K12*IF(K14="",K13,K14) -> 0 | L15: =L12*IF(L14="",L13,L14) -> 0 | M15: =M12*IF(M14="",M13,M14) -> 0 | N15: =N12*IF(N14="",N13,N14) -> 0 | ... P15: =P12*IF(P14="",P13,P14) -> 0
B16: Show | C16: Growth Media - source from off-site (adjustment) | D16: =Growth_media -> Growth media | E16: Calculated volume at defaults | F16: m3 | G16: =G12*Conv_sqm_ha*Growth_media_TSF_thickness*1.1 -> 0 | H16: =H12*Conv_sqm_ha*Growth_media_TSF_thickness*1.1 -> 0 | I16: =I12*Conv_sqm_ha*Growth_media_TSF_thickness*1.1 -> 0 | J16: =J12*Conv_sqm_ha*Growth_media_TSF_thickness*1.1 -> 0 | K16: =K12*Conv_sqm_ha*Growth_media_TSF_thickness*1.1 -> 0 | L16: =L12*Conv_sqm_ha*Growth_media_TSF_thickness*1.1 -> 0 | M16: =M12*Conv_sqm_ha*Growth_media_TSF_thickness*1.1 -> 0 | N16: =N12*Conv_sqm_ha*Growth_media_TSF_thickness*1.1 -> 0 | ... P16: =P12*Conv_sqm_ha*Growth_media_TSF_thickness*1.1 -> 0 | R16: =CONCATENATE("Only required if more or less growth media is required. The assumption is ",Growth_media_prop_def_rates*100,"% of the volume is purchased.") -> Only required if more or less growth media is required. The assumption is 20% of the volume is purchased.
B17: Show | E17: Calculated volume from off-site at defaults | F17: m3 | G17: =G16*Growth_media_prop_def_rates -> 0 | H17: =H16*Growth_media_prop_def_rates -> 0 | I17: =I16*Growth_media_prop_def_rates -> 0 | J17: =J16*Growth_media_prop_def_rates -> 0 | K17: =K16*Growth_media_prop_def_rates -> 0 | L17: =L16*Growth_media_prop_def_rates -> 0 | M17: =M16*Growth_media_prop_def_rates -> 0 | N17: =N16*Growth_media_prop_def_rates -> 0 | ... P17: =P16*Growth_media_prop_def_rates -> 0
E18: Cost of off-site growth media at defaults | F18: $ | G18: =Growth_media_purchase_rate*Growth_media_soil_density*G17 -> 0 | H18: =Growth_media_purchase_rate*Growth_media_soil_density*H17 -> 0 | I18: =Growth_media_purchase_rate*Growth_media_soil_density*I17 -> 0 | J18: =Growth_media_purchase_rate*Growth_media_soil_density*J17 -> 0 | K18: =Growth_media_purchase_rate*Growth_media_soil_density*K17 -> 0 | L18: =Growth_media_purchase_rate*Growth_media_soil_density*L17 -> 0 | M18: =Growth_media_purchase_rate*Growth_media_soil_density*M17 -> 0 | N18: =Growth_media_purchase_rate*Growth_media_soil_density*N17 -> 0 | ... P18: =Growth_media_purchase_rate*Growth_media_soil_density*P17 -> 0
B19: Show | E19: User over-ride volume from off-site | F19: m3 | R19: Leave blank or enter same volume as calculated if accepting the default. Enter zero if no growth media is from off-site.
E20: Difference between default and user | F20: m3 | G20: =IF(G19="",0,G19-G17) -> 0 | H20: =IF(H19="",0,H19-H17) -> 0 | I20: =IF(I19="",0,I19-I17) -> 0 | J20: =IF(J19="",0,J19-J17) -> 0 | K20: =IF(K19="",0,K19-K17) -> 0 | L20: =IF(L19="",0,L19-L17) -> 0 | M20: =IF(M19="",0,M19-M17) -> 0 | N20: =IF(N19="",0,N19-N17) -> 0 | ... P20: =IF(P19="",0,P19-P17) -> 0 | R20: =IF(OR(G20<0,H20<0,I20<0,J20<0,K20<0,L20<0,M20<0,N20<0,O20<0,P20<0),"Add justification for lower volume","If user enters less than default they must provide justification.") -> If user enters less than default they must provide justification.
B21: Show | E21: Type | F21: Select | G21: Growth media | H21: Growth media | I21: Growth media | J21: Growth media | K21: Growth media | L21: Growth media | M21: Growth media | N21: Growth media | O21: Growth media | P21: Growth media
B22: Show | E22: Default rate for purchase off-site source | F22: $/m3 | G22: =IF(G21=Growth_media,Growth_media_purchase_rate*Growth_media_soil_density,VENM_backfill_buy_R) -> 128.8 | H22: =IF(H21=Growth_media,Growth_media_purchase_rate*Growth_media_soil_density,VENM_backfill_buy_R) -> 128.8 | I22: =IF(I21=Growth_media,Growth_media_purchase_rate*Growth_media_soil_density,VENM_backfill_buy_R) -> 128.8 | J22: =IF(J21=Growth_media,Growth_media_purchase_rate*Growth_media_soil_density,VENM_backfill_buy_R) -> 128.8 | K22: =IF(K21=Growth_media,Growth_media_purchase_rate*Growth_media_soil_density,VENM_backfill_buy_R) -> 128.8 | L22: =IF(L21=Growth_media,Growth_media_purchase_rate*Growth_media_soil_density,VENM_backfill_buy_R) -> 128.8 | M22: =IF(M21=Growth_media,Growth_media_purchase_rate*Growth_media_soil_density,VENM_backfill_buy_R) -> 128.8 | N22: =IF(N21=Growth_media,Growth_media_purchase_rate*Growth_media_soil_density,VENM_backfill_buy_R) -> 128.8 | ... P22: =IF(P21=Growth_media,Growth_media_purchase_rate*Growth_media_soil_density,VENM_backfill_buy_R) -> 128.8
B23: Show | E23: Alternate rate for purchase off-site source | F23: $/m3
E24: User over-ride cost from off-site | F24: $ | G24: =IF(G23="",G22,G23)*G20 -> 0 | H24: =IF(H23="",H22,H23)*H20 -> 0 | I24: =IF(I23="",I22,I23)*I20 -> 0 | J24: =IF(J23="",J22,J23)*J20 -> 0 | K24: =IF(K23="",K22,K23)*K20 -> 0 | L24: =IF(L23="",L22,L23)*L20 -> 0 | M24: =IF(M23="",M22,M23)*M20 -> 0 | N24: =IF(N23="",N22,N23)*N20 -> 0 | ... P24: =IF(P23="",P22,P23)*P20 -> 0
B25: Show | E25: Cost adjustment for off-site source | F25: $ | G25: =G24 -> 0 | H25: =H24 -> 0 | I25: =I24 -> 0 | J25: =J24 -> 0 | K25: =K24 -> 0 | L25: =L24 -> 0 | M25: =M24 -> 0 | N25: =N24 -> 0 | ... P25: =P24 -> 0
B26: Show | C26: Clay Cap - source from off-site (adjustment) | D26: Clay for low permeability layer | E26: User volume from off-site | F26: m3 | R26: The default assumes clay is sourced on-site. If clay must be sourced from off-site, the user
B27: Show | E27: Default rate for purchase off-site source | F27: $/m3 | G27: =Capping_clay_purchase_rate -> 56.27544 | H27: =Capping_clay_purchase_rate -> 56.27544 | I27: =Capping_clay_purchase_rate -> 56.27544 | J27: =Capping_clay_purchase_rate -> 56.27544 | K27: =Capping_clay_purchase_rate -> 56.27544 | L27: =Capping_clay_purchase_rate -> 56.27544 | M27: =Capping_clay_purchase_rate -> 56.27544 | N27: =Capping_clay_purchase_rate -> 56.27544 | ... P27: =Capping_clay_purchase_rate -> 56.27544 | R27: must add a volume.
B28: Show | E28: Alternate rate for purchase off-site source | F28: $/m3
B29: Show | E29: Cost adjustment for off-site source | F29: $ | G29: =IF(G28="",G27,G28)*G26 -> 0 | H29: =IF(H28="",H27,H28)*H26 -> 0 | I29: =IF(I28="",I27,I28)*I26 -> 0 | J29: =IF(J28="",J27,J28)*J26 -> 0 | K29: =IF(K28="",K27,K28)*K26 -> 0 | L29: =IF(L28="",L27,L28)*L26 -> 0 | M29: =IF(M28="",M27,M28)*M26 -> 0 | N29: =IF(N28="",N27,N28)*N26 -> 0 | ... P29: =IF(P28="",P27,P28)*P26 -> 0
E30: =C11 -> Tailings Storage Facilities (default rates) | F30: $ | G30: =G15+G25+G29 -> 0 | H30: =H15+H25+H29 -> 0 | I30: =I15+I25+I29 -> 0 | J30: =J15+J25+J29 -> 0 | K30: =K15+K25+K29 -> 0 | L30: =L15+L25+L29 -> 0 | M30: =M15+M25+M29 -> 0 | N30: =N15+N25+N29 -> 0 | ... P30: =P15+P25+P29 -> 0
C32: < Select "Show" if you wish to use the User Build Table. If quantities were entered to the defaults table column above, quantities should not be entered to the user build.
B33: Show | C33: "Quantities added to both tables" is shown if user has entered quantities to Default and User Build table. | G33: =IF(AND(G12>0,G39>0),"Quantities added to both tables","ok") -> ok | H33: =IF(AND(H12>0,H39>0),"Quantities added to both tables","ok") -> ok | I33: =IF(AND(I12>0,I39>0),"Quantities added to both tables","ok") -> ok | J33: =IF(AND(J12>0,J39>0),"Quantities added to both tables","ok") -> ok | K33: =IF(AND(K12>0,K39>0),"Quantities added to both tables","ok") -> ok | L33: =IF(AND(L12>0,L39>0),"Quantities added to both tables","ok") -> ok | M33: =IF(AND(M12>0,M39>0),"Quantities added to both tables","ok") -> ok | N33: =IF(AND(N12>0,N39>0),"Quantities added to both tables","ok") -> ok | ... P33: =IF(AND(P12>0,P39>0),"Quantities added to both tables","ok") -> ok
B34: Show | C34: The table directly below is for user build rates.
B35: Show | C35: Activity | D35: Element | E35: Quantity Name | F35: Unit | G35: Enter Name | H35: Enter Name | I35: Enter Name | J35: Enter Name | K35: Enter Name | L35: Enter Name | M35: Enter Name | N35: Enter Name | O35: Enter Name | P35: Enter Name | Q35: User Notes (including justification for alternate rates) | R35: Department Notes
B36: Show | C36: Notes
B37: Show | C37: Tailings Storage Facilities (user-build) | D37: Risk category | E37: Risk Level | F37: Select | G37: Difficult (e.g. inpit) | H37: High | I37: Medium | J37: Low | K37: Very Low | L37: High | M37: High | N37: High | O37: High | P37: High
B38: Show | D38: Reference | E38: GIS reference / Object ID | R38: This is an optional field that can be used by large mines to identify the location of the relevant feature. Large mines should populate the GIS Reference field with the Object ID number of the relevant feature from the spatial data submitted to the Mine Rehabilitation Portal. (Note: this is not required for small mines).
B39: Show | D39: Footprint | E39: Area | F39: ha
B40: Show | D40: Embankment | E40: Area | F40: ha
B41: Show | C41: Rock cover load, haul, place | D41: Ramps | E41: Area | F41: ha
B42: Show
B43: Show | C43: Cover embankments and ramps with rock | D43: Embankment | E43: Thickness (default) | F43: m | G43: =_xlfn.XLOOKUP(G$37,'Assumptions - Capping'!$D$4:$H$4,'Assumptions - Capping'!$D$6:$H$6) -> 1 | H43: =_xlfn.XLOOKUP(H$37,'Assumptions - Capping'!$D$4:$H$4,'Assumptions - Capping'!$D$6:$H$6) -> 1 | I43: =_xlfn.XLOOKUP(I$37,'Assumptions - Capping'!$D$4:$H$4,'Assumptions - Capping'!$D$6:$H$6) -> 1 | J43: =_xlfn.XLOOKUP(J$37,'Assumptions - Capping'!$D$4:$H$4,'Assumptions - Capping'!$D$6:$H$6) -> 1 | K43: =_xlfn.XLOOKUP(K$37,'Assumptions - Capping'!$D$4:$H$4,'Assumptions - Capping'!$D$6:$H$6) -> 1 | L43: =_xlfn.XLOOKUP(L$37,'Assumptions - Capping'!$D$4:$H$4,'Assumptions - Capping'!$D$6:$H$6) -> 1 | M43: =_xlfn.XLOOKUP(M$37,'Assumptions - Capping'!$D$4:$H$4,'Assumptions - Capping'!$D$6:$H$6) -> 1 | N43: =_xlfn.XLOOKUP(N$37,'Assumptions - Capping'!$D$4:$H$4,'Assumptions - Capping'!$D$6:$H$6) -> 1 | ... P43: =_xlfn.XLOOKUP(P$37,'Assumptions - Capping'!$D$4:$H$4,'Assumptions - Capping'!$D$6:$H$6) -> 1
B44: Show | E44: Thickness (user over-ride) | F44: m | R44: Leave blank if accepting the default or enter same thickness as default.
B45: Show | E45: Thickness (used in calculations) | F45: m | G45: =IF(G44="",G43,G44) -> 1 | H45: =IF(H44="",H43,H44) -> 1 | I45: =IF(I44="",I43,I44) -> 1 | J45: =IF(J44="",J43,J44) -> 1 | K45: =IF(K44="",K43,K44) -> 1 | L45: =IF(L44="",L43,L44) -> 1 | M45: =IF(M44="",M43,M44) -> 1 | N45: =IF(N44="",N43,N44) -> 1 | ... P45: =IF(P44="",P43,P44) -> 1 | R45: =IF(OR(G45<G43,H45<H43,I45<I43,J45<J43,K45<K43,L45<L43,M45<M43,N45<N43,O45<O43,P45<P43),"Add justification for lower thickness.","If user enters less than default they must provide justification.") -> If user enters less than default they must provide justification.
B46: Show | E46: Volume | F46: m3 | G46: =G40*Conv_sqm_ha*G45 -> 0 | H46: =H40*Conv_sqm_ha*H45 -> 0 | I46: =I40*Conv_sqm_ha*I45 -> 0 | J46: =J40*Conv_sqm_ha*J45 -> 0 | K46: =K40*Conv_sqm_ha*K45 -> 0 | L46: =L40*Conv_sqm_ha*L45 -> 0 | M46: =M40*Conv_sqm_ha*M45 -> 0 | N46: =N40*Conv_sqm_ha*N45 -> 0 | ... P46: =P40*Conv_sqm_ha*P45 -> 0
B47: Show | C47: Prepare embankment | E47: Dozer for ripping | F47: Select | G47: Dozer D6R | H47: Dozer D6R | I47: Dozer D6R | J47: Dozer D6R | K47: Dozer D6R | L47: Dozer D6R | M47: Dozer D6R | N47: Dozer D6R | O47: Dozer D6R | P47: Dozer D6R
B48: Show | E48: Default rate | F48: $/ha | G48: =_xlfn.XLOOKUP(G47,Dozer_rip_names_CS,Dozer_rip_rates_CS) -> 740.1959 | H48: =_xlfn.XLOOKUP(H47,Dozer_rip_names_CS,Dozer_rip_rates_CS) -> 740.1959 | I48: =_xlfn.XLOOKUP(I47,Dozer_rip_names_CS,Dozer_rip_rates_CS) -> 740.1959 | J48: =_xlfn.XLOOKUP(J47,Dozer_rip_names_CS,Dozer_rip_rates_CS) -> 740.1959 | K48: =_xlfn.XLOOKUP(K47,Dozer_rip_names_CS,Dozer_rip_rates_CS) -> 740.1959 | L48: =_xlfn.XLOOKUP(L47,Dozer_rip_names_CS,Dozer_rip_rates_CS) -> 740.1959 | M48: =_xlfn.XLOOKUP(M47,Dozer_rip_names_CS,Dozer_rip_rates_CS) -> 740.1959 | N48: =_xlfn.XLOOKUP(N47,Dozer_rip_names_CS,Dozer_rip_rates_CS) -> 740.1959 | ... P48: =_xlfn.XLOOKUP(P47,Dozer_rip_names_CS,Dozer_rip_rates_CS) -> 740.1959
B49: Show | E49: Alternate rate | F49: $/ha
B50: Show | E50: Cost | F50: $ | G50: =G40*IF(G49="",G48,G49) -> 0 | H50: =H40*IF(H49="",H48,H49) -> 0 | I50: =I40*IF(I49="",I48,I49) -> 0 | J50: =J40*IF(J49="",J48,J49) -> 0 | K50: =K40*IF(K49="",K48,K49) -> 0 | L50: =L40*IF(L49="",L48,L49) -> 0 | M50: =M40*IF(M49="",M48,M49) -> 0 | N50: =N40*IF(N49="",N48,N49) -> 0 | ... P50: =P40*IF(P49="",P48,P49) -> 0
B51: Show | C51: Reshape embankment | E51: Dozer and slope angle for shape and doze to establish drainage | F51: Select | G51: Dozer D6R >14<=17.5 degrees | H51: Dozer D6R >14<=17.5 degrees | I51: Dozer D6R >14<=17.5 degrees | J51: Dozer D6R >14<=17.5 degrees | K51: Dozer D6R >14<=17.5 degrees | L51: Dozer D6R >14<=17.5 degrees | M51: Dozer D6R >14<=17.5 degrees | N51: Dozer D6R >14<=17.5 degrees | O51: Dozer D6R >14<=17.5 degrees | P51: Dozer D6R >14<=17.5 degrees
B52: Show | E52: Default rate | F52: $/ha | G52: =_xlfn.XLOOKUP(G51,Dozer_shape_doze_for_drainage_names_CS,Dozer_shape_doze_for_drainage_rates_CS) -> 4384.0589 | H52: =_xlfn.XLOOKUP(H51,Dozer_shape_doze_for_drainage_names_CS,Dozer_shape_doze_for_drainage_rates_CS) -> 4384.0589 | I52: =_xlfn.XLOOKUP(I51,Dozer_shape_doze_for_drainage_names_CS,Dozer_shape_doze_for_drainage_rates_CS) -> 4384.0589 | J52: =_xlfn.XLOOKUP(J51,Dozer_shape_doze_for_drainage_names_CS,Dozer_shape_doze_for_drainage_rates_CS) -> 4384.0589 | K52: =_xlfn.XLOOKUP(K51,Dozer_shape_doze_for_drainage_names_CS,Dozer_shape_doze_for_drainage_rates_CS) -> 4384.0589 | L52: =_xlfn.XLOOKUP(L51,Dozer_shape_doze_for_drainage_names_CS,Dozer_shape_doze_for_drainage_rates_CS) -> 4384.0589 | M52: =_xlfn.XLOOKUP(M51,Dozer_shape_doze_for_drainage_names_CS,Dozer_shape_doze_for_drainage_rates_CS) -> 4384.0589 | N52: =_xlfn.XLOOKUP(N51,Dozer_shape_doze_for_drainage_names_CS,Dozer_shape_doze_for_drainage_rates_CS) -> 4384.0589 | ... P52: =_xlfn.XLOOKUP(P51,Dozer_shape_doze_for_drainage_names_CS,Dozer_shape_doze_for_drainage_rates_CS) -> 4384.0589
B53: Show | E53: Alternate rate
B54: Show | E54: Cost | F54: $ | G54: =IF(G53="",G52,G53)*G40 -> 0 | H54: =IF(H53="",H52,H53)*H40 -> 0 | I54: =IF(I53="",I52,I53)*I40 -> 0 | J54: =IF(J53="",J52,J53)*J40 -> 0 | K54: =IF(K53="",K52,K53)*K40 -> 0 | L54: =IF(L53="",L52,L53)*L40 -> 0 | M54: =IF(M53="",M52,M53)*M40 -> 0 | N54: =IF(N53="",N52,N53)*N40 -> 0 | ... P54: =IF(P53="",P52,P53)*P40 -> 0
B55: Show | C55: Profile embankment | E55: Dozer and push length embankment profile | F55: Select | G55: Dozer D6R > 20m to <= 50m push | H55: Dozer D6R > 20m to <= 50m push | I55: Dozer D6R > 20m to <= 50m push | J55: Dozer D6R > 20m to <= 50m push | K55: Dozer D6R > 20m to <= 50m push | L55: Dozer D6R > 20m to <= 50m push | M55: Dozer D6R > 20m to <= 50m push | N55: Dozer D6R > 20m to <= 50m push | O55: Dozer D6R > 20m to <= 50m push | P55: Dozer D6R > 20m to <= 50m push
B56: Show | E56: Default rate | F56: $/ha | G56: =_xlfn.XLOOKUP(G55,Dozer_shape_reprofile_area_names_CS,Dozer_shape_reprofile_area_rate_CS) -> 15949.577 | H56: =_xlfn.XLOOKUP(H55,Dozer_shape_reprofile_area_names_CS,Dozer_shape_reprofile_area_rate_CS) -> 15949.577 | I56: =_xlfn.XLOOKUP(I55,Dozer_shape_reprofile_area_names_CS,Dozer_shape_reprofile_area_rate_CS) -> 15949.577 | J56: =_xlfn.XLOOKUP(J55,Dozer_shape_reprofile_area_names_CS,Dozer_shape_reprofile_area_rate_CS) -> 15949.577 | K56: =_xlfn.XLOOKUP(K55,Dozer_shape_reprofile_area_names_CS,Dozer_shape_reprofile_area_rate_CS) -> 15949.577 | L56: =_xlfn.XLOOKUP(L55,Dozer_shape_reprofile_area_names_CS,Dozer_shape_reprofile_area_rate_CS) -> 15949.577 | M56: =_xlfn.XLOOKUP(M55,Dozer_shape_reprofile_area_names_CS,Dozer_shape_reprofile_area_rate_CS) -> 15949.577 | N56: =_xlfn.XLOOKUP(N55,Dozer_shape_reprofile_area_names_CS,Dozer_shape_reprofile_area_rate_CS) -> 15949.577 | ... P56: =_xlfn.XLOOKUP(P55,Dozer_shape_reprofile_area_names_CS,Dozer_shape_reprofile_area_rate_CS) -> 15949.577
B57: Show | E57: Alternate rate | F57: $/ha
B58: Show | E58: Cost | F58: $ | G58: =IF(G57="",G56,G57)*G40 -> 0 | H58: =IF(H57="",H56,H57)*H40 -> 0 | I58: =IF(I57="",I56,I57)*I40 -> 0 | J58: =IF(J57="",J56,J57)*J40 -> 0 | K58: =IF(K57="",K56,K57)*K40 -> 0 | L58: =IF(L57="",L56,L57)*L40 -> 0 | M58: =IF(M57="",M56,M57)*M40 -> 0 | N58: =IF(N57="",N56,N57)*N40 -> 0 | ... P58: =IF(P57="",P56,P57)*P40 -> 0
B59: Show | C59: Rock cover load, haul, place | D59: Ramps | E59: Thickness - default | F59: m | G59: =_xlfn.XLOOKUP(G$37,'Assumptions - Capping'!$D$4:$H$4,'Assumptions - Capping'!$D$7:$H$7) -> 0.5 | H59: =_xlfn.XLOOKUP(H$37,'Assumptions - Capping'!$D$4:$H$4,'Assumptions - Capping'!$D$7:$H$7) -> 0.5 | I59: =_xlfn.XLOOKUP(I$37,'Assumptions - Capping'!$D$4:$H$4,'Assumptions - Capping'!$D$7:$H$7) -> 0.5 | J59: =_xlfn.XLOOKUP(J$37,'Assumptions - Capping'!$D$4:$H$4,'Assumptions - Capping'!$D$7:$H$7) -> 0.5 | K59: =_xlfn.XLOOKUP(K$37,'Assumptions - Capping'!$D$4:$H$4,'Assumptions - Capping'!$D$7:$H$7) -> 0.5 | L59: =_xlfn.XLOOKUP(L$37,'Assumptions - Capping'!$D$4:$H$4,'Assumptions - Capping'!$D$7:$H$7) -> 0.5 | M59: =_xlfn.XLOOKUP(M$37,'Assumptions - Capping'!$D$4:$H$4,'Assumptions - Capping'!$D$7:$H$7) -> 0.5 | N59: =_xlfn.XLOOKUP(N$37,'Assumptions - Capping'!$D$4:$H$4,'Assumptions - Capping'!$D$7:$H$7) -> 0.5 | ... P59: =_xlfn.XLOOKUP(P$37,'Assumptions - Capping'!$D$4:$H$4,'Assumptions - Capping'!$D$7:$H$7) -> 0.5
B60: Show | E60: Thickness - used over-ride | F60: m | R60: Leave blank if accepting the default or enter same thickness as default.
B61: Show | E61: Thickness - used in calculations | F61: m | G61: =IF(G60="",G59,G60) -> 0.5 | H61: =IF(H60="",H59,H60) -> 0.5 | I61: =IF(I60="",I59,I60) -> 0.5 | J61: =IF(J60="",J59,J60) -> 0.5 | K61: =IF(K60="",K59,K60) -> 0.5 | L61: =IF(L60="",L59,L60) -> 0.5 | M61: =IF(M60="",M59,M60) -> 0.5 | N61: =IF(N60="",N59,N60) -> 0.5 | ... P61: =IF(P60="",P59,P60) -> 0.5 | R61: =IF(OR(G61<G59,H61<H59,I61<I59,J61<J59,K61<K59,L61<L59,M61<M59,N61<N59,O61<O59,P61<P59),"Add justification for lower thickness.","If user enters less than default they must provide justification.") -> If user enters less than default they must provide justification.
B62: Show | E62: Volume | F62: m3 | G62: =G41*Conv_sqm_ha*G61 -> 0 | H62: =H41*Conv_sqm_ha*H61 -> 0 | I62: =I41*Conv_sqm_ha*I61 -> 0 | J62: =J41*Conv_sqm_ha*J61 -> 0 | K62: =K41*Conv_sqm_ha*K61 -> 0 | L62: =L41*Conv_sqm_ha*L61 -> 0 | M62: =M41*Conv_sqm_ha*M61 -> 0 | N62: =N41*Conv_sqm_ha*N61 -> 0 | ... P62: =P41*Conv_sqm_ha*P61 -> 0
B63: Show | D63: Embankment and ramps | E63: Fleet and distance for load and haul of rock cover | F63: Select | G63: Small - Fill - >2500 m to <=3000 m | H63: Small - Fill - >2500 m to <=3000 m | I63: Small - Fill - >2500 m to <=3000 m | J63: Small - Fill - >2500 m to <=3000 m | K63: Small - Fill - >2500 m to <=3000 m | L63: Small - Fill - >2500 m to <=3000 m | M63: Small - Fill - >2500 m to <=3000 m | N63: Small - Fill - >2500 m to <=3000 m | O63: Small - Fill - >2500 m to <=3000 m | P63: Small - Fill - >2500 m to <=3000 m
B64: Show | E64: Default rate | F64: $/m3 | G64: =_xlfn.XLOOKUP(G63,Load_haul_fill_names_CS,Load_haul_fill_rates_CS) -> 7.5000816 | H64: =_xlfn.XLOOKUP(H63,Load_haul_fill_names_CS,Load_haul_fill_rates_CS) -> 7.5000816 | I64: =_xlfn.XLOOKUP(I63,Load_haul_fill_names_CS,Load_haul_fill_rates_CS) -> 7.5000816 | J64: =_xlfn.XLOOKUP(J63,Load_haul_fill_names_CS,Load_haul_fill_rates_CS) -> 7.5000816 | K64: =_xlfn.XLOOKUP(K63,Load_haul_fill_names_CS,Load_haul_fill_rates_CS) -> 7.5000816 | L64: =_xlfn.XLOOKUP(L63,Load_haul_fill_names_CS,Load_haul_fill_rates_CS) -> 7.5000816 | M64: =_xlfn.XLOOKUP(M63,Load_haul_fill_names_CS,Load_haul_fill_rates_CS) -> 7.5000816 | N64: =_xlfn.XLOOKUP(N63,Load_haul_fill_names_CS,Load_haul_fill_rates_CS) -> 7.5000816 | ... P64: =_xlfn.XLOOKUP(P63,Load_haul_fill_names_CS,Load_haul_fill_rates_CS) -> 7.5000816
B65: Show | E65: Alternate rate | F65: $/m3
B66: Show | E66: Cost | F66: $ | G66: =G64*(G46+G62) -> 0 | H66: =H64*(H46+H62) -> 0 | I66: =I64*(I46+I62) -> 0 | J66: =J64*(J46+J62) -> 0 | K66: =K64*(K46+K62) -> 0 | L66: =L64*(L46+L62) -> 0 | M66: =M64*(M46+M62) -> 0 | N66: =N64*(N46+N62) -> 0 | ... P66: =P64*(P46+P62) -> 0
B67: Show | C67: Rock cover reshape - dozer push | E67: Dozer and push length for rock cover shaping | F67: Select | G67: Dozer D6R - > 50m to <= 75m push | H67: Dozer D6R - > 50m to <= 75m push | I67: Dozer D6R - > 50m to <= 75m push | J67: Dozer D6R - > 50m to <= 75m push | K67: Dozer D6R - > 50m to <= 75m push | L67: Dozer D6R - > 50m to <= 75m push | M67: Dozer D6R - > 50m to <= 75m push | N67: Dozer D6R - > 50m to <= 75m push | O67: Dozer D6R - > 50m to <= 75m push | P67: Dozer D6R - > 50m to <= 75m push
B68: Show | E68: Default rate | F68: $/m3 | G68: =_xlfn.XLOOKUP(G67,Dozer_push_names_CS,Dozer_push_rates_CS) -> 1.8084243 | H68: =_xlfn.XLOOKUP(H67,Dozer_push_names_CS,Dozer_push_rates_CS) -> 1.8084243 | I68: =_xlfn.XLOOKUP(I67,Dozer_push_names_CS,Dozer_push_rates_CS) -> 1.8084243 | J68: =_xlfn.XLOOKUP(J67,Dozer_push_names_CS,Dozer_push_rates_CS) -> 1.8084243 | K68: =_xlfn.XLOOKUP(K67,Dozer_push_names_CS,Dozer_push_rates_CS) -> 1.8084243 | L68: =_xlfn.XLOOKUP(L67,Dozer_push_names_CS,Dozer_push_rates_CS) -> 1.8084243 | M68: =_xlfn.XLOOKUP(M67,Dozer_push_names_CS,Dozer_push_rates_CS) -> 1.8084243 | N68: =_xlfn.XLOOKUP(N67,Dozer_push_names_CS,Dozer_push_rates_CS) -> 1.8084243 | ... P68: =_xlfn.XLOOKUP(P67,Dozer_push_names_CS,Dozer_push_rates_CS) -> 1.8084243
B69: Show | E69: Alternate rate | F69: $/m3
B70: Show | E70: Cost | F70: $ | G70: =IF(G69="",G68,G69)*(G46+G62) -> 0 | H70: =IF(H69="",H68,H69)*(H46+H62) -> 0 | I70: =IF(I69="",I68,I69)*(I46+I62) -> 0 | J70: =IF(J69="",J68,J69)*(J46+J62) -> 0 | K70: =IF(K69="",K68,K69)*(K46+K62) -> 0 | L70: =IF(L69="",L68,L69)*(L46+L62) -> 0 | M70: =IF(M69="",M68,M69)*(M46+M62) -> 0 | N70: =IF(N69="",N68,N69)*(N46+N62) -> 0 | O70: =IF(O69="",O68,O69)*(O46+O62) -> 0 | P70: =P68*(P46+P62) -> 0
B71: Show | E71: Dozer and angle for armour shaping | F71: Select | G71: Dozer D6R >5.7<=8.5 degrees | H71: Dozer D6R >5.7<=8.5 degrees | I71: Dozer D6R >5.7<=8.5 degrees | J71: Dozer D6R >5.7<=8.5 degrees | K71: Dozer D6R >5.7<=8.5 degrees | L71: Dozer D6R >5.7<=8.5 degrees | M71: Dozer D6R >5.7<=8.5 degrees | N71: Dozer D6R >5.7<=8.5 degrees | O71: Dozer D6R >5.7<=8.5 degrees | P71: Dozer D6R >5.7<=8.5 degrees
B72: Show | C72: Rock cover reshape - reshape | E72: Default rate | F72: $/ha | G72: =_xlfn.XLOOKUP(G71,Dozer_shape_doze_for_drainage_names_CS,Dozer_shape_doze_for_drainage_rates_CS) -> 6726.2274 | H72: =_xlfn.XLOOKUP(H71,Dozer_shape_doze_for_drainage_names_CS,Dozer_shape_doze_for_drainage_rates_CS) -> 6726.2274 | I72: =_xlfn.XLOOKUP(I71,Dozer_shape_doze_for_drainage_names_CS,Dozer_shape_doze_for_drainage_rates_CS) -> 6726.2274 | J72: =_xlfn.XLOOKUP(J71,Dozer_shape_doze_for_drainage_names_CS,Dozer_shape_doze_for_drainage_rates_CS) -> 6726.2274 | K72: =_xlfn.XLOOKUP(K71,Dozer_shape_doze_for_drainage_names_CS,Dozer_shape_doze_for_drainage_rates_CS) -> 6726.2274 | L72: =_xlfn.XLOOKUP(L71,Dozer_shape_doze_for_drainage_names_CS,Dozer_shape_doze_for_drainage_rates_CS) -> 6726.2274 | M72: =_xlfn.XLOOKUP(M71,Dozer_shape_doze_for_drainage_names_CS,Dozer_shape_doze_for_drainage_rates_CS) -> 6726.2274 | N72: =_xlfn.XLOOKUP(N71,Dozer_shape_doze_for_drainage_names_CS,Dozer_shape_doze_for_drainage_rates_CS) -> 6726.2274 | ... P72: =_xlfn.XLOOKUP(P71,Dozer_shape_doze_for_drainage_names_CS,Dozer_shape_doze_for_drainage_rates_CS) -> 6726.2274
B73: Show | E73: Alternate rate | F73: $/ha
B74: Show | E74: Cost | F74: $ | G74: =IF(G73="",G72,G73)*(G40+G41) -> 0 | H74: =IF(H73="",H72,H73)*(H40+H41) -> 0 | I74: =IF(I73="",I72,I73)*(I40+I41) -> 0 | J74: =IF(J73="",J72,J73)*(J40+J41) -> 0 | K74: =IF(K73="",K72,K73)*(K40+K41) -> 0 | L74: =IF(L73="",L72,L73)*(L40+L41) -> 0 | M74: =IF(M73="",M72,M73)*(M40+M41) -> 0 | N74: =IF(N73="",N72,N73)*(N40+N41) -> 0 | ... P74: =IF(P73="",P72,P73)*(P40+P41) -> 0
B75: Show | E75: =C43 -> Cover embankments and ramps with rock | F75: $ | G75: =G50+G54+G58+G66+G70+G74 -> 0 | H75: =H50+H54+H58+H66+H70+H74 -> 0 | I75: =I50+I54+I58+I66+I70+I74 -> 0 | J75: =J50+J54+J58+J66+J70+J74 -> 0 | K75: =K50+K54+K58+K66+K70+K74 -> 0 | L75: =L50+L54+L58+L66+L70+L74 -> 0 | M75: =M50+M54+M58+M66+M70+M74 -> 0 | N75: =N50+N54+N58+N66+N70+N74 -> 0 | ... P75: =P50+P54+P58+P66+P70+P74 -> 0
B76: Show | C76: Construct working layer | D76: Working layer | E76: Area (suggested) | F76: ha | G76: =G$39 -> 0 | H76: =H$39 -> 0 | I76: =I$39 -> 0 | J76: =J$39 -> 0 | K76: =K$39 -> 0 | L76: =L$39 -> 0 | M76: =M$39 -> 0 | N76: =N$39 -> 0 | ... P76: =P$39 -> 0
B77: Show | E77: Area (user over-ride) | F77: ha
B78: Show | E78: Area (used in calculations) | F78: ha | G78: =IF(G77="",G76,G77) -> 0 | H78: =IF(H77="",H76,H77) -> 0 | I78: =IF(I77="",I76,I77) -> 0 | J78: =IF(J77="",J76,J77) -> 0 | K78: =IF(K77="",K76,K77) -> 0 | L78: =IF(L77="",L76,L77) -> 0 | M78: =IF(M77="",M76,M77) -> 0 | N78: =IF(N77="",N76,N77) -> 0 | ... P78: =IF(P77="",P76,P77) -> 0
B79: Show | E79: Thickness (default) | F79: m | G79: =_xlfn.XLOOKUP(G$37,'Assumptions - Capping'!$D$4:$H$4,'Assumptions - Capping'!$D$8:$H$8) -> 4 | H79: =_xlfn.XLOOKUP(H$37,'Assumptions - Capping'!$D$4:$H$4,'Assumptions - Capping'!$D$8:$H$8) -> 0.5 | I79: =_xlfn.XLOOKUP(I$37,'Assumptions - Capping'!$D$4:$H$4,'Assumptions - Capping'!$D$8:$H$8) -> 0.3 | J79: =_xlfn.XLOOKUP(J$37,'Assumptions - Capping'!$D$4:$H$4,'Assumptions - Capping'!$D$8:$H$8) -> 0 | K79: =_xlfn.XLOOKUP(K$37,'Assumptions - Capping'!$D$4:$H$4,'Assumptions - Capping'!$D$8:$H$8) -> 0 | L79: =_xlfn.XLOOKUP(L$37,'Assumptions - Capping'!$D$4:$H$4,'Assumptions - Capping'!$D$8:$H$8) -> 0.5 | M79: =_xlfn.XLOOKUP(M$37,'Assumptions - Capping'!$D$4:$H$4,'Assumptions - Capping'!$D$8:$H$8) -> 0.5 | N79: =_xlfn.XLOOKUP(N$37,'Assumptions - Capping'!$D$4:$H$4,'Assumptions - Capping'!$D$8:$H$8) -> 0.5 | ... P79: =_xlfn.XLOOKUP(P$37,'Assumptions - Capping'!$D$4:$H$4,'Assumptions - Capping'!$D$8:$H$8) -> 0.5
B80: Show | E80: Thickness (user over-ride) | F80: m | R80: Leave blank if accepting the default or enter same thickness as default.
B81: Show | E81: Thickness (used in calculations) | F81: m | G81: =IF(G80="",G79,G80) -> 4 | H81: =IF(H80="",H79,H80) -> 0.5 | I81: =IF(I80="",I79,I80) -> 0.3 | J81: =IF(J80="",J79,J80) -> 0 | K81: =IF(K80="",K79,K80) -> 0 | L81: =IF(L80="",L79,L80) -> 0.5 | M81: =IF(M80="",M79,M80) -> 0.5 | N81: =IF(N80="",N79,N80) -> 0.5 | ... P81: =IF(P80="",P79,P80) -> 0.5 | R81: =IF(OR(G81<G79,H81<H79,I81<I79,J81<J79,K81<K79,L81<L79,M81<M79,N81<N79,O81<O79,P81<P79),"Add justification for lower thickness.","If user enters less than default they must provide justification.") -> If user enters less than default they must provide justification.
B82: Show | E82: Volume | F82: m3 | G82: =G78*Conv_sqm_ha*G81 -> 0 | H82: =H78*Conv_sqm_ha*H81 -> 0 | I82: =I78*Conv_sqm_ha*I81 -> 0 | J82: =J78*Conv_sqm_ha*J81 -> 0 | K82: =K78*Conv_sqm_ha*K81 -> 0 | L82: =L78*Conv_sqm_ha*L81 -> 0 | M82: =M78*Conv_sqm_ha*M81 -> 0 | N82: =N78*Conv_sqm_ha*N81 -> 0 | ... P82: =P78*Conv_sqm_ha*P81 -> 0
B83: Show | C83: Shape | E83: Dozer to stockpile default rate | F83: $/m3 | G83: =IF(G79=0,0,'Cost Schedule'!$D$426) -> 0.99788584 | H83: =IF(H79=0,0,'Cost Schedule'!$D$426) -> 0.99788584 | I83: =IF(I79=0,0,'Cost Schedule'!$D$426) -> 0.99788584 | J83: =IF(J79=0,0,'Cost Schedule'!$D$426) -> 0 | K83: =IF(K79=0,0,'Cost Schedule'!$D$426) -> 0 | L83: =IF(L79=0,0,'Cost Schedule'!$D$426) -> 0.99788584 | M83: =IF(M79=0,0,'Cost Schedule'!$D$426) -> 0.99788584 | N83: =IF(N79=0,0,'Cost Schedule'!$D$426) -> 0.99788584 | ... P83: =IF(P79=0,0,'Cost Schedule'!$D$426) -> 0.99788584
B84: Show | E84: Dozer to stockpile alternate rate | F84: $/m3
B85: Show | E85: Dozer to stockpile cost | F85: $ | G85: =IF(G84="",G83,G84)*G82 -> 0 | H85: =IF(H84="",H83,H84)*H82 -> 0 | I85: =IF(I84="",I83,I84)*I82 -> 0 | J85: =IF(J84="",J83,J84)*J82 -> 0 | K85: =IF(K84="",K83,K84)*K82 -> 0 | L85: =IF(L84="",L83,L84)*L82 -> 0 | M85: =IF(M84="",M83,M84)*M82 -> 0 | N85: =IF(N84="",N83,N84)*N82 -> 0 | ... P85: =IF(P84="",P83,P84)*P82 -> 0
B86: Show | C86: Load and haul | E86: Haulage distance | F86: Select | G86: Small - Fill - >5000 m to <=6000 m | H86: Small - Fill - >5000 m to <=6000 m | I86: Small - Fill - >5000 m to <=6000 m | J86: Small - Fill - >5000 m to <=6000 m | K86: Small - Fill - >5000 m to <=6000 m | L86: Small - Fill - >5000 m to <=6000 m | M86: Small - Fill - >5000 m to <=6000 m | N86: Small - Fill - >5000 m to <=6000 m | O86: Small - Fill - >5000 m to <=6000 m | P86: Small - Fill - >5000 m to <=6000 m
B87: Show | E87: Default rate | F87: m3 | G87: =IF(G79=0,0,_xlfn.XLOOKUP(G86,Load_haul_fill_names_CS,Load_haul_fill_rates_CS)) -> 9.4868463 | H87: =IF(H79=0,0,_xlfn.XLOOKUP(H86,Load_haul_fill_names_CS,Load_haul_fill_rates_CS)) -> 9.4868463 | I87: =IF(I79=0,0,_xlfn.XLOOKUP(I86,Load_haul_fill_names_CS,Load_haul_fill_rates_CS)) -> 9.4868463 | J87: =IF(J79=0,0,_xlfn.XLOOKUP(J86,Load_haul_fill_names_CS,Load_haul_fill_rates_CS)) -> 0 | K87: =IF(K79=0,0,_xlfn.XLOOKUP(K86,Load_haul_fill_names_CS,Load_haul_fill_rates_CS)) -> 0 | L87: =IF(L79=0,0,_xlfn.XLOOKUP(L86,Load_haul_fill_names_CS,Load_haul_fill_rates_CS)) -> 9.4868463 | M87: =IF(M79=0,0,_xlfn.XLOOKUP(M86,Load_haul_fill_names_CS,Load_haul_fill_rates_CS)) -> 9.4868463 | N87: =IF(N79=0,0,_xlfn.XLOOKUP(N86,Load_haul_fill_names_CS,Load_haul_fill_rates_CS)) -> 9.4868463 | ... P87: =IF(P79=0,0,_xlfn.XLOOKUP(P86,Load_haul_fill_names_CS,Load_haul_fill_rates_CS)) -> 9.4868463
B88: Show | E88: Alternate rate | F88: $/m3
B89: Show | E89: Cost | F89: $ | G89: =IF(G88="",G87,G88)*G82 -> 0 | H89: =IF(H88="",H87,H88)*H82 -> 0 | I89: =IF(I88="",I87,I88)*I82 -> 0 | J89: =IF(J88="",J87,J88)*J82 -> 0 | K89: =IF(K88="",K87,K88)*K82 -> 0 | L89: =IF(L88="",L87,L88)*L82 -> 0 | M89: =IF(M88="",M87,M88)*M82 -> 0 | N89: =IF(N88="",N87,N88)*N82 -> 0 | ... P89: =IF(P88="",P87,P88)*P82 -> 0
B90: Show | C90: Layer trim - dozer push | E90: Dozer and push length for working layer trim | F90: m | G90: Dozer D6R - <= 20m push | H90: Dozer D6R - <= 20m push | I90: Dozer D6R - <= 20m push | J90: Dozer D6R - <= 20m push | K90: Dozer D6R - <= 20m push | L90: Dozer D6R - <= 20m push | M90: Dozer D6R - <= 20m push | N90: Dozer D6R - <= 20m push | O90: Dozer D6R - <= 20m push | P90: Dozer D6R - <= 20m push
B91: Show | E91: Unit rate | F91: $/ha | G91: =IF(G79=0,0,_xlfn.XLOOKUP(G90,Dozer_push_names_CS,Dozer_push_rates_CS)) -> 0.82325581 | H91: =IF(H79=0,0,_xlfn.XLOOKUP(H90,Dozer_push_names_CS,Dozer_push_rates_CS)) -> 0.82325581 | I91: =IF(I79=0,0,_xlfn.XLOOKUP(I90,Dozer_push_names_CS,Dozer_push_rates_CS)) -> 0.82325581 | J91: =IF(J79=0,0,_xlfn.XLOOKUP(J90,Dozer_push_names_CS,Dozer_push_rates_CS)) -> 0 | K91: =IF(K79=0,0,_xlfn.XLOOKUP(K90,Dozer_push_names_CS,Dozer_push_rates_CS)) -> 0 | L91: =IF(L79=0,0,_xlfn.XLOOKUP(L90,Dozer_push_names_CS,Dozer_push_rates_CS)) -> 0.82325581 | M91: =IF(M79=0,0,_xlfn.XLOOKUP(M90,Dozer_push_names_CS,Dozer_push_rates_CS)) -> 0.82325581 | N91: =IF(N79=0,0,_xlfn.XLOOKUP(N90,Dozer_push_names_CS,Dozer_push_rates_CS)) -> 0.82325581 | ... P91: =IF(P79=0,0,_xlfn.XLOOKUP(P90,Dozer_push_names_CS,Dozer_push_rates_CS)) -> 0.82325581
B92: Show | E92: Alternate rate | F92: $/ha
B93: Show | E93: Cost | F93: $ | G93: =IF(G92="",G91,G92)*G82 -> 0 | H93: =IF(H92="",H91,H92)*H82 -> 0 | I93: =IF(I92="",I91,I92)*I82 -> 0 | J93: =IF(J92="",J91,J92)*J82 -> 0 | K93: =IF(K92="",K91,K92)*K82 -> 0 | L93: =IF(L92="",L91,L92)*L82 -> 0 | M93: =IF(M92="",M91,M92)*M82 -> 0 | N93: =IF(N92="",N91,N92)*N82 -> 0 | ... P93: =IF(P92="",P91,P92)*P82 -> 0
B94: Show | E94: =C76 -> Construct working layer | G94: =G85+G89+G93 -> 0 | H94: =H85+H89+H93 -> 0 | I94: =I85+I89+I93 -> 0 | J94: =J85+J89+J93 -> 0 | K94: =K85+K89+K93 -> 0 | L94: =L85+L89+L93 -> 0 | M94: =M85+M89+M93 -> 0 | N94: =N85+N89+N93 -> 0 | ... P94: =P85+P89+P93 -> 0
B95: Show | C95: Construct capillary break | D95: Capillary break | E95: Area (suggested) | F95: ha | G95: =G$39 -> 0 | H95: =H$39 -> 0 | I95: =I$39 -> 0 | J95: =J$39 -> 0 | K95: =K$39 -> 0 | L95: =L$39 -> 0 | M95: =M$39 -> 0 | N95: =N$39 -> 0 | ... P95: =P$39 -> 0
B96: Show | E96: Area (user over-ride) | F96: ha
B97: Show | E97: Area (used in calculations) | F97: ha | G97: =IF(G96="",G95,G96) -> 0 | H97: =IF(H96="",H95,H96) -> 0 | I97: =IF(I96="",I95,I96) -> 0 | J97: =IF(J96="",J95,J96) -> 0 | K97: =IF(K96="",K95,K96) -> 0 | L97: =IF(L96="",L95,L96) -> 0 | M97: =IF(M96="",M95,M96) -> 0 | N97: =IF(N96="",N95,N96) -> 0 | ... P97: =IF(P96="",P95,P96) -> 0
B98: Show | E98: Thickness (default) | F98: m | G98: =_xlfn.XLOOKUP(G$37,'Assumptions - Capping'!$D$4:$H$4,'Assumptions - Capping'!$D$9:$H$9) -> 0 | H98: =_xlfn.XLOOKUP(H$37,'Assumptions - Capping'!$D$4:$H$4,'Assumptions - Capping'!$D$9:$H$9) -> 0.6 | I98: =_xlfn.XLOOKUP(I$37,'Assumptions - Capping'!$D$4:$H$4,'Assumptions - Capping'!$D$9:$H$9) -> 0.3 | J98: =_xlfn.XLOOKUP(J$37,'Assumptions - Capping'!$D$4:$H$4,'Assumptions - Capping'!$D$9:$H$9) -> 0 | K98: =_xlfn.XLOOKUP(K$37,'Assumptions - Capping'!$D$4:$H$4,'Assumptions - Capping'!$D$9:$H$9) -> 0 | L98: =_xlfn.XLOOKUP(L$37,'Assumptions - Capping'!$D$4:$H$4,'Assumptions - Capping'!$D$9:$H$9) -> 0.6 | M98: =_xlfn.XLOOKUP(M$37,'Assumptions - Capping'!$D$4:$H$4,'Assumptions - Capping'!$D$9:$H$9) -> 0.6 | N98: =_xlfn.XLOOKUP(N$37,'Assumptions - Capping'!$D$4:$H$4,'Assumptions - Capping'!$D$9:$H$9) -> 0.6 | ... P98: =_xlfn.XLOOKUP(P$37,'Assumptions - Capping'!$D$4:$H$4,'Assumptions - Capping'!$D$9:$H$9) -> 0.6
B99: Show | E99: Thickness (user over-ride) | F99: m | R99: Leave blank if accepting the default or enter same thickness as default.
B100: Show | E100: Thickness (used in calculations) | F100: m | G100: =IF(G99="",G98,G99) -> 0 | H100: =IF(H99="",H98,H99) -> 0.6 | I100: =IF(I99="",I98,I99) -> 0.3 | J100: =IF(J99="",J98,J99) -> 0 | K100: =IF(K99="",K98,K99) -> 0 | L100: =IF(L99="",L98,L99) -> 0.6 | M100: =IF(M99="",M98,M99) -> 0.6 | N100: =IF(N99="",N98,N99) -> 0.6 | ... P100: =IF(P99="",P98,P99) -> 0.6 | R100: =IF(OR(G100<G98,H100<H98,I100<I98,J100<J98,K100<K98,L100<L98,M100<M98,N100<N98,O100<O98,P100<P98),"Add justification for lower thickness.","If user enters less than default they must provide justification.") -> If user enters less than default they must provide justification.
B101: Show | E101: Volume | F101: m3 | G101: =G97*Conv_sqm_ha*G100 -> 0 | H101: =H97*Conv_sqm_ha*H100 -> 0 | I101: =I97*Conv_sqm_ha*I100 -> 0 | J101: =J97*Conv_sqm_ha*J100 -> 0 | K101: =K97*Conv_sqm_ha*K100 -> 0 | L101: =L97*Conv_sqm_ha*L100 -> 0 | M101: =M97*Conv_sqm_ha*M100 -> 0 | N101: =N97*Conv_sqm_ha*N100 -> 0 | ... P101: =P97*Conv_sqm_ha*P100 -> 0
B102: Show | C102: Stockpile material | E102: Dozer to stockpile default rate | F102: $/m3 | G102: =IF(G100=0,0,'Cost Schedule'!$D$440) -> 0 | H102: =IF(H100=0,0,'Cost Schedule'!$D$440) -> 0.78645559 | I102: =IF(I100=0,0,'Cost Schedule'!$D$440) -> 0.78645559 | J102: =IF(J100=0,0,'Cost Schedule'!$D$440) -> 0 | K102: =IF(K100=0,0,'Cost Schedule'!$D$440) -> 0 | L102: =IF(L100=0,0,'Cost Schedule'!$D$440) -> 0.78645559 | M102: =IF(M100=0,0,'Cost Schedule'!$D$440) -> 0.78645559 | N102: =IF(N100=0,0,'Cost Schedule'!$D$440) -> 0.78645559 | ... P102: =IF(P100=0,0,'Cost Schedule'!$D$440) -> 0.78645559
...

Sheet Water Management Areas
C2: =Name_main -> Rehabilitation Cost Estimate Tool - Mining New South Wales
C3: =CONCATENATE(CompanyName," - ",Mine_Name) -> Boral Cement - Marulan South Limestone Mine
C4: Total RCE | D4: =Grand_total -> 27655414
C5: Water Management Area | D5: =SUM(H6:Q6) -> 143675.76 | E5: RCE Summary
G6: Total cost | H6: =H45+H51+H61+H67+H72+H77+H111+H124+H141+H164+H181+H212+H218+H224 -> 37410.22 | I6: =I45+I51+I61+I67+I72+I77+I111+I124+I141+I164+I181+I212+I218+I224 -> 11785.763 | J6: =J45+J51+J61+J67+J72+J77+J111+J124+J141+J164+J181+J212+J218+J224 -> 11785.763 | K6: =K45+K51+K61+K67+K72+K77+K111+K124+K141+K164+K181+K212+K218+K224 -> 2716.0659 | L6: =L45+L51+L61+L67+L72+L77+L111+L124+L141+L164+L181+L212+L218+L224 -> 79977.947 | M6: =M45+M51+M61+M67+M72+M77+M111+M124+M141+M164+M181+M212+M218+M224 -> 0 | N6: =N45+N51+N61+N67+N72+N77+N111+N124+N141+N164+N181+N212+N218+N224 -> 0 | O6: =O45+O51+O61+O67+O72+O77+O111+O124+O141+O164+O181+O212+O218+O224 -> 0 | ... Q6: =Q45+Q51+Q61+Q67+Q72+Q77+Q111+Q124+Q141+Q164+Q181+Q212+Q218+Q224 -> 0
C7: For each column, the user enters quantities to either this table or the user build table below. Quantities should not be entered to both. The table directly below is default rates.
C8: Activity | D8: Element | E8: Quantity Name | F8: Unit | G8: Defaults | H8: Kiln Dam | I8: BMD Dam | J8: Closed Catchement Dam | K8: Blue Lagoon | L8: Main Gully ponds | M8: Enter Name | N8: Enter Name | O8: Enter Name | P8: Enter Name | Q8: Enter Name | R8: User Notes (including justification for alternate rates) | S8: Department Notes
C9: Notes | S9: This is an optional field that can be used by large mines to identify the location of the relevant feature. Large mines should populate the GIS Reference field with the Object ID number of the relevant feature from the spatial data submitted to the Mine Rehabilitation Portal. (Note: this is not required for small mines).
C10: GIS | D10: Dams in column | E10: GIS reference / Object ID | H10: Kiln Dam | I10: BMD dam | J10: Closed Catchement Dam | K10: Blue Lagoon | S10: This is an optional field that can be used by large mines to identify the location of the relevant feature. Large mines should populate the GIS Reference field with the Object ID number of the relevant feature from the spatial data submitted to the Mine Rehabilitation Portal. (Note: this is not required for small mines).
C11: Decommission and rehabilitate ponds (defaults) | D11: Dams selected | E11: Select dam | F11: Select | H11: Clean Water Retained - Small | I11: Dam raw Pasture >50 to <=100 ML | J11: Dam raw Pasture >50 to <=100 ML | K11: Dam raw Pasture >50 to <=100 ML | L11: Dam raw Pasture >50 to <=100 ML | M11: Dam raw Pasture >50 to <=100 ML | N11: Dam raw Pasture >50 to <=100 ML | O11: Dam raw Pasture >50 to <=100 ML | P11: Dam raw Pasture >50 to <=100 ML | Q11: Dam raw Pasture >50 to <=100 ML
E12: Default rate | F12: $/ha | H12: =_xlfn.XLOOKUP(H11,Dam_names_CS,Dam_rates_CS) -> 2716.0659 | I12: =_xlfn.XLOOKUP(I11,Dam_names_CS,Dam_rates_CS) -> 490051.52 | J12: =_xlfn.XLOOKUP(J11,Dam_names_CS,Dam_rates_CS) -> 490051.52 | K12: =_xlfn.XLOOKUP(K11,Dam_names_CS,Dam_rates_CS) -> 490051.52 | L12: =_xlfn.XLOOKUP(L11,Dam_names_CS,Dam_rates_CS) -> 490051.52 | M12: =_xlfn.XLOOKUP(M11,Dam_names_CS,Dam_rates_CS) -> 490051.52 | N12: =_xlfn.XLOOKUP(N11,Dam_names_CS,Dam_rates_CS) -> 490051.52 | O12: =_xlfn.XLOOKUP(O11,Dam_names_CS,Dam_rates_CS) -> 490051.52 | ... Q12: =_xlfn.XLOOKUP(Q11,Dam_names_CS,Dam_rates_CS) -> 490051.52
E13: Alternate rate | F13: $/ha
E14: Number of dams in category (defaults only) | F14: #
E15: Cost | F15: $ | H15: =IF(H13="",H12,H13)*H14 -> 0 | I15: =IF(I13="",I12,I13)*I14 -> 0 | J15: =IF(J13="",J12,J13)*J14 -> 0 | K15: =IF(K13="",K12,K13)*K14 -> 0 | L15: =IF(L13="",L12,L13)*L14 -> 0 | M15: =IF(M13="",M12,M13)*M14 -> 0 | N15: =IF(N13="",N12,N13)*N14 -> 0 | O15: =IF(O13="",O12,O13)*O14 -> 0 | ... Q15: =IF(Q13="",Q12,Q13)*Q14 -> 0
D16: Process water | E16: Select dam | F16: Select | H16: Dam process Arid >3.5 to <=7.5 ML | I16: Dam process Arid >3.5 to <=7.5 ML | J16: Dam process Arid >3.5 to <=7.5 ML | K16: Dam process Arid >3.5 to <=7.5 ML | L16: Dam process Arid >3.5 to <=7.5 ML | M16: Dam process Arid >3.5 to <=7.5 ML | N16: Dam process Arid >3.5 to <=7.5 ML | O16: Dam process Arid >3.5 to <=7.5 ML | P16: Dam process Arid >3.5 to <=7.5 ML | Q16: Dam process Arid >3.5 to <=7.5 ML
E17: Default rate | F17: $/ha | H17: =_xlfn.XLOOKUP(H16,Dam_process_names_CS,Dam_process_rates_CS) -> 43873.101 | I17: =_xlfn.XLOOKUP(I16,Dam_process_names_CS,Dam_process_rates_CS) -> 43873.101 | J17: =_xlfn.XLOOKUP(J16,Dam_process_names_CS,Dam_process_rates_CS) -> 43873.101 | K17: =_xlfn.XLOOKUP(K16,Dam_process_names_CS,Dam_process_rates_CS) -> 43873.101 | L17: =_xlfn.XLOOKUP(L16,Dam_process_names_CS,Dam_process_rates_CS) -> 43873.101 | M17: =_xlfn.XLOOKUP(M16,Dam_process_names_CS,Dam_process_rates_CS) -> 43873.101 | N17: =_xlfn.XLOOKUP(N16,Dam_process_names_CS,Dam_process_rates_CS) -> 43873.101 | O17: =_xlfn.XLOOKUP(O16,Dam_process_names_CS,Dam_process_rates_CS) -> 43873.101 | ... Q17: =_xlfn.XLOOKUP(Q16,Dam_process_names_CS,Dam_process_rates_CS) -> 43873.101
E18: Alternate rate | F18: $/ha
E19: Number of dams in category (defaults only) | F19: #
E20: Cost | F20: $ | H20: =IF(H18="",H17,H18)*H19 -> 0 | I20: =IF(I18="",I17,I18)*I19 -> 0 | J20: =IF(J18="",J17,J18)*J19 -> 0 | K20: =IF(K18="",K17,K18)*K19 -> 0 | L20: =IF(L18="",L17,L18)*L19 -> 0 | M20: =IF(M18="",M17,M18)*M19 -> 0 | N20: =IF(N18="",N17,N18)*N19 -> 0 | O20: =IF(O18="",O17,O18)*O19 -> 0 | ... Q20: =IF(Q18="",Q17,Q18)*Q19 -> 0
D21: Raw water dam | E21: Select dam | F21: Select | H21: Dam raw Pasture >3.5 to <=7.5 ML | I21: Dam raw Pasture >3.5 to <=7.5 ML | J21: Dam raw Pasture >3.5 to <=7.5 ML | K21: Dam raw Pasture >3.5 to <=7.5 ML | L21: Dam raw Pasture >3.5 to <=7.5 ML | M21: Dam raw Pasture >3.5 to <=7.5 ML | N21: Dam raw Pasture >3.5 to <=7.5 ML | O21: Dam raw Pasture >3.5 to <=7.5 ML | P21: Dam raw Pasture >3.5 to <=7.5 ML | Q21: Dam raw Pasture >3.5 to <=7.5 ML
E22: Number of dams in category (defaults only) | F22: #
E23: Default rate | F23: $/ha | H23: =_xlfn.XLOOKUP(H21,Dam_raw_names_CS,Dam_raw_rates_CS) -> 44919.286 | I23: =_xlfn.XLOOKUP(I21,Dam_raw_names_CS,Dam_raw_rates_CS) -> 44919.286 | J23: =_xlfn.XLOOKUP(J21,Dam_raw_names_CS,Dam_raw_rates_CS) -> 44919.286 | K23: =_xlfn.XLOOKUP(K21,Dam_raw_names_CS,Dam_raw_rates_CS) -> 44919.286 | L23: =_xlfn.XLOOKUP(L21,Dam_raw_names_CS,Dam_raw_rates_CS) -> 44919.286 | M23: =_xlfn.XLOOKUP(M21,Dam_raw_names_CS,Dam_raw_rates_CS) -> 44919.286 | N23: =_xlfn.XLOOKUP(N21,Dam_raw_names_CS,Dam_raw_rates_CS) -> 44919.286 | O23: =_xlfn.XLOOKUP(O21,Dam_raw_names_CS,Dam_raw_rates_CS) -> 44919.286 | ... Q23: =_xlfn.XLOOKUP(Q21,Dam_raw_names_CS,Dam_raw_rates_CS) -> 44919.286
E24: Alternate rate | F24: $/ha
E25: Cost | F25: $ | H25: =IF(H24="",H23,H24)*H22 -> 0 | I25: =IF(I24="",I23,I24)*I22 -> 0 | J25: =IF(J24="",J23,J24)*J22 -> 0 | K25: =IF(K24="",K23,K24)*K22 -> 0 | L25: =IF(L24="",L23,L24)*L22 -> 0 | M25: =IF(M24="",M23,M24)*M22 -> 0 | N25: =IF(N24="",N23,N24)*N22 -> 0 | O25: =IF(O24="",O23,O24)*O22 -> 0 | ... Q25: =IF(Q24="",Q23,Q24)*Q22 -> 0
D26: Evaporation dam | E26: Select dam | F26: Select | H26: Dam evaporation Native >50 to <=100 ML | I26: Dam evaporation Native >50 to <=100 ML | J26: Dam evaporation Native >50 to <=100 ML | K26: Dam evaporation Native >50 to <=100 ML | L26: Dam evaporation Native >50 to <=100 ML | M26: Dam evaporation Native >50 to <=100 ML | N26: Dam evaporation Native >50 to <=100 ML | O26: Dam evaporation Native >50 to <=100 ML | P26: Dam evaporation Native >50 to <=100 ML | Q26: Dam evaporation Native >50 to <=100 ML
E27: Number of dams in category (defaults only) | F27: #
E28: Default rate | F28: $/ha | H28: =_xlfn.XLOOKUP(H26,Dam_evap_names_CS,Dam_evap_rates_CS) -> 399554.71 | I28: =_xlfn.XLOOKUP(I26,Dam_evap_names_CS,Dam_evap_rates_CS) -> 399554.71 | J28: =_xlfn.XLOOKUP(J26,Dam_evap_names_CS,Dam_evap_rates_CS) -> 399554.71 | K28: =_xlfn.XLOOKUP(K26,Dam_evap_names_CS,Dam_evap_rates_CS) -> 399554.71 | L28: =_xlfn.XLOOKUP(L26,Dam_evap_names_CS,Dam_evap_rates_CS) -> 399554.71 | M28: =_xlfn.XLOOKUP(M26,Dam_evap_names_CS,Dam_evap_rates_CS) -> 399554.71 | N28: =_xlfn.XLOOKUP(N26,Dam_evap_names_CS,Dam_evap_rates_CS) -> 399554.71 | O28: =_xlfn.XLOOKUP(O26,Dam_evap_names_CS,Dam_evap_rates_CS) -> 399554.71 | ... Q28: =_xlfn.XLOOKUP(Q26,Dam_evap_names_CS,Dam_evap_rates_CS) -> 399554.71
E29: Alternate rate | F29: $/ha
E30: Cost | F30: $ | H30: =IF(H29="",H28,H29)*H27 -> 0 | I30: =IF(I29="",I28,I29)*I27 -> 0 | J30: =IF(J29="",J28,J29)*J27 -> 0 | K30: =IF(K29="",K28,K29)*K27 -> 0 | L30: =IF(L29="",L28,L29)*L27 -> 0 | M30: =IF(M29="",M28,M29)*M27 -> 0 | N30: =IF(N29="",N28,N29)*N27 -> 0 | O30: =IF(O29="",O28,O29)*O27 -> 0 | ... Q30: =IF(Q29="",Q28,Q29)*Q27 -> 0
C31: Refurbishment for retention | D31: Clean water dam | E31: Select dam | F31: Select | H31: Clean Water Retained - Large | I31: Clean Water Retained - Large | J31: Clean Water Retained - Large | K31: Clean Water Retained - Small | L31: Clean Water Retained - Small | M31: Clean Water Retained - Small | N31: Clean Water Retained - Small | O31: Clean Water Retained - Small | P31: Clean Water Retained - Small | Q31: Clean Water Retained - Small
E32: Number of dams in category (defaults only) | F32: # | H32: 1 | I32: 1 | J32: 1 | K32: 1 | L32: 3
E33: Default rate | F33: $/ha | H33: =_xlfn.XLOOKUP(H31, Clean_water_retained_names_CS,Clean_water_retained_rates_CS) -> 11785.763 | I33: =_xlfn.XLOOKUP(I31, Clean_water_retained_names_CS,Clean_water_retained_rates_CS) -> 11785.763 | J33: =_xlfn.XLOOKUP(J31, Clean_water_retained_names_CS,Clean_water_retained_rates_CS) -> 11785.763 | K33: =_xlfn.XLOOKUP(K31, Clean_water_retained_names_CS,Clean_water_retained_rates_CS) -> 2716.0659 | L33: =_xlfn.XLOOKUP(L31, Clean_water_retained_names_CS,Clean_water_retained_rates_CS) -> 2716.0659 | M33: =_xlfn.XLOOKUP(M31, Clean_water_retained_names_CS,Clean_water_retained_rates_CS) -> 2716.0659 | N33: =_xlfn.XLOOKUP(N31, Clean_water_retained_names_CS,Clean_water_retained_rates_CS) -> 2716.0659 | O33: =_xlfn.XLOOKUP(O31, Clean_water_retained_names_CS,Clean_water_retained_rates_CS) -> 2716.0659 | ... Q33: =_xlfn.XLOOKUP(Q31, Clean_water_retained_names_CS,Clean_water_retained_rates_CS) -> 2716.0659
E34: Alternate rate | F34: $/ha
E35: Cost | F35: $ | H35: =IF(H34="",H33,H34)*H32 -> 11785.763 | I35: =IF(I34="",I33,I34)*I32 -> 11785.763 | J35: =IF(J34="",J33,J34)*J32 -> 11785.763 | K35: =IF(K34="",K33,K34)*K32 -> 2716.0659 | L35: =IF(L34="",L33,L34)*L32 -> 8148.1978 | M35: =IF(M34="",M33,M34)*M32 -> 0 | N35: =IF(N34="",N33,N34)*N32 -> 0 | O35: =IF(O34="",O33,O34)*O32 -> 0 | ... Q35: =IF(Q34="",Q33,Q34)*Q32 -> 0
C36: Remove sediment to make clean water | D36: Dam | E36: Load and haul | F36: Select | H36: Remove sediment and haul <= 1 km | I36: Remove sediment and haul <= 1 km | J36: Remove sediment and haul <= 1 km | K36: Remove sediment and haul <= 1 km | L36: Remove sediment and haul <= 1 km | M36: Remove sediment and haul <= 1 km | N36: Remove sediment and haul <= 1 km | O36: Remove sediment and haul <= 1 km | P36: Remove sediment and haul <= 1 km | Q36: Remove sediment and haul <= 1 km
E37: Total volume from all dams in column | F37: m3 | L37: =+(0.46+0.095+0.104)*2*10000 -> 13180
E38: Default rate | F38: $/m3 | H38: =_xlfn.XLOOKUP(H36,Remove_sediment_and_haul_names_CS,Remove_sediment_and_haul_rates_CS) -> 5.4499051 | I38: =_xlfn.XLOOKUP(I36,Remove_sediment_and_haul_names_CS,Remove_sediment_and_haul_rates_CS) -> 5.4499051 | J38: =_xlfn.XLOOKUP(J36,Remove_sediment_and_haul_names_CS,Remove_sediment_and_haul_rates_CS) -> 5.4499051 | K38: =_xlfn.XLOOKUP(K36,Remove_sediment_and_haul_names_CS,Remove_sediment_and_haul_rates_CS) -> 5.4499051 | L38: =_xlfn.XLOOKUP(L36,Remove_sediment_and_haul_names_CS,Remove_sediment_and_haul_rates_CS) -> 5.4499051 | M38: =_xlfn.XLOOKUP(M36,Remove_sediment_and_haul_names_CS,Remove_sediment_and_haul_rates_CS) -> 5.4499051 | N38: =_xlfn.XLOOKUP(N36,Remove_sediment_and_haul_names_CS,Remove_sediment_and_haul_rates_CS) -> 5.4499051 | O38: =_xlfn.XLOOKUP(O36,Remove_sediment_and_haul_names_CS,Remove_sediment_and_haul_rates_CS) -> 5.4499051 | ... Q38: =_xlfn.XLOOKUP(Q36,Remove_sediment_and_haul_names_CS,Remove_sediment_and_haul_rates_CS) -> 5.4499051
E39: Alternate rate | F39: $/m3
E40: Cost | F40: $ | H40: =IF(H39="",H38,H39)*H37 -> 0 | I40: =IF(I39="",I38,I39)*I37 -> 0 | J40: =IF(J39="",J38,J39)*J37 -> 0 | K40: =IF(K39="",K38,K39)*K37 -> 0 | L40: =IF(L39="",L38,L39)*L37 -> 71829.749 | M40: =IF(M39="",M38,M39)*M37 -> 0 | N40: =IF(N39="",N38,N39)*N37 -> 0 | O40: =IF(O39="",O38,O39)*O37 -> 0 | ... Q40: =IF(Q39="",Q38,Q39)*Q37 -> 0
C41: Remove pontoon | D41: Dam | E41: Quantity | F41: # | H41: 1
E42: Default rate | F42: $/unit | H42: ='Cost Schedule'!$D$203 -> 25624.456 | I42: ='Cost Schedule'!$D$203 -> 25624.456 | J42: ='Cost Schedule'!$D$203 -> 25624.456 | K42: ='Cost Schedule'!$D$203 -> 25624.456 | L42: ='Cost Schedule'!$D$203 -> 25624.456 | M42: ='Cost Schedule'!$D$203 -> 25624.456 | N42: ='Cost Schedule'!$D$203 -> 25624.456 | O42: ='Cost Schedule'!$D$203 -> 25624.456 | ... Q42: ='Cost Schedule'!$D$203 -> 25624.456
E43: Alternate rate | F43: $/unit
E44: Cost | F44: $ | H44: =IF(H43="",H42,H43)*H41 -> 25624.456 | I44: =IF(I43="",I42,I43)*I41 -> 0 | J44: =IF(J43="",J42,J43)*J41 -> 0 | K44: =IF(K43="",K42,K43)*K41 -> 0 | L44: =IF(L43="",L42,L43)*L41 -> 0 | M44: =IF(M43="",M42,M43)*M41 -> 0 | N44: =IF(N43="",N42,N43)*N41 -> 0 | O44: =IF(O43="",O42,O43)*O41 -> 0 | ... Q44: =IF(Q43="",Q42,Q43)*Q41 -> 0
E45: =C11 -> Decommission and rehabilitate ponds (defaults) | F45: $ | H45: =H15+H20+H25+H30+H35+H40+H44 -> 37410.22 | I45: =I15+I20+I25+I30+I35+I40+I44 -> 11785.763 | J45: =J15+J20+J25+J30+J35+J40+J44 -> 11785.763 | K45: =K15+K20+K25+K30+K35+K40+K44 -> 2716.0659 | L45: =L15+L20+L25+L30+L35+L40+L44 -> 79977.947 | M45: =M15+M20+M25+M30+M35+M40+M44 -> 0 | N45: =N15+N20+N25+N30+N35+N40+N44 -> 0 | O45: =O15+O20+O25+O30+O35+O40+O44 -> 0 | ... Q45: =Q15+Q20+Q25+Q30+Q35+Q40+Q44 -> 0
C46: Water Load and Transport | D46: Water from dams | E46: Distance | F46: km | H46: 20 to 25 km | I46: 15 to 20 km | J46: 15 to 20 km | K46: 15 to 20 km | L46: 15 to 20 km | M46: 15 to 20 km | N46: 15 to 20 km | O46: 15 to 20 km | P46: 15 to 20 km | Q46: 15 to 20 km
E47: Default rate | F47: $/kL-km | H47: =_xlfn.XLOOKUP(H46,Load_and_haul_water_names_CS,Load_and_haul_water_rates_CS) -> 1.7647215 | I47: =_xlfn.XLOOKUP(I46,Load_and_haul_water_names_CS,Load_and_haul_water_rates_CS) -> 2.2742178 | J47: =_xlfn.XLOOKUP(J46,Load_and_haul_water_names_CS,Load_and_haul_water_rates_CS) -> 2.2742178 | K47: =_xlfn.XLOOKUP(K46,Load_and_haul_water_names_CS,Load_and_haul_water_rates_CS) -> 2.2742178 | L47: =_xlfn.XLOOKUP(L46,Load_and_haul_water_names_CS,Load_and_haul_water_rates_CS) -> 2.2742178 | M47: =_xlfn.XLOOKUP(M46,Load_and_haul_water_names_CS,Load_and_haul_water_rates_CS) -> 2.2742178 | N47: =_xlfn.XLOOKUP(N46,Load_and_haul_water_names_CS,Load_and_haul_water_rates_CS) -> 2.2742178 | O47: =_xlfn.XLOOKUP(O46,Load_and_haul_water_names_CS,Load_and_haul_water_rates_CS) -> 2.2742178 | ... Q47: =_xlfn.XLOOKUP(Q46,Load_and_haul_water_names_CS,Load_and_haul_water_rates_CS) -> 2.2742178
E48: Alternate rate | F48: $/kL-km
E49: Volume to transport | F49: kL
E50: Cost | F50: $ | H50: =IF(H48="",H47,H48)*H47*H49*_xlfn.XLOOKUP(H46,Long_haul_distance_names_L,Long_haul_distances_average_L) -> 0 | I50: =IF(I48="",I47,I48)*I47*I49*_xlfn.XLOOKUP(I46,Long_haul_distance_names_L,Long_haul_distances_average_L) -> 0 | J50: =IF(J48="",J47,J48)*J47*J49*_xlfn.XLOOKUP(J46,Long_haul_distance_names_L,Long_haul_distances_average_L) -> 0 | K50: =IF(K48="",K47,K48)*K47*K49*_xlfn.XLOOKUP(K46,Long_haul_distance_names_L,Long_haul_distances_average_L) -> 0 | L50: =IF(L48="",L47,L48)*L47*L49*_xlfn.XLOOKUP(L46,Long_haul_distance_names_L,Long_haul_distances_average_L) -> 0 | M50: =IF(M48="",M47,M48)*M47*M49*_xlfn.XLOOKUP(M46,Long_haul_distance_names_L,Long_haul_distances_average_L) -> 0 | N50: =IF(N48="",N47,N48)*N47*N49*_xlfn.XLOOKUP(N46,Long_haul_distance_names_L,Long_haul_distances_average_L) -> 0 | O50: =IF(O48="",O47,O48)*O47*O49*_xlfn.XLOOKUP(O46,Long_haul_distance_names_L,Long_haul_distances_average_L) -> 0 | ... Q50: =IF(Q48="",Q47,Q48)*Q47*Q49*_xlfn.XLOOKUP(Q46,Long_haul_distance_names_L,Long_haul_distances_average_L) -> 0
E51: =C46 -> Water Load and Transport | F51: $ | H51: =H50 -> 0 | I51: =I50 -> 0 | J51: =J50 -> 0 | K51: =K50 -> 0 | L51: =L50 -> 0 | M51: =M50 -> 0 | N51: =N50 -> 0 | O51: =O50 -> 0 | ... Q51: =Q50 -> 0
C52: Load, haul and dispose brine | D52: Brine from dams | E52: Distance | F52: km | H52: 20 to 25 km | I52: 20 to 25 km | J52: 20 to 25 km | K52: 20 to 25 km | L52: 20 to 25 km | M52: 20 to 25 km | N52: 20 to 25 km | O52: 20 to 25 km | P52: 20 to 25 km | Q52: 20 to 25 km
E53: Default rate | F53: $/kL-km | H53: =_xlfn.XLOOKUP(H52,Load_haul_brine_names_CS,Load_haul_brine_rates_CS) -> 2.1176658 | I53: =_xlfn.XLOOKUP(I52,Load_haul_brine_names_CS,Load_haul_brine_rates_CS) -> 2.1176658 | J53: =_xlfn.XLOOKUP(J52,Load_haul_brine_names_CS,Load_haul_brine_rates_CS) -> 2.1176658 | K53: =_xlfn.XLOOKUP(K52,Load_haul_brine_names_CS,Load_haul_brine_rates_CS) -> 2.1176658 | L53: =_xlfn.XLOOKUP(L52,Load_haul_brine_names_CS,Load_haul_brine_rates_CS) -> 2.1176658 | M53: =_xlfn.XLOOKUP(M52,Load_haul_brine_names_CS,Load_haul_brine_rates_CS) -> 2.1176658 | N53: =_xlfn.XLOOKUP(N52,Load_haul_brine_names_CS,Load_haul_brine_rates_CS) -> 2.1176658 | O53: =_xlfn.XLOOKUP(O52,Load_haul_brine_names_CS,Load_haul_brine_rates_CS) -> 2.1176658 | ... Q53: =_xlfn.XLOOKUP(Q52,Load_haul_brine_names_CS,Load_haul_brine_rates_CS) -> 2.1176658
E54: Alternate rate | F54: $/kL-km
E55: Volume to transport | F55: kL
E56: Cost | F56: $ | H56: =IF(H54="",H53,H54)*H53*H55*_xlfn.XLOOKUP(H52,Long_haul_distance_names_L,Long_haul_distances_average_L) -> 0 | I56: =IF(I54="",I53,I54)*I53*I55*_xlfn.XLOOKUP(I52,Long_haul_distance_names_L,Long_haul_distances_average_L) -> 0 | J56: =IF(J54="",J53,J54)*J53*J55*_xlfn.XLOOKUP(J52,Long_haul_distance_names_L,Long_haul_distances_average_L) -> 0 | K56: =IF(K54="",K53,K54)*K53*K55*_xlfn.XLOOKUP(K52,Long_haul_distance_names_L,Long_haul_distances_average_L) -> 0 | L56: =IF(L54="",L53,L54)*L53*L55*_xlfn.XLOOKUP(L52,Long_haul_distance_names_L,Long_haul_distances_average_L) -> 0 | M56: =IF(M54="",M53,M54)*M53*M55*_xlfn.XLOOKUP(M52,Long_haul_distance_names_L,Long_haul_distances_average_L) -> 0 | N56: =IF(N54="",N53,N54)*N53*N55*_xlfn.XLOOKUP(N52,Long_haul_distance_names_L,Long_haul_distances_average_L) -> 0 | O56: =IF(O54="",O53,O54)*O53*O55*_xlfn.XLOOKUP(O52,Long_haul_distance_names_L,Long_haul_distances_average_L) -> 0 | ... Q56: =IF(Q54="",Q53,Q54)*Q53*Q55*_xlfn.XLOOKUP(Q52,Long_haul_distance_names_L,Long_haul_distances_average_L) -> 0
C57: Dispose brine | D57: Brine from dams | E57: Default rate | F57: $/kL | H57: =Brine_disposal_rate -> 324.14654 | I57: =Brine_disposal_rate -> 324.14654 | J57: =Brine_disposal_rate -> 324.14654 | K57: =Brine_disposal_rate -> 324.14654 | L57: =Brine_disposal_rate -> 324.14654 | M57: =Brine_disposal_rate -> 324.14654 | N57: =Brine_disposal_rate -> 324.14654 | O57: =Brine_disposal_rate -> 324.14654 | ... Q57: =Brine_disposal_rate -> 324.14654
E58: Alternate rate | F58: $/kL
E59: Volume to dispose | F59: kL
E60: Cost | F60: $ | H60: =IF(H58="",H57,H58)*H59 -> 0 | I60: =IF(I58="",I57,I58)*I59 -> 0 | J60: =IF(J58="",J57,J58)*J59 -> 0 | K60: =IF(K58="",K57,K58)*K59 -> 0 | L60: =IF(L58="",L57,L58)*L59 -> 0 | M60: =IF(M58="",M57,M58)*M59 -> 0 | N60: =IF(N58="",N57,N58)*N59 -> 0 | O60: =IF(O58="",O57,O58)*O59 -> 0 | ... Q60: =IF(Q58="",Q57,Q58)*Q59 -> 0
E61: =C52 -> Load, haul and dispose brine | F61: $ | H61: =H56+H60 -> 0 | I61: =I56+I60 -> 0 | J61: =J56+J60 -> 0 | K61: =K56+K60 -> 0 | L61: =L56+L60 -> 0 | M61: =M56+M60 -> 0 | N61: =N56+N60 -> 0 | O61: =O56+O60 -> 0 | ... Q61: =Q56+Q60 -> 0
C62: Treat water | D62: Volume of water | E62: Method | H62: Water Treatment - Salinity | I62: Water Treatment - Low pH | J62: Water Treatment - Low pH | K62: Water Treatment - Low pH | L62: Water Treatment - Low pH | M62: Water Treatment - Low pH | N62: Water Treatment - Low pH | O62: Water Treatment - Low pH | P62: Water Treatment - Low pH | Q62: Water Treatment - Low pH
E63: Default rate | F63: $/ML | H63: =_xlfn.XLOOKUP(H62,Water_treatment_names_CS,Water_treatment_rates_CS) -> 4923.0089 | I63: =_xlfn.XLOOKUP(I62,Water_treatment_names_CS,Water_treatment_rates_CS) -> 3546.7689 | J63: =_xlfn.XLOOKUP(J62,Water_treatment_names_CS,Water_treatment_rates_CS) -> 3546.7689 | K63: =_xlfn.XLOOKUP(K62,Water_treatment_names_CS,Water_treatment_rates_CS) -> 3546.7689 | L63: =_xlfn.XLOOKUP(L62,Water_treatment_names_CS,Water_treatment_rates_CS) -> 3546.7689 | M63: =_xlfn.XLOOKUP(M62,Water_treatment_names_CS,Water_treatment_rates_CS) -> 3546.7689 | N63: =_xlfn.XLOOKUP(N62,Water_treatment_names_CS,Water_treatment_rates_CS) -> 3546.7689 | O63: =_xlfn.XLOOKUP(O62,Water_treatment_names_CS,Water_treatment_rates_CS) -> 3546.7689 | ... Q63: =_xlfn.XLOOKUP(Q62,Water_treatment_names_CS,Water_treatment_rates_CS) -> 3546.7689
E64: Alternate rate | F64: $/ML
E65: Volume to treat | F65: ML
E66: Cost | F66: $ | H66: =IF(H64="",H63,H64)*H65 -> 0 | I66: =IF(I64="",I63,I64)*I65 -> 0 | J66: =IF(J64="",J63,J64)*J65 -> 0 | K66: =IF(K64="",K63,K64)*K65 -> 0 | L66: =IF(L64="",L63,L64)*L65 -> 0 | M66: =IF(M64="",M63,M64)*M65 -> 0 | N66: =IF(N64="",N63,N64)*N65 -> 0 | O66: =IF(O64="",O63,O64)*O65 -> 0 | ... Q66: =IF(Q64="",Q63,Q64)*Q65 -> 0
E67: =C62 -> Treat water | F67: $ | H67: =H66 -> 0 | I67: =I66 -> 0 | J67: =J66 -> 0 | K67: =K66 -> 0 | L67: =L66 -> 0 | M67: =M66 -> 0 | N67: =N66 -> 0 | O67: =O66 -> 0 | ... Q67: =Q66 -> 0
C68: Decommission water treatment plants | D68: Water treatment plant (desalination) | E68: Quantity | F68: ML/day
E69: Default rate | F69: $/ML | H69: ='Cost Schedule'!$D$1112 -> 16251.016 | I69: ='Cost Schedule'!$D$1112 -> 16251.016 | J69: ='Cost Schedule'!$D$1112 -> 16251.016 | K69: ='Cost Schedule'!$D$1112 -> 16251.016 | L69: ='Cost Schedule'!$D$1112 -> 16251.016 | M69: ='Cost Schedule'!$D$1112 -> 16251.016 | N69: ='Cost Schedule'!$D$1112 -> 16251.016 | O69: ='Cost Schedule'!$D$1112 -> 16251.016 | ... Q69: ='Cost Schedule'!$D$1112 -> 16251.016
E70: Alternate rate | F70: $/ML
E71: Cost | F71: $ | H71: =IF(AND(H68>0,H68<1),'Cost Schedule'!$D$1113,IF(H70="",H69,H70)*H68) -> 0 | I71: =IF(AND(I68>0,I68<1),'Cost Schedule'!$D$1113,IF(I70="",I69,I70)*I68) -> 0 | J71: =IF(AND(J68>0,J68<1),'Cost Schedule'!$D$1113,IF(J70="",J69,J70)*J68) -> 0 | K71: =IF(AND(K68>0,K68<1),'Cost Schedule'!$D$1113,IF(K70="",K69,K70)*K68) -> 0 | L71: =IF(AND(L68>0,L68<1),'Cost Schedule'!$D$1113,IF(L70="",L69,L70)*L68) -> 0 | M71: =IF(AND(M68>0,M68<1),'Cost Schedule'!$D$1113,IF(M70="",M69,M70)*M68) -> 0 | N71: =IF(AND(N68>0,N68<1),'Cost Schedule'!$D$1113,IF(N70="",N69,N70)*N68) -> 0 | O71: =IF(AND(O68>0,O68<1),'Cost Schedule'!$D$1113,IF(O70="",O69,O70)*O68) -> 0 | ... Q71: =IF(AND(Q68>0,Q68<1),'Cost Schedule'!$D$1113,IF(Q70="",Q69,Q70)*Q68) -> 0
